Workbook

Sheet MAESTRO
A1: N° | B1: PRECEDENCIA | C1: FUENTE | D1: TRATAMIENTO | E1: TRIBUNA | F1: NOMBRE COMPLETO | G1: NOMBRE | H1: APE. P. | I1: APE. M. | J1: AST. | K1: CARGO | L1: OBSERVACIONES | M1: TRIBUNA BASE | N1: DISTRIBUYE | O1: SEMAFORO | P1: ASIENTO
A2: =IF(COUNTA(C2:K2)=0,"",ROW()-1) -> 1 | B2: =IF($F2<>"",$A2,"") -> 1 | C2: OPA | D2: Su Excelencia | E2: =IF(UPPER($J2)="NO","",$M2) -> VIP | F2: Kast Rist, José Antonio | G2: José Antonio | H2: Kast | I2: Rist | J2: SI | K2: * Presidente de la República | M2: VIP | N2: =IF(AND(UPPER($M2)="VIP",UPPER($J2)="SI",$F2<>""),"SI","NO") -> SI | O2: =IF(UPPER($J2)="SI","🟢",IF(UPPER($J2)="NO","🔴","🟡")) -> 🟢 | P2: A23
A3: =IF(COUNTA(C3:K3)=0,"",ROW()-1) -> 2 | B3: =IF($F3<>"",$A3,"") -> 2 | C3: OPA | D3: Primera Dama | E3: =IF(UPPER($J3)="NO","",$M3) -> VIP | F3: Adriasola Barroihet, María Pía | G3: María Pía | H3: Adriasola | I3: Barroihet | J3: SI | K3: Esposa del Presidente de la República | M3: VIP | N3: =IF(AND(UPPER($M3)="VIP",UPPER($J3)="SI",$F3<>""),"SI","NO") -> SI | O3: =IF(UPPER($J3)="SI","🟢",IF(UPPER($J3)="NO","🔴","🟡")) -> 🟢 | P3: A24
A4: =IF(COUNTA(C4:K4)=0,"",ROW()-1) -> 3 | B4: =IF($F4<>"",$A4,"") -> 3 | C4: OPA | D4: Ministro | E4: =IF(UPPER($J4)="NO","",$M4) -> VIP | F4: Barros Tocornal, Fernando | G4: Fernando | H4: Barros | I4: Tocornal | J4: SI | K4: *Ministro de Defensa Nacional | M4: VIP | N4: =IF(AND(UPPER($M4)="VIP",UPPER($J4)="SI",$F4<>""),"SI","NO") -> SI | O4: =IF(UPPER($J4)="SI","🟢",IF(UPPER($J4)="NO","🔴","🟡")) -> 🟢 | P4: A22
A5: =IF(COUNTA(C5:K5)=0,"",ROW()-1) -> 4 | B5: =IF($F5<>"",$A5,"") -> 4 | C5: OPA | D5: Almirante | E5: =IF(UPPER($J5)="NO","",$M5) -> VIP | F5: Cabrera Salazar, Fernando | G5: Fernando | H5: Cabrera | I5: Salazar | J5: SI | K5: *Comandante en Jefe de la Armada | M5: VIP | N5: =IF(AND(UPPER($M5)="VIP",UPPER($J5)="SI",$F5<>""),"SI","NO") -> SI | O5: =IF(UPPER($J5)="SI","🟢",IF(UPPER($J5)="NO","🔴","🟡")) -> 🟢 | P5: A21
A6: =IF(COUNTA(C6:K6)=0,"",ROW()-1) -> 5 | B6: =IF($F6<>"",$A6,"") -> 5 | C6: OPA | D6: Señora | E6: =IF(UPPER($J6)="NO","",$M6) -> VIP | F6: Mery, Roxana | G6: Roxana | H6: Mery | I6: Casella | J6: SI | K6: Esposa del Comandante en Jefe de la Armada | M6: VIP | N6: =IF(AND(UPPER($M6)="VIP",UPPER($J6)="SI",$F6<>""),"SI","NO") -> SI | O6: =IF(UPPER($J6)="SI","🟢",IF(UPPER($J6)="NO","🔴","🟡")) -> 🟢 | P6: A25
A7: =IF(COUNTA(C7:K7)=0,"",ROW()-1) -> 6 | B7: =IF($F7<>"",$A7,"") -> 6 | C7: OPA | D7: Señora | E7: =IF(UPPER($J7)="NO","",$M7) -> VIP | F7: Morel Montes, María Cecilia | G7: María Cecilia | H7: Morel | I7: Montes | J7: PENDIENTE | K7: Ex - Primera Dama | M7: VIP | N7: =IF(AND(UPPER($M7)="VIP",UPPER($J7)="SI",$F7<>""),"SI","NO") -> NO | O7: =IF(UPPER($J7)="SI","🟢",IF(UPPER($J7)="NO","🔴","🟡")) -> 🟡 | P7: A20
A8: =IF(COUNTA(C8:K8)=0,"",ROW()-1) -> 7 | B8: =IF($F8<>"",$A8,"") -> 7 | C8: OPA | D8: Honorable Senador | E8: =IF(UPPER($J8)="NO","",$M8) | F8: Núñez Urrutia, Paulina | G8: Iván | H8: Moreira | I8: Barros | J8: NO | K8: *Presidenta del Senado (Representante). | M8: VIP | N8: =IF(AND(UPPER($M8)="VIP",UPPER($J8)="SI",$F8<>""),"SI","NO") -> NO | O8: =IF(UPPER($J8)="SI","🟢",IF(UPPER($J8)="NO","🔴","🟡")) -> 🔴 | P8: A26
A9: =IF(COUNTA(C9:K9)=0,"",ROW()-1) -> 8 | B9: =IF($F9<>"",$A9,"") -> 8 | C9: OPA | D9: Honorable Diputado | E9: =IF(UPPER($J9)="NO","",$M9) | F9: Alessandri Vergara, Jorge | G9: Jorge | H9: Alessandri | I9: Vergara | J9: NO | K9: Presidente de la Cámara de Diputados | M9: VIP | N9: =IF(AND(UPPER($M9)="VIP",UPPER($J9)="SI",$F9<>""),"SI","NO") -> NO | O9: =IF(UPPER($J9)="SI","🟢",IF(UPPER($J9)="NO","🔴","🟡")) -> 🔴
A10: =IF(COUNTA(C10:K10)=0,"",ROW()-1) -> 9 | B10: =IF($F10<>"",$A10,"") -> 9 | C10: OPA | D10: Su Excelencia | E10: =IF(UPPER($J10)="NO","",$M10) -> VIP | F10: Boric Font, Gabriel | G10: Gabriel | H10: Boric | I10: Font | J10: PENDIENTE | K10: Ex Presidente de la República | M10: VIP | N10: =IF(AND(UPPER($M10)="VIP",UPPER($J10)="SI",$F10<>""),"SI","NO") -> NO | O10: =IF(UPPER($J10)="SI","🟢",IF(UPPER($J10)="NO","🔴","🟡")) -> 🟡 | P10: A19
A11: =IF(COUNTA(C11:K11)=0,"",ROW()-1) -> 10 | B11: =IF($F11<>"",$A11,"") -> 10 | C11: OPA | D11: Su Excelencia | E11: =IF(UPPER($J11)="NO","",$M11) -> VIP | F11: Bachelet Jeria, Michelle | G11: Michelle | H11: Bachelet | I11: Jeria | J11: PENDIENTE | K11: Ex Presidenta de la República | M11: VIP | N11: =IF(AND(UPPER($M11)="VIP",UPPER($J11)="SI",$F11<>""),"SI","NO") -> NO | O11: =IF(UPPER($J11)="SI","🟢",IF(UPPER($J11)="NO","🔴","🟡")) -> 🟡 | P11: A27
A12: =IF(COUNTA(C12:K12)=0,"",ROW()-1) -> 11 | B12: =IF($F12<>"",$A12,"") -> 11 | C12: OPA | D12: Su Excelencia | E12: =IF(UPPER($J12)="NO","",$M12) | F12: Lagos Escobar, Ricardo | G12: Ricardo | H12: Lagos | I12: Escobar | J12: NO | K12: Ex Presidente de la República | M12: VIP | N12: =IF(AND(UPPER($M12)="VIP",UPPER($J12)="SI",$F12<>""),"SI","NO") -> NO | O12: =IF(UPPER($J12)="SI","🟢",IF(UPPER($J12)="NO","🔴","🟡")) -> 🔴 | P12: A18
A13: =IF(COUNTA(C13:K13)=0,"",ROW()-1) -> 12 | B13: =IF($F13<>"",$A13,"") -> 12 | C13: OPA | D13: Su Excelencia | E13: =IF(UPPER($J13)="NO","",$M13) -> VIP | F13: Frei Ruiz-tagle, Eduardo | G13: Eduardo | H13: Frei | I13: Ruiz-tagle | J13: PENDIENTE | K13: Ex Presidente de la República | M13: VIP | N13: =IF(AND(UPPER($M13)="VIP",UPPER($J13)="SI",$F13<>""),"SI","NO") -> NO | O13: =IF(UPPER($J13)="SI","🟢",IF(UPPER($J13)="NO","🔴","🟡")) -> 🟡 | P13: A28
A14: =IF(COUNTA(C14:K14)=0,"",ROW()-1) -> 13 | B14: =IF($F14<>"",$A14,"") -> 13 | C14: OPA | D14: Presidente | E14: =IF(UPPER($J14)="NO","",$M14) | F14: Marzi Muñoz, Daniela | G14: Daniela | H14: Marzi | I14: Muñoz | J14: NO | K14: Presidente del Tribunal Constitucional | M14: VIP | N14: =IF(AND(UPPER($M14)="VIP",UPPER($J14)="SI",$F14<>""),"SI","NO") -> NO | O14: =IF(UPPER($J14)="SI","🟢",IF(UPPER($J14)="NO","🔴","🟡")) -> 🔴
A15: =IF(COUNTA(C15:K15)=0,"",ROW()-1) -> 14 | B15: =IF($F15<>"",$A15,"") -> 14 | C15: OPA | D15: Contralora | E15: =IF(UPPER($J15)="NO","",$M15) | F15: Pérez Gutiérrez, Dorothy | G15: Dorothy | H15: Pérez | I15: Gutiérrez | J15: NO | K15: Contralora General de la República | M15: VIP | N15: =IF(AND(UPPER($M15)="VIP",UPPER($J15)="SI",$F15<>""),"SI","NO") -> NO | O15: =IF(UPPER($J15)="SI","🟢",IF(UPPER($J15)="NO","🔴","🟡")) -> 🔴
A16: =IF(COUNTA(C16:K16)=0,"",ROW()-1) -> 15 | B16: =IF($F16<>"",$A16,"") -> 15 | C16: OPA | D16: Fiscal | E16: =IF(UPPER($J16)="NO","",$M16) | F16: Valencia Vásquez, Ángel | G16: Ángel | H16: Valencia | I16: Vásquez | J16: NO | K16: Fiscal Nacional del Ministerio Público | M16: VIP | N16: =IF(AND(UPPER($M16)="VIP",UPPER($J16)="SI",$F16<>""),"SI","NO") -> NO | O16: =IF(UPPER($J16)="SI","🟢",IF(UPPER($J16)="NO","🔴","🟡")) -> 🔴
A17: =IF(COUNTA(C17:K17)=0,"",ROW()-1) -> 16 | B17: =IF($F17<>"",$A17,"") -> 16 | C17: OPA | D17: Ministro | E17: =IF(UPPER($J17)="NO","",$M17) -> VIP | F17: Alvarado Andrade, Claudio | G17: Claudio | H17: Alvarado | I17: Andrade | J17: SI | K17: Biministro del Interior y Secretario General de Gobierno | M17: VIP | N17: =IF(AND(UPPER($M17)="VIP",UPPER($J17)="SI",$F17<>""),"SI","NO") -> SI | O17: =IF(UPPER($J17)="SI","🟢",IF(UPPER($J17)="NO","🔴","🟡")) -> 🟢 | P17: A17
A18: =IF(COUNTA(C18:K18)=0,"",ROW()-1) -> 17 | B18: =IF($F18<>"",$A18,"") -> 17 | C18: OPA | D18: Ministro | E18: =IF(UPPER($J18)="NO","",$M18) | F18: Pérez Mackenna, Francisco | G18: Francisco | H18: Pérez | I18: Mackenna | J18: NO | K18: Ministro de Relaciones Exteriores | M18: VIP | N18: =IF(AND(UPPER($M18)="VIP",UPPER($J18)="SI",$F18<>""),"SI","NO") -> NO | O18: =IF(UPPER($J18)="SI","🟢",IF(UPPER($J18)="NO","🔴","🟡")) -> 🔴
A19: =IF(COUNTA(C19:K19)=0,"",ROW()-1) -> 18 | B19: =IF($F19<>"",$A19,"") -> 18 | C19: OPA | D19: Ministro | E19: =IF(UPPER($J19)="NO","",$M19) | F19: Quiroz Castro, Jorge | G19: Jorge | H19: Quiroz | I19: Castro | J19: NO | K19: Ministro de Hacienda | M19: VIP | N19: =IF(AND(UPPER($M19)="VIP",UPPER($J19)="SI",$F19<>""),"SI","NO") -> NO | O19: =IF(UPPER($J19)="SI","🟢",IF(UPPER($J19)="NO","🔴","🟡")) -> 🔴
A20: =IF(COUNTA(C20:K20)=0,"",ROW()-1) -> 19 | B20: =IF($F20<>"",$A20,"") -> 19 | C20: OPA | D20: Ministro | E20: =IF(UPPER($J20)="NO","",$M20) | F20: Mas Valdés, Daniel | G20: Daniel | H20: Mas | I20: Valdés | J20: NO | K20: Biministro de Minería, Economía y Turismo | M20: VIP | N20: =IF(AND(UPPER($M20)="VIP",UPPER($J20)="SI",$F20<>""),"SI","NO") -> NO | O20: =IF(UPPER($J20)="SI","🟢",IF(UPPER($J20)="NO","🔴","🟡")) -> 🔴
A21: =IF(COUNTA(C21:K21)=0,"",ROW()-1) -> 20 | B21: =IF($F21<>"",$A21,"") -> 20 | C21: OPA | D21: Ministro | E21: =IF(UPPER($J21)="NO","",$M21) | F21: Arzola González, María Paz | G21: María Paz | H21: Arzola | I21: González | J21: NO | K21: Ministra de Educación | M21: VIP | N21: =IF(AND(UPPER($M21)="VIP",UPPER($J21)="SI",$F21<>""),"SI","NO") -> NO | O21: =IF(UPPER($J21)="SI","🟢",IF(UPPER($J21)="NO","🔴","🟡")) -> 🔴
A22: =IF(COUNTA(C22:K22)=0,"",ROW()-1) -> 21 | B22: =IF($F22<>"",$A22,"") -> 21 | C22: OPA | D22: Ministro | E22: =IF(UPPER($J22)="NO","",$M22) | F22: De Grange Concha, Louis | G22: Louis | H22: De Grange | I22: Concha | J22: NO | K22: Biministro de Obras Publicas, Transporte y Telecomunicaciones | M22: VIP | N22: =IF(AND(UPPER($M22)="VIP",UPPER($J22)="SI",$F22<>""),"SI","NO") -> NO | O22: =IF(UPPER($J22)="SI","🟢",IF(UPPER($J22)="NO","🔴","🟡")) -> 🔴
A23: =IF(COUNTA(C23:K23)=0,"",ROW()-1) -> 22 | B23: =IF($F23<>"",$A23,"") -> 22 | C23: OPA | D23: Ministro | E23: =IF(UPPER($J23)="NO","",$M23) | F23: Parot Donoso, Catalina | G23: Catalina | H23: Parot | I23: Donoso | J23: NO | K23: Ministra de Bienes Nacionales | M23: VIP | N23: =IF(AND(UPPER($M23)="VIP",UPPER($J23)="SI",$F23<>""),"SI","NO") -> NO | O23: =IF(UPPER($J23)="SI","🟢",IF(UPPER($J23)="NO","🔴","🟡")) -> 🔴 | P23: A29
A24: =IF(COUNTA(C24:K24)=0,"",ROW()-1) -> 23 | B24: =IF($F24<>"",$A24,"") -> 23 | C24: OPA | D24: Ministro | E24: =IF(UPPER($J24)="NO","",$M24) | F24: Rincón González, Ximena | G24: Ximena | H24: Rincón | I24: González | J24: NO | K24: Ministra de Energía | M24: VIP | N24: =IF(AND(UPPER($M24)="VIP",UPPER($J24)="SI",$F24<>""),"SI","NO") -> NO | O24: =IF(UPPER($J24)="SI","🟢",IF(UPPER($J24)="NO","🔴","🟡")) -> 🔴
A25: =IF(COUNTA(C25:K25)=0,"",ROW()-1) -> 24 | B25: =IF($F25<>"",$A25,"") -> 24 | C25: OPA | D25: Ministro | E25: =IF(UPPER($J25)="NO","",$M25) | F25: Toledo Echegaray, Francisca | G25: Francisca | H25: Toledo | I25: Echegaray | J25: NO | K25: Ministra del Medio Ambiente | M25: VIP | N25: =IF(AND(UPPER($M25)="VIP",UPPER($J25)="SI",$F25<>""),"SI","NO") -> NO | O25: =IF(UPPER($J25)="SI","🟢",IF(UPPER($J25)="NO","🔴","🟡")) -> 🔴
A26: =IF(COUNTA(C26:K26)=0,"",ROW()-1) -> 25 | B26: =IF($F26<>"",$A26,"") -> 25 | C26: OPA | D26: Ministro | E26: =IF(UPPER($J26)="NO","",$M26) | F26: Undurruga Gazitúa, Francisco | G26: Francisco | H26: Undurruga | I26: Gazitúa | J26: NO | K26: Ministro de las Culturas, las Artes y el Patrimonio | M26: VIP | N26: =IF(AND(UPPER($M26)="VIP",UPPER($J26)="SI",$F26<>""),"SI","NO") -> NO | O26: =IF(UPPER($J26)="SI","🟢",IF(UPPER($J26)="NO","🔴","🟡")) -> 🔴 | P26: A16
A27: =IF(COUNTA(C27:K27)=0,"",ROW()-1) -> 26 | B27: =IF($F27<>"",$A27,"") -> 26 | C27: OPA | D27: Ministro | E27: =IF(UPPER($J27)="NO","",$M27) | F27: Lincolao Gates, Ximena | G27: Ximena | H27: Lincolao | I27: Gates | J27: NO | K27: Ministra de Ciencia, Tecnología, Conocimiento e Innovación | M27: VIP | N27: =IF(AND(UPPER($M27)="VIP",UPPER($J27)="SI",$F27<>""),"SI","NO") -> NO | O27: =IF(UPPER($J27)="SI","🟢",IF(UPPER($J27)="NO","🔴","🟡")) -> 🔴
A28: =IF(COUNTA(C28:K28)=0,"",ROW()-1) -> 27 | B28: =IF($F28<>"",$A28,"") -> 27 | C28: OPA | D28: Ministro | E28: =IF(UPPER($J28)="NO","",$M28) | F28: Burgos Varela, Jorge | G28: Jorge | H28: Burgos | I28: Varela | J28: NO | K28: Ex Ministro de Defensa Nacional | M28: VIP | N28: =IF(AND(UPPER($M28)="VIP",UPPER($J28)="SI",$F28<>""),"SI","NO") -> NO | O28: =IF(UPPER($J28)="SI","🟢",IF(UPPER($J28)="NO","🔴","🟡")) -> 🔴
A29: =IF(COUNTA(C29:K29)=0,"",ROW()-1) -> 28 | B29: =IF($F29<>"",$A29,"") -> 28 | C29: OPA | D29: Ministro | E29: =IF(UPPER($J29)="NO","",$M29) -> VIP | F29: Fernández Allende, Maya | G29: Maya | H29: Fernández | I29: Allende | J29: PENDIENTE | K29: Ex Ministra de Defensa Nacional | M29: VIP | N29: =IF(AND(UPPER($M29)="VIP",UPPER($J29)="SI",$F29<>""),"SI","NO") -> NO | O29: =IF(UPPER($J29)="SI","🟢",IF(UPPER($J29)="NO","🔴","🟡")) -> 🟡 | P29: A30
A30: =IF(COUNTA(C30:K30)=0,"",ROW()-1) -> 29 | B30: =IF($F30<>"",$A30,"") -> 29 | C30: OPA | D30: Ministro | E30: =IF(UPPER($J30)="NO","",$M30) -> VIP | F30: Delpiano Puelma, Adriana | G30: Adriana | H30: Delpiano | I30: Puelma | J30: PENDIENTE | K30: Ex Ministra de Defensa Nacional | M30: VIP | N30: =IF(AND(UPPER($M30)="VIP",UPPER($J30)="SI",$F30<>""),"SI","NO") -> NO | O30: =IF(UPPER($J30)="SI","🟢",IF(UPPER($J30)="NO","🔴","🟡")) -> 🟡 | P30: A15
A31: =IF(COUNTA(C31:K31)=0,"",ROW()-1) -> 30 | B31: =IF($F31<>"",$A31,"") -> 30 | C31: OPA | D31: Excelentísima | E31: =IF(UPPER($J31)="NO","",$M31) | F31: El Ghali, Kenza | G31: Kenza | H31: El Ghali | J31: NO | K31: Embajador de Marruecos | M31: VIP | N31: =IF(AND(UPPER($M31)="VIP",UPPER($J31)="SI",$F31<>""),"SI","NO") -> NO | O31: =IF(UPPER($J31)="SI","🟢",IF(UPPER($J31)="NO","🔴","🟡")) -> 🔴
A32: =IF(COUNTA(C32:K32)=0,"",ROW()-1) -> 31 | B32: =IF($F32<>"",$A32,"") -> 31 | C32: OPA | D32: Excelentísima | E32: =IF(UPPER($J32)="NO","",$M32) | F32: Soares Pacheco, Paulo | G32: Paulo | H32: Soares | I32: Pacheco | J32: NO | K32: Embajador de Brasil en Chile | M32: VIP | N32: =IF(AND(UPPER($M32)="VIP",UPPER($J32)="SI",$F32<>""),"SI","NO") -> NO | O32: =IF(UPPER($J32)="SI","🟢",IF(UPPER($J32)="NO","🔴","🟡")) -> 🔴
A33: =IF(COUNTA(C33:K33)=0,"",ROW()-1) -> 32 | B33: =IF($F33<>"",$A33,"") -> 32 | C33: OPA | D33: Excelentísima | E33: =IF(UPPER($J33)="NO","",$M33) -> VIP | F33: Qingbao, Niu | G33: Niu | H33: Qingbao | J33: PENDIENTE | K33: Embajador de la República Popular China en Chile | M33: VIP | N33: =IF(AND(UPPER($M33)="VIP",UPPER($J33)="SI",$F33<>""),"SI","NO") -> NO | O33: =IF(UPPER($J33)="SI","🟢",IF(UPPER($J33)="NO","🔴","🟡")) -> 🟡 | P33: A31
A34: =IF(COUNTA(C34:K34)=0,"",ROW()-1) -> 33 | B34: =IF($F34<>"",$A34,"") -> 33 | C34: OPA | D34: Excelentísima | E34: =IF(UPPER($J34)="NO","",$M34) -> VIP | F34: Kotkajarvi, Johanna | G34: Johanna | H34: Kotkajarvi | J34: PENDIENTE | K34: Embajadora de Finlandia en Chile | M34: VIP | N34: =IF(AND(UPPER($M34)="VIP",UPPER($J34)="SI",$F34<>""),"SI","NO") -> NO | O34: =IF(UPPER($J34)="SI","🟢",IF(UPPER($J34)="NO","🔴","🟡")) -> 🟡 | P34: A14
A35: =IF(COUNTA(C35:K35)=0,"",ROW()-1) -> 34 | B35: =IF($F35<>"",$A35,"") -> 34 | C35: OPA | D35: Excelentísima | E35: =IF(UPPER($J35)="NO","",$M35) -> VIP | F35: Biagiotti, Valeria | G35: Valeria | H35: Biagiotti | J35: PENDIENTE | K35: Embajadora de Italia en Chile | M35: VIP | N35: =IF(AND(UPPER($M35)="VIP",UPPER($J35)="SI",$F35<>""),"SI","NO") -> NO | O35: =IF(UPPER($J35)="SI","🟢",IF(UPPER($J35)="NO","🔴","🟡")) -> 🟡 | P35: A32
A36: =IF(COUNTA(C36:K36)=0,"",ROW()-1) -> 35 | B36: =IF($F36<>"",$A36,"") -> 35 | C36: OPA | D36: Excelentísima | E36: =IF(UPPER($J36)="NO","",$M36) | F36: Jae Kim, Hak | G36: Hak | H36: Jae Kim | J36: NO | K36: Embajadora de Corea en Chile | M36: VIP | N36: =IF(AND(UPPER($M36)="VIP",UPPER($J36)="SI",$F36<>""),"SI","NO") -> NO | O36: =IF(UPPER($J36)="SI","🟢",IF(UPPER($J36)="NO","🔴","🟡")) -> 🔴
A37: =IF(COUNTA(C37:K37)=0,"",ROW()-1) -> 36 | B37: =IF($F37<>"",$A37,"") -> 36 | C37: OPA | D37: Excelentísima | E37: =IF(UPPER($J37)="NO","",$M37) | F37: Moreno Rodriguez, Laura | G37: Laura | H37: Moreno | I37: Rodriguez | J37: NO | K37: Embajadora de Mexico en Chile | M37: VIP | N37: =IF(AND(UPPER($M37)="VIP",UPPER($J37)="SI",$F37<>""),"SI","NO") -> NO | O37: =IF(UPPER($J37)="SI","🟢",IF(UPPER($J37)="NO","🔴","🟡")) -> 🔴
A38: =IF(COUNTA(C38:K38)=0,"",ROW()-1) -> 37 | B38: =IF($F38<>"",$A38,"") -> 37 | C38: OPA | D38: Excelentísima | E38: =IF(UPPER($J38)="NO","",$M38) | F38: Faurie, Jorge | G38: Jorge | H38: Faurie | J38: NO | K38: Embajador de Argentina en Chile | M38: VIP | N38: =IF(AND(UPPER($M38)="VIP",UPPER($J38)="SI",$F38<>""),"SI","NO") -> NO | O38: =IF(UPPER($J38)="SI","🟢",IF(UPPER($J38)="NO","🔴","🟡")) -> 🔴
A39: =IF(COUNTA(C39:K39)=0,"",ROW()-1) -> 38 | B39: =IF($F39<>"",$A39,"") -> 38 | C39: OPA | D39: Excelentísima | E39: =IF(UPPER($J39)="NO","",$M39) -> VIP | F39: Barrit Martin, Andrew James | G39: Andrew James | H39: Barrit | I39: Martin | J39: PENDIENTE | K39: Embajador de Australia en Chile | M39: VIP | N39: =IF(AND(UPPER($M39)="VIP",UPPER($J39)="SI",$F39<>""),"SI","NO") -> NO | O39: =IF(UPPER($J39)="SI","🟢",IF(UPPER($J39)="NO","🔴","🟡")) -> 🟡 | P39: A13
A40: =IF(COUNTA(C40:K40)=0,"",ROW()-1) -> 39 | B40: =IF($F40<>"",$A40,"") -> 39 | C40: OPA | D40: Excelentísima | E40: =IF(UPPER($J40)="NO","",$M40) | F40: Rogeau, Cyrille | G40: Cyrille | H40: Rogeau | J40: NO | K40: Embajador de Francia en Chile | M40: VIP | N40: =IF(AND(UPPER($M40)="VIP",UPPER($J40)="SI",$F40<>""),"SI","NO") -> NO | O40: =IF(UPPER($J40)="SI","🟢",IF(UPPER($J40)="NO","🔴","🟡")) -> 🔴
A41: =IF(COUNTA(C41:K41)=0,"",ROW()-1) -> 40 | B41: =IF($F41<>"",$A41,"") -> 40 | C41: OPA | D41: Excelentísima | E41: =IF(UPPER($J41)="NO","",$M41) | F41: Courtny, Daniela | G41: Daniela | H41: Rigoli | J41: NO | K41: Embajador de Nueva Zelandia en Chile | M41: VIP | N41: =IF(AND(UPPER($M41)="VIP",UPPER($J41)="SI",$F41<>""),"SI","NO") -> NO | O41: =IF(UPPER($J41)="SI","🟢",IF(UPPER($J41)="NO","🔴","🟡")) -> 🔴
A42: =IF(COUNTA(C42:K42)=0,"",ROW()-1) -> 41 | B42: =IF($F42<>"",$A42,"") -> 41 | C42: OPA | D42: Excelentísima | E42: =IF(UPPER($J42)="NO","",$M42) -> VIP | F42: Ihsan Kiziltan, Ahmet | G42: Ahmet | H42: Ihsan | I42: Kiziltan | J42: SI | K42: Embajadora de Turquia en Chile | M42: VIP | N42: =IF(AND(UPPER($M42)="VIP",UPPER($J42)="SI",$F42<>""),"SI","NO") -> SI | O42: =IF(UPPER($J42)="SI","🟢",IF(UPPER($J42)="NO","🔴","🟡")) -> 🟢 | P42: A33
A43: =IF(COUNTA(C43:K43)=0,"",ROW()-1) -> 42 | B43: =IF($F43<>"",$A43,"") -> 42 | C43: OPA | D43: Excelentísima | E43: =IF(UPPER($J43)="NO","",$M43) | F43: Fries-gaier, Susanne | G43: Susanne | H43: Fries-gaier | J43: NO | K43: Embajadora de Alemania en Chile | M43: VIP | N43: =IF(AND(UPPER($M43)="VIP",UPPER($J43)="SI",$F43<>""),"SI","NO") -> NO | O43: =IF(UPPER($J43)="SI","🟢",IF(UPPER($J43)="NO","🔴","🟡")) -> 🔴
A44: =IF(COUNTA(C44:K44)=0,"",ROW()-1) -> 43 | B44: =IF($F44<>"",$A44,"") -> 43 | C44: OPA | D44: Excelentísima | E44: =IF(UPPER($J44)="NO","",$M44) -> VIP | F44: Guanumen Parra, Sebastián | G44: Sebastián | H44: Guanumen | I44: Parra | J44: SI | K44: Embajador de Colombia en Chile | M44: VIP | N44: =IF(AND(UPPER($M44)="VIP",UPPER($J44)="SI",$F44<>""),"SI","NO") -> SI | O44: =IF(UPPER($J44)="SI","🟢",IF(UPPER($J44)="NO","🔴","🟡")) -> 🟢 | P44: A12
A45: =IF(COUNTA(C45:K45)=0,"",ROW()-1) -> 44 | B45: =IF($F45<>"",$A45,"") -> 44 | C45: OPA | D45: Excelentísima | E45: =IF(UPPER($J45)="NO","",$M45) -> VIP | F45: Guay Guay, Karolina Linda | G45: Karolina Linda | H45: Guay | I45: Guay | J45: SI | K45: Embajadora de Canadá en Chile | M45: VIP | N45: =IF(AND(UPPER($M45)="VIP",UPPER($J45)="SI",$F45<>""),"SI","NO") -> SI | O45: =IF(UPPER($J45)="SI","🟢",IF(UPPER($J45)="NO","🔴","🟡")) -> 🟢 | P45: A34
A46: =IF(COUNTA(C46:K46)=0,"",ROW()-1) -> 45 | B46: =IF($F46<>"",$A46,"") -> 45 | C46: OPA | D46: Excelentísima | E46: =IF(UPPER($J46)="NO","",$M46) -> VIP | F46: Pollen Nilsen, Per | G46: Per | H46: Pollen | I46: Nilsen | J46: PENDIENTE | K46: Embajador de Noruega en Chile | M46: VIP | N46: =IF(AND(UPPER($M46)="VIP",UPPER($J46)="SI",$F46<>""),"SI","NO") -> NO | O46: =IF(UPPER($J46)="SI","🟢",IF(UPPER($J46)="NO","🔴","🟡")) -> 🟡 | P46: A11
A47: =IF(COUNTA(C47:K47)=0,"",ROW()-1) -> 46 | B47: =IF($F47<>"",$A47,"") -> 46 | C47: OPA | D47: Excelentísima | E47: =IF(UPPER($J47)="NO","",$M47) | F47: Rocanova Rodríguez, Ana Inés | G47: Ana Inés | H47: Rocanova | I47: Rodríguez | J47: NO | K47: Embajadora de la República Oriental del Uruguay en Chile | M47: VIP | N47: =IF(AND(UPPER($M47)="VIP",UPPER($J47)="SI",$F47<>""),"SI","NO") -> NO | O47: =IF(UPPER($J47)="SI","🟢",IF(UPPER($J47)="NO","🔴","🟡")) -> 🔴
A48: =IF(COUNTA(C48:K48)=0,"",ROW()-1) -> 47 | B48: =IF($F48<>"",$A48,"") -> 47 | C48: OPA | D48: Excelentísima | E48: =IF(UPPER($J48)="NO","",$M48) -> VIP | F48: Schaapveld E/v Merks, Elke | G48: Elke | H48: Schaapveld | I48: E/v Merks | J48: SI | K48: Embajadora de los Países Bajos en Chile | M48: VIP | N48: =IF(AND(UPPER($M48)="VIP",UPPER($J48)="SI",$F48<>""),"SI","NO") -> SI | O48: =IF(UPPER($J48)="SI","🟢",IF(UPPER($J48)="NO","🔴","🟡")) -> 🟢 | P48: A35
A49: =IF(COUNTA(C49:K49)=0,"",ROW()-1) -> 48 | B49: =IF($F49<>"",$A49,"") -> 48 | C49: OPA | D49: Excelentísima | E49: =IF(UPPER($J49)="NO","",$M49) | F49: Andrade Abdo, Lotty Farah | G49: Lotty Farah | H49: Andrade | I49: Abdo | J49: NO | K49: Embajadora de Ecuador en Chile | M49: VIP | N49: =IF(AND(UPPER($M49)="VIP",UPPER($J49)="SI",$F49<>""),"SI","NO") -> NO | O49: =IF(UPPER($J49)="SI","🟢",IF(UPPER($J49)="NO","🔴","🟡")) -> 🔴 | P49: A10
A50: =IF(COUNTA(C50:K50)=0,"",ROW()-1) -> 49 | B50: =IF($F50<>"",$A50,"") -> 49 | C50: OPA | D50: Excelentísima | E50: =IF(UPPER($J50)="NO","",$M50) | F50: Camino Cannock, Peter | G50: Peter | H50: Camino | I50: Cannock | J50: NO | K50: Embajador de Perú en Chile | M50: VIP | N50: =IF(AND(UPPER($M50)="VIP",UPPER($J50)="SI",$F50<>""),"SI","NO") -> NO | O50: =IF(UPPER($J50)="SI","🟢",IF(UPPER($J50)="NO","🔴","🟡")) -> 🔴
A51: =IF(COUNTA(C51:K51)=0,"",ROW()-1) -> 50 | B51: =IF($F51<>"",$A51,"") -> 50 | C51: OPA | D51: Excelentísima | E51: =IF(UPPER($J51)="NO","",$M51) -> VIP | F51: Oroz Ulibarri, Laura | G51: Laura | H51: Oroz | I51: Ulibarri | J51: SI | K51: Embajadora de España en Chile | M51: VIP | N51: =IF(AND(UPPER($M51)="VIP",UPPER($J51)="SI",$F51<>""),"SI","NO") -> SI | O51: =IF(UPPER($J51)="SI","🟢",IF(UPPER($J51)="NO","🔴","🟡")) -> 🟢 | P51: A36
A52: =IF(COUNTA(C52:K52)=0,"",ROW()-1) -> 51 | B52: =IF($F52<>"",$A52,"") -> 51 | C52: OPA | D52: Excelentísima | E52: =IF(UPPER($J52)="NO","",$M52) -> VIP | F52: Sone, Kenko | G52: Sone | H52: Kenko | J52: SI | K52: Embajadora de Japón en Chile | M52: VIP | N52: =IF(AND(UPPER($M52)="VIP",UPPER($J52)="SI",$F52<>""),"SI","NO") -> SI | O52: =IF(UPPER($J52)="SI","🟢",IF(UPPER($J52)="NO","🔴","🟡")) -> 🟢 | P52: A9
A53: =IF(COUNTA(C53:K53)=0,"",ROW()-1) -> 52 | B53: =IF($F53<>"",$A53,"") -> 52 | C53: OPA | D53: Excelentísima | E53: =IF(UPPER($J53)="NO","",$M53) | F53: Wiklund, Tomás | G53: Eva Sofia | H53: Karlberg | J53: NO | K53: Embajador del Reino de Suecia en Chile | M53: VIP | N53: =IF(AND(UPPER($M53)="VIP",UPPER($J53)="SI",$F53<>""),"SI","NO") -> NO | O53: =IF(UPPER($J53)="SI","🟢",IF(UPPER($J53)="NO","🔴","🟡")) -> 🔴
A54: =IF(COUNTA(C54:K54)=0,"",ROW()-1) -> 53 | B54: =IF($F54<>"",$A54,"") -> 53 | C54: OPA | D54: Excelentísima | E54: =IF(UPPER($J54)="NO","",$M54) | F54: Judd, Brandon | G54: Brandon | H54: Judd | J54: NO | K54: Embajador de Estados Unidos de América en Chile | M54: VIP | N54: =IF(AND(UPPER($M54)="VIP",UPPER($J54)="SI",$F54<>""),"SI","NO") -> NO | O54: =IF(UPPER($J54)="SI","🟢",IF(UPPER($J54)="NO","🔴","🟡")) -> 🔴
A55: =IF(COUNTA(C55:K55)=0,"",ROW()-1) -> 54 | B55: =IF($F55<>"",$A55,"") -> 54 | C55: OPA | D55: Excelentísima | E55: =IF(UPPER($J55)="NO","",$M55) -> VIP | F55: Lewi, Peleg | G55: Peleg | H55: Lewi | J55: SI | K55: Embajadora de Israel en Chile | M55: VIP | N55: =IF(AND(UPPER($M55)="VIP",UPPER($J55)="SI",$F55<>""),"SI","NO") -> SI | O55: =IF(UPPER($J55)="SI","🟢",IF(UPPER($J55)="NO","🔴","🟡")) -> 🟢 | P55: A37
A56: =IF(COUNTA(C56:K56)=0,"",ROW()-1) -> 55 | B56: =IF($F56<>"",$A56,"") -> 55 | C56: OPA | D56: Excelentísima | E56: =IF(UPPER($J56)="NO","",$M56) | F56: Concar, David | G56: David | H56: Concar | J56: NO | K56: Embajador del Reino Unido de Gran Bretaña e Irlanda del Norte en Chile | M56: VIP | N56: =IF(AND(UPPER($M56)="VIP",UPPER($J56)="SI",$F56<>""),"SI","NO") -> NO | O56: =IF(UPPER($J56)="SI","🟢",IF(UPPER($J56)="NO","🔴","🟡")) -> 🔴
A57: =IF(COUNTA(C57:K57)=0,"",ROW()-1) -> 56 | B57: =IF($F57<>"",$A57,"") -> 56 | C57: OPA | D57: Almirante | E57: =IF(UPPER($J57)="NO","",$M57) | F57: Larrañaga Martin, Enrique | G57: Enrique | H57: Larrañaga | I57: Martin | J57: NO | K57: Ex - Comandante en Jefe de la Armada | M57: VIP | N57: =IF(AND(UPPER($M57)="VIP",UPPER($J57)="SI",$F57<>""),"SI","NO") -> NO | O57: =IF(UPPER($J57)="SI","🟢",IF(UPPER($J57)="NO","🔴","🟡")) -> 🔴
A58: =IF(COUNTA(C58:K58)=0,"",ROW()-1) -> 57 | B58: =IF($F58<>"",$A58,"") -> 57 | C58: OPA | D58: Almirante | E58: =IF(UPPER($J58)="NO","",$M58) -> VIP | F58: Leiva Molina, Julio | G58: Julio | H58: Leiva | I58: Molina | J58: SI | K58: Ex - Comandante en Jefe de la Armada | M58: VIP | N58: =IF(AND(UPPER($M58)="VIP",UPPER($J58)="SI",$F58<>""),"SI","NO") -> SI | O58: =IF(UPPER($J58)="SI","🟢",IF(UPPER($J58)="NO","🔴","🟡")) -> 🟢 | P58: A8
A59: =IF(COUNTA(C59:K59)=0,"",ROW()-1) -> 58 | B59: =IF($F59<>"",$A59,"") -> 58 | C59: OPA | D59: General | E59: =IF(UPPER($J59)="NO","",$M59) -> VIP | F59: Varela Sabando, Pedro | G59: Pedro | H59: Varela | I59: Sabando | J59: SI | K59: *Comandante en Jefe del Ejército | M59: VIP | N59: =IF(AND(UPPER($M59)="VIP",UPPER($J59)="SI",$F59<>""),"SI","NO") -> SI | O59: =IF(UPPER($J59)="SI","🟢",IF(UPPER($J59)="NO","🔴","🟡")) -> 🟢 | P59: A38
A60: =IF(COUNTA(C60:K60)=0,"",ROW()-1) -> 59 | B60: =IF($F60<>"",$A60,"") -> 59 | C60: OPA | D60: General | E60: =IF(UPPER($J60)="NO","",$M60) -> VIP | F60: Rodríguez González, Hugo | G60: Miguel | H60: Stange | I60: Muñoz | J60: SI | K60: *Comandante en Jefe de la Fuerza Aérea de Chile (S) | M60: VIP | N60: =IF(AND(UPPER($M60)="VIP",UPPER($J60)="SI",$F60<>""),"SI","NO") -> SI | O60: =IF(UPPER($J60)="SI","🟢",IF(UPPER($J60)="NO","🔴","🟡")) -> 🟢 | P60: A7
A61: =IF(COUNTA(C61:K61)=0,"",ROW()-1) -> 60 | B61: =IF($F61<>"",$A61,"") -> 60 | C61: OPA | D61: General Director | E61: =IF(UPPER($J61)="NO","",$M61) -> VIP | F61: Araya Zapata, Marcelo | G61: Marcelo | H61: Araya | I61: Zapata | J61: SI | K61: *General Director de Carabineros de Chile | M61: VIP | N61: =IF(AND(UPPER($M61)="VIP",UPPER($J61)="SI",$F61<>""),"SI","NO") -> SI | O61: =IF(UPPER($J61)="SI","🟢",IF(UPPER($J61)="NO","🔴","🟡")) -> 🟢 | P61: A39
A62: =IF(COUNTA(C62:K62)=0,"",ROW()-1) -> 61 | B62: =IF($F62<>"",$A62,"") -> 61 | C62: OPA | D62: Director General | E62: =IF(UPPER($J62)="NO","",$M62) -> VIP | F62: Cerna Lozano, Eduardo | G62: Eduardo | H62: Cerna | I62: Lozano | J62: PENDIENTE | K62: *Director General de la Policía de Investigaciones de Chile | M62: VIP | N62: =IF(AND(UPPER($M62)="VIP",UPPER($J62)="SI",$F62<>""),"SI","NO") -> NO | O62: =IF(UPPER($J62)="SI","🟢",IF(UPPER($J62)="NO","🔴","🟡")) -> 🟡 | P62: A6
A63: =IF(COUNTA(C63:K63)=0,"",ROW()-1) -> 62 | B63: =IF($F63<>"",$A63,"") -> 62 | C63: OPA | D63: Almirante | E63: =IF(UPPER($J63)="NO","",$M63) | F63: Arancibia Reyes, Jorge Patricio | G63: Jorge Patricio | H63: Arancibia | I63: Reyes | J63: NO | K63: Ex - Comandante en Jefe de la Armada | M63: VIP | N63: =IF(AND(UPPER($M63)="VIP",UPPER($J63)="SI",$F63<>""),"SI","NO") -> NO | O63: =IF(UPPER($J63)="SI","🟢",IF(UPPER($J63)="NO","🔴","🟡")) -> 🔴
A64: =IF(COUNTA(C64:K64)=0,"",ROW()-1) -> 63 | B64: =IF($F64<>"",$A64,"") -> 63 | C64: OPA | D64: Almirante | E64: =IF(UPPER($J64)="NO","",$M64) | F64: Vergara Villalobos, Miguel Ángel | G64: Miguel Ángel | H64: Vergara | I64: Villalobos | J64: NO | K64: Ex - Comandante en Jefe de la Armada | M64: VIP | N64: =IF(AND(UPPER($M64)="VIP",UPPER($J64)="SI",$F64<>""),"SI","NO") -> NO | O64: =IF(UPPER($J64)="SI","🟢",IF(UPPER($J64)="NO","🔴","🟡")) -> 🔴
A65: =IF(COUNTA(C65:K65)=0,"",ROW()-1) -> 64 | B65: =IF($F65<>"",$A65,"") -> 64 | C65: OPA | D65: Almirante | E65: =IF(UPPER($J65)="NO","",$M65) | F65: Codina Díaz, Rodolfo | G65: Rodolfo | H65: Codina | I65: Díaz | J65: NO | K65: Ex - Comandante en Jefe de la Armada | M65: VIP | N65: =IF(AND(UPPER($M65)="VIP",UPPER($J65)="SI",$F65<>""),"SI","NO") -> NO | O65: =IF(UPPER($J65)="SI","🟢",IF(UPPER($J65)="NO","🔴","🟡")) -> 🔴 | P65: A40
A66: =IF(COUNTA(C66:K66)=0,"",ROW()-1) -> 65 | B66: =IF($F66<>"",$A66,"") -> 65 | C66: OPA | D66: Almirante | E66: =IF(UPPER($J66)="NO","",$M66) | F66: González Robles, Edmundo | G66: Edmundo | H66: González | I66: Robles | J66: NO | K66: Ex - Comandante en Jefe de la Armada | M66: VIP | N66: =IF(AND(UPPER($M66)="VIP",UPPER($J66)="SI",$F66<>""),"SI","NO") -> NO | O66: =IF(UPPER($J66)="SI","🟢",IF(UPPER($J66)="NO","🔴","🟡")) -> 🔴
A67: =IF(COUNTA(C67:K67)=0,"",ROW()-1) -> 66 | B67: =IF($F67<>"",$A67,"") -> 66 | C67: OPA | D67: Señora | E67: =IF(UPPER($J67)="NO","",$M67) -> VIP | F67: Larrañaga Martin, Marcela | G67: Marcela | H67: Larrañaga | I67: Martin | J67: SI | K67: Madrina | M67: VIP | N67: =IF(AND(UPPER($M67)="VIP",UPPER($J67)="SI",$F67<>""),"SI","NO") -> SI | O67: =IF(UPPER($J67)="SI","🟢",IF(UPPER($J67)="NO","🔴","🟡")) -> 🟢 | P67: A5
A68: =IF(COUNTA(C68:K68)=0,"",ROW()-1) -> 67 | B68: =IF($F68<>"",$A68,"") -> 67 | C68: OPA | D68: Almirante | E68: =IF(UPPER($J68)="NO","",$M68) | F68: De la Maza Larraín, Juan Andrés | G68: Juan Andrés | H68: De la Maza | I68: Larraín | J68: NO | K68: Ex - Comandante en Jefe de la Armada | M68: VIP | N68: =IF(AND(UPPER($M68)="VIP",UPPER($J68)="SI",$F68<>""),"SI","NO") -> NO | O68: =IF(UPPER($J68)="SI","🟢",IF(UPPER($J68)="NO","🔴","🟡")) -> 🔴
A69: =IF(COUNTA(C69:K69)=0,"",ROW()-1) -> 68 | B69: =IF($F69<>"",$A69,"") -> 68 | C69: OPA | D69: General | E69: =IF(UPPER($J69)="NO","",$M69) -> VIP | F69: Romanini Gutiérrez, Leonardo | G69: Leonardo | H69: Romanini | I69: Gutiérrez | J69: SI | K69: Jefe del Estado Mayor Conjunto de las Fuerzas Armadas | M69: VIP | N69: =IF(AND(UPPER($M69)="VIP",UPPER($J69)="SI",$F69<>""),"SI","NO") -> SI | O69: =IF(UPPER($J69)="SI","🟢",IF(UPPER($J69)="NO","🔴","🟡")) -> 🟢 | P69: A41
A70: =IF(COUNTA(C70:K70)=0,"",ROW()-1) -> 69 | B70: =IF($F70<>"",$A70,"") -> 69 | C70: OPA | D70: Gobernador | E70: =IF(UPPER($J70)="NO","",$M70) -> VIP | F70: Giacaman García, Sergio | G70: Sergio | H70: Giacaman | I70: García | J70: SI | K70: Gobernador Región Bio Bio | M70: VIP | N70: =IF(AND(UPPER($M70)="VIP",UPPER($J70)="SI",$F70<>""),"SI","NO") -> SI | O70: =IF(UPPER($J70)="SI","🟢",IF(UPPER($J70)="NO","🔴","🟡")) -> 🟢 | P70: A4
A71: =IF(COUNTA(C71:K71)=0,"",ROW()-1) -> 70 | B71: =IF($F71<>"",$A71,"") -> 70 | C71: OPA | D71: Gobernador | E71: =IF(UPPER($J71)="NO","",$M71) -> VIP | F71: Flies Añon, Jorge | G71: Jorge | H71: Flies | I71: Añon | J71: SI | K71: Gobernador Región de Magallanes | M71: VIP | N71: =IF(AND(UPPER($M71)="VIP",UPPER($J71)="SI",$F71<>""),"SI","NO") -> SI | O71: =IF(UPPER($J71)="SI","🟢",IF(UPPER($J71)="NO","🔴","🟡")) -> 🟢 | P71: A42
A72: =IF(COUNTA(C72:K72)=0,"",ROW()-1) -> 71 | B72: =IF($F72<>"",$A72,"") -> 71 | C72: OPA | D72: Delegado Presidencial | E72: =IF(UPPER($J72)="NO","",$M72) -> VIP | F72: Anativia Zamora, Julio | G72: Julio | H72: Anativia | I72: Zamora | J72: SI | K72: Delegado Presidencial Región de Bio Bio | M72: VIP | N72: =IF(AND(UPPER($M72)="VIP",UPPER($J72)="SI",$F72<>""),"SI","NO") -> SI | O72: =IF(UPPER($J72)="SI","🟢",IF(UPPER($J72)="NO","🔴","🟡")) -> 🟢 | P72: A3
A73: =IF(COUNTA(C73:K73)=0,"",ROW()-1) -> 72 | B73: =IF($F73<>"",$A73,"") -> 72 | C73: OPA | D73: Honorable Senador | E73: =IF(UPPER($J73)="NO","",$M73) | F73: Huenchumilla Jaramillo, Francisco | G73: Francisco | H73: Huenchumilla | I73: Jaramillo | J73: NO | K73: Presidente Comisión de Defensa Nacional Cir. 11 | M73: VIP | N73: =IF(AND(UPPER($M73)="VIP",UPPER($J73)="SI",$F73<>""),"SI","NO") -> NO | O73: =IF(UPPER($J73)="SI","🟢",IF(UPPER($J73)="NO","🔴","🟡")) -> 🔴
A74: =IF(COUNTA(C74:K74)=0,"",ROW()-1) -> 73 | B74: =IF($F74<>"",$A74,"") -> 73 | C74: OPA | D74: Honorable Senador | E74: =IF(UPPER($J74)="NO","",$M74) | F74: Araya Guerrero, Pedro | G74: Pedro | H74: Araya | I74: Guerrero | J74: NO | K74: Comisión de Defensa Nacional | M74: VIP | N74: =IF(AND(UPPER($M74)="VIP",UPPER($J74)="SI",$F74<>""),"SI","NO") -> NO | O74: =IF(UPPER($J74)="SI","🟢",IF(UPPER($J74)="NO","🔴","🟡")) -> 🔴 | P74: A43
A75: =IF(COUNTA(C75:K75)=0,"",ROW()-1) -> 74 | B75: =IF($F75<>"",$A75,"") -> 74 | C75: OPA | D75: Honorable Senador | E75: =IF(UPPER($J75)="NO","",$M75) | F75: Flores Oporto, Camila | G75: Camila | H75: Flores | I75: Oporto | J75: NO | K75: Comisión de Defensa Nacional | M75: VIP | N75: =IF(AND(UPPER($M75)="VIP",UPPER($J75)="SI",$F75<>""),"SI","NO") -> NO | O75: =IF(UPPER($J75)="SI","🟢",IF(UPPER($J75)="NO","🔴","🟡")) -> 🔴 | P75: A2
A76: =IF(COUNTA(C76:K76)=0,"",ROW()-1) -> 75 | B76: =IF($F76<>"",$A76,"") -> 75 | C76: OPA | D76: Honorable Senador | E76: =IF(UPPER($J76)="NO","",$M76) -> VIP | F76: Saavedra Chandía, Gastón | G76: Gastón | H76: Saavedra | I76: Chandía | J76: SI | K76: Comisión de Defensa Nacional | M76: VIP | N76: =IF(AND(UPPER($M76)="VIP",UPPER($J76)="SI",$F76<>""),"SI","NO") -> SI | O76: =IF(UPPER($J76)="SI","🟢",IF(UPPER($J76)="NO","🔴","🟡")) -> 🟢 | P76: A44
A77: =IF(COUNTA(C77:K77)=0,"",ROW()-1) -> 76 | B77: =IF($F77<>"",$A77,"") -> 76 | C77: OPA | D77: Honorable Senador | E77: =IF(UPPER($J77)="NO","",$M77) | F77: Vial Maceratta, Cristián | G77: Cristián | H77: Vial | I77: Maceratta | J77: NO | K77: Comisión de Defensa Nacional | M77: VIP | N77: =IF(AND(UPPER($M77)="VIP",UPPER($J77)="SI",$F77<>""),"SI","NO") -> NO | O77: =IF(UPPER($J77)="SI","🟢",IF(UPPER($J77)="NO","🔴","🟡")) -> 🔴
A78: =IF(COUNTA(C78:K78)=0,"",ROW()-1) -> 77 | B78: =IF($F78<>"",$A78,"") -> 77 | C78: OPA | D78: Honorable Senador | E78: =IF(UPPER($J78)="NO","",$M78) | F78: Edwards Silva, Rojo | G78: Rojo | H78: Edwards | I78: Silva | J78: NO | K78: Presidente de la Comisión de Desafíos del Futuro, Ciencia, Tecnología e Innovación | M78: VIP | N78: =IF(AND(UPPER($M78)="VIP",UPPER($J78)="SI",$F78<>""),"SI","NO") -> NO | O78: =IF(UPPER($J78)="SI","🟢",IF(UPPER($J78)="NO","🔴","🟡")) -> 🔴
A79: =IF(COUNTA(C79:K79)=0,"",ROW()-1) -> 78 | B79: =IF($F79<>"",$A79,"") -> 78 | C79: OPA | D79: Honorable Senador | E79: =IF(UPPER($J79)="NO","",$M79) | F79: Celis Araya, Ricardo | G79: Ricardo | H79: Celis | I79: Araya | J79: NO | K79: Comisión de Desafíos del Futuro, Ciencia, Tecnología e Innovación | M79: VIP | N79: =IF(AND(UPPER($M79)="VIP",UPPER($J79)="SI",$F79<>""),"SI","NO") -> NO | O79: =IF(UPPER($J79)="SI","🟢",IF(UPPER($J79)="NO","🔴","🟡")) -> 🔴
A80: =IF(COUNTA(C80:K80)=0,"",ROW()-1) -> 79 | B80: =IF($F80<>"",$A80,"") -> 79 | C80: OPA | D80: Honorable Senador | E80: =IF(UPPER($J80)="NO","",$M80) | F80: Cicardini Milla, Daniella | G80: Daniella | H80: Cicardini | I80: Milla | J80: NO | K80: Comisión de Desafíos del Futuro, Ciencia, Tecnología e Innovación | M80: VIP | N80: =IF(AND(UPPER($M80)="VIP",UPPER($J80)="SI",$F80<>""),"SI","NO") -> NO | O80: =IF(UPPER($J80)="SI","🟢",IF(UPPER($J80)="NO","🔴","🟡")) -> 🔴
A81: =IF(COUNTA(C81:K81)=0,"",ROW()-1) -> 80 | B81: =IF($F81<>"",$A81,"") -> 80 | C81: OPA | D81: Honorable Senador | E81: =IF(UPPER($J81)="NO","",$M81) | F81: Cruz-coke Carvallo, Luciano | G81: Luciano | H81: Cruz-coke | I81: Carvallo | J81: NO | K81: Comisión de Desafíos del Futuro, Ciencia, Tecnología e Innovación | M81: VIP | N81: =IF(AND(UPPER($M81)="VIP",UPPER($J81)="SI",$F81<>""),"SI","NO") -> NO | O81: =IF(UPPER($J81)="SI","🟢",IF(UPPER($J81)="NO","🔴","🟡")) -> 🔴
A82: =IF(COUNTA(C82:K82)=0,"",ROW()-1) -> 81 | B82: =IF($F82<>"",$A82,"") -> 81 | C82: OPA | D82: Honorable Senador | E82: =IF(UPPER($J82)="NO","",$M82) | F82: Ossandón Irarrázabal, Manuel José | G82: Manuel José | H82: Ossandón | I82: Irarrázabal | J82: NO | K82: Comisión de Desafíos del Futuro, Ciencia, Tecnología e Innovación | M82: VIP | N82: =IF(AND(UPPER($M82)="VIP",UPPER($J82)="SI",$F82<>""),"SI","NO") -> NO | O82: =IF(UPPER($J82)="SI","🟢",IF(UPPER($J82)="NO","🔴","🟡")) -> 🔴
A83: =IF(COUNTA(C83:K83)=0,"",ROW()-1) -> 82 | B83: =IF($F83<>"",$A83,"") -> 82 | C83: OPA | D83: Honorable Senador | E83: =IF(UPPER($J83)="NO","",$M83) -> VIP | F83: Keitel Bianchi, Sebastián | G83: Sebastián | H83: Keitel | I83: Bianchi | J83: PENDIENTE | K83: Circunscripción 10 Región Biobío | M83: VIP | N83: =IF(AND(UPPER($M83)="VIP",UPPER($J83)="SI",$F83<>""),"SI","NO") -> NO | O83: =IF(UPPER($J83)="SI","🟢",IF(UPPER($J83)="NO","🔴","🟡")) -> 🟡 | P83: A1
A84: =IF(COUNTA(C84:K84)=0,"",ROW()-1) -> 83 | B84: =IF($F84<>"",$A84,"") -> 83 | C84: OPA | D84: Honorable Senador | E84: =IF(UPPER($J84)="NO","",$M84) -> VIP | F84: Van Rysselberghe Herrera, Enrique | G84: Enrique | H84: Van Rysselberghe | I84: Herrera | J84: SI | K84: Circunscripción 10 Región Biobío | M84: VIP | N84: =IF(AND(UPPER($M84)="VIP",UPPER($J84)="SI",$F84<>""),"SI","NO") -> SI | O84: =IF(UPPER($J84)="SI","🟢",IF(UPPER($J84)="NO","🔴","🟡")) -> 🟢 | P84: A45
A85: =IF(COUNTA(C85:K85)=0,"",ROW()-1) -> 84 | B85: =IF($F85<>"",$A85,"") -> 84 | C85: OPA | D85: Honorable Senador | E85: =IF(UPPER($J85)="NO","",$M85) -> VIP | F85: De Urresti Longton, Alfonso | G85: Alfonso | H85: De Urresti | I85: Longton | J85: SI | K85: Senador de la República | M85: VIP | N85: =IF(AND(UPPER($M85)="VIP",UPPER($J85)="SI",$F85<>""),"SI","NO") -> SI | O85: =IF(UPPER($J85)="SI","🟢",IF(UPPER($J85)="NO","🔴","🟡")) -> 🟢 | P85: B23
A86: =IF(COUNTA(C86:K86)=0,"",ROW()-1) -> 85 | B86: =IF($F86<>"",$A86,"") -> 85 | C86: OPA | D86: Honorable Senador | E86: =IF(UPPER($J86)="NO","",$M86) -> VIP | F86: Sanhueza Dueñas, Gustavo | G86: Gustavo | H86: Sanhueza | I86: Dueñas | J86: PENDIENTE | K86: Circunsripción Zona Ñuble | M86: VIP | N86: =IF(AND(UPPER($M86)="VIP",UPPER($J86)="SI",$F86<>""),"SI","NO") -> NO | O86: =IF(UPPER($J86)="SI","🟢",IF(UPPER($J86)="NO","🔴","🟡")) -> 🟡 | P86: B22
A87: =IF(COUNTA(C87:K87)=0,"",ROW()-1) -> 86 | B87: =IF($F87<>"",$A87,"") -> 86 | C87: OPA | D87: Honorable Senador | E87: =IF(UPPER($J87)="NO","",$M87) -> VIP | F87: Carvajal Ambiado, Loreto | G87: Loreto | H87: Carvajal | I87: Ambiado | J87: SI | K87: Circunsripción Zona Ñuble | M87: VIP | N87: =IF(AND(UPPER($M87)="VIP",UPPER($J87)="SI",$F87<>""),"SI","NO") -> SI | O87: =IF(UPPER($J87)="SI","🟢",IF(UPPER($J87)="NO","🔴","🟡")) -> 🟢 | P87: B24
A88: =IF(COUNTA(C88:K88)=0,"",ROW()-1) -> 87 | B88: =IF($F88<>"",$A88,"") -> 87 | C88: OPA | D88: Honorable Diputado | E88: =IF(UPPER($J88)="NO","",$M88) -> VIP | F88: Carter Fernández, Álvaro | G88: Álvaro | H88: Carter | I88: Fernández | J88: SI | K88: Presidente de la Comisión de Defensa Nacional | M88: VIP | N88: =IF(AND(UPPER($M88)="VIP",UPPER($J88)="SI",$F88<>""),"SI","NO") -> SI | O88: =IF(UPPER($J88)="SI","🟢",IF(UPPER($J88)="NO","🔴","🟡")) -> 🟢 | P88: B21
A89: =IF(COUNTA(C89:K89)=0,"",ROW()-1) -> 88 | B89: =IF($F89<>"",$A89,"") -> 88 | C89: OPA | D89: Honorable Diputado | E89: =IF(UPPER($J89)="NO","",$M89) -> VIP | F89: Barraza Gómez, Marcos | G89: Marcos | H89: Barraza | I89: Gómez | J89: PENDIENTE | K89: Integrante de la Comisión de Defensa Nacional | M89: VIP | N89: =IF(AND(UPPER($M89)="VIP",UPPER($J89)="SI",$F89<>""),"SI","NO") -> NO | O89: =IF(UPPER($J89)="SI","🟢",IF(UPPER($J89)="NO","🔴","🟡")) -> 🟡 | P89: B25
A90: =IF(COUNTA(C90:K90)=0,"",ROW()-1) -> 89 | B90: =IF($F90<>"",$A90,"") -> 89 | C90: OPA | D90: Honorable Diputado | E90: =IF(UPPER($J90)="NO","",$M90) | F90: Bassa Mercado, Jaime | G90: Jaime | H90: Bassa | I90: Mercado | J90: NO | K90: Integrante de la Comisión de Defensa Nacional | M90: VIP | N90: =IF(AND(UPPER($M90)="VIP",UPPER($J90)="SI",$F90<>""),"SI","NO") -> NO | O90: =IF(UPPER($J90)="SI","🟢",IF(UPPER($J90)="NO","🔴","🟡")) -> 🔴
A91: =IF(COUNTA(C91:K91)=0,"",ROW()-1) -> 90 | B91: =IF($F91<>"",$A91,"") -> 90 | C91: OPA | D91: Honorable Diputado | E91: =IF(UPPER($J91)="NO","",$M91) -> VIP | F91: Brito Hasbún, Jorge | G91: Jorge | H91: Brito | I91: Hasbún | J91: PENDIENTE | K91: Integrante de la Comisión de Defensa Nacional | M91: VIP | N91: =IF(AND(UPPER($M91)="VIP",UPPER($J91)="SI",$F91<>""),"SI","NO") -> NO | O91: =IF(UPPER($J91)="SI","🟢",IF(UPPER($J91)="NO","🔴","🟡")) -> 🟡 | P91: B20
A92: =IF(COUNTA(C92:K92)=0,"",ROW()-1) -> 91 | B92: =IF($F92<>"",$A92,"") -> 91 | C92: OPA | D92: Honorable Diputado | E92: =IF(UPPER($J92)="NO","",$M92) -> VIP | F92: Cuadrado Prats, Carlos | G92: Carlos | H92: Cuadrado | I92: Prats | J92: PENDIENTE | K92: Integrante de la Comisión de Defensa Nacional | M92: VIP | N92: =IF(AND(UPPER($M92)="VIP",UPPER($J92)="SI",$F92<>""),"SI","NO") -> NO | O92: =IF(UPPER($J92)="SI","🟢",IF(UPPER($J92)="NO","🔴","🟡")) -> 🟡 | P92: B26
A93: =IF(COUNTA(C93:K93)=0,"",ROW()-1) -> 92 | B93: =IF($F93<>"",$A93,"") -> 92 | C93: OPA | D93: Honorable Diputado | E93: =IF(UPPER($J93)="NO","",$M93) | F93: Kast Sommerhoff, Tomás | G93: Tomás | H93: Kast | I93: Sommerhoff | J93: NO | K93: Integrante de la Comisión de Defensa Nacional | M93: VIP | N93: =IF(AND(UPPER($M93)="VIP",UPPER($J93)="SI",$F93<>""),"SI","NO") -> NO | O93: =IF(UPPER($J93)="SI","🟢",IF(UPPER($J93)="NO","🔴","🟡")) -> 🔴
A94: =IF(COUNTA(C94:K94)=0,"",ROW()-1) -> 93 | B94: =IF($F94<>"",$A94,"") -> 93 | C94: OPA | D94: Honorable Diputado | E94: =IF(UPPER($J94)="NO","",$M94) | F94: Leiva Carvajal, Raúl | G94: Raúl | H94: Leiva | I94: Carvajal | J94: NO | K94: Integrante de la Comisión de Defensa Nacional | M94: VIP | N94: =IF(AND(UPPER($M94)="VIP",UPPER($J94)="SI",$F94<>""),"SI","NO") -> NO | O94: =IF(UPPER($J94)="SI","🟢",IF(UPPER($J94)="NO","🔴","🟡")) -> 🔴
A95: =IF(COUNTA(C95:K95)=0,"",ROW()-1) -> 94 | B95: =IF($F95<>"",$A95,"") -> 94 | C95: OPA | D95: Honorable Diputado | E95: =IF(UPPER($J95)="NO","",$M95) | F95: Marowski Cuevas, Hans | G95: Hans | H95: Marowski | I95: Cuevas | J95: NO | K95: Integrante de la Comisión de Defensa Nacional | M95: VIP | N95: =IF(AND(UPPER($M95)="VIP",UPPER($J95)="SI",$F95<>""),"SI","NO") -> NO | O95: =IF(UPPER($J95)="SI","🟢",IF(UPPER($J95)="NO","🔴","🟡")) -> 🔴 | P95: B19
A96: =IF(COUNTA(C96:K96)=0,"",ROW()-1) -> 95 | B96: =IF($F96<>"",$A96,"") -> 95 | C96: OPA | D96: Honorable Diputado | E96: =IF(UPPER($J96)="NO","",$M96) -> VIP | F96: Olivares Avendaño, Javier | G96: Javier | H96: Olivares | I96: Avendaño | J96: PENDIENTE | K96: Integrante de la Comisión de Defensa Nacional | M96: VIP | N96: =IF(AND(UPPER($M96)="VIP",UPPER($J96)="SI",$F96<>""),"SI","NO") -> NO | O96: =IF(UPPER($J96)="SI","🟢",IF(UPPER($J96)="NO","🔴","🟡")) -> 🟡 | P96: B27
A97: =IF(COUNTA(C97:K97)=0,"",ROW()-1) -> 96 | B97: =IF($F97<>"",$A97,"") -> 96 | C97: OPA | D97: Honorable Diputado | E97: =IF(UPPER($J97)="NO","",$M97) -> VIP | F97: Sabat Guzmán, Omar | G97: Omar | H97: Sabat | I97: Guzmán | J97: PENDIENTE | K97: Integrante de la Comisión de Defensa Nacional | M97: VIP | N97: =IF(AND(UPPER($M97)="VIP",UPPER($J97)="SI",$F97<>""),"SI","NO") -> NO | O97: =IF(UPPER($J97)="SI","🟢",IF(UPPER($J97)="NO","🔴","🟡")) -> 🟡 | P97: B18
A98: =IF(COUNTA(C98:K98)=0,"",ROW()-1) -> 97 | B98: =IF($F98<>"",$A98,"") -> 97 | C98: OPA | D98: Honorable Diputado | E98: =IF(UPPER($J98)="NO","",$M98) -> VIP | F98: Sánchez Ossa, Luis | G98: Luis | H98: Sánchez | I98: Ossa | J98: SI | K98: Integrante de la Comisión de Defensa Nacional | M98: VIP | N98: =IF(AND(UPPER($M98)="VIP",UPPER($J98)="SI",$F98<>""),"SI","NO") -> SI | O98: =IF(UPPER($J98)="SI","🟢",IF(UPPER($J98)="NO","🔴","🟡")) -> 🟢 | P98: B28
A99: =IF(COUNTA(C99:K99)=0,"",ROW()-1) -> 98 | B99: =IF($F99<>"",$A99,"") -> 98 | C99: OPA | D99: Honorable Diputado | E99: =IF(UPPER($J99)="NO","",$M99) -> VIP | F99: Valenzuela Salazar, Daniel | G99: Daniel | H99: Valenzuela | I99: Salazar | J99: SI | K99: Integrante de la Comisión de Defensa Nacional | M99: VIP | N99: =IF(AND(UPPER($M99)="VIP",UPPER($J99)="SI",$F99<>""),"SI","NO") -> SI | O99: =IF(UPPER($J99)="SI","🟢",IF(UPPER($J99)="NO","🔴","🟡")) -> 🟢 | P99: B17
A100: =IF(COUNTA(C100:K100)=0,"",ROW()-1) -> 99 | B100: =IF($F100<>"",$A100,"") -> 99 | C100: OPA | D100: Honorable Diputado | E100: =IF(UPPER($J100)="NO","",$M100) | F100: Zamora Soto, Sebastián | G100: Sebastián | H100: Zamora | I100: Soto | J100: NO | K100: Integrante de la Comisión de Defensa Nacional | M100: VIP | N100: =IF(AND(UPPER($M100)="VIP",UPPER($J100)="SI",$F100<>""),"SI","NO") -> NO | O100: =IF(UPPER($J100)="SI","🟢",IF(UPPER($J100)="NO","🔴","🟡")) -> 🔴
...

Sheet CONTROL ASISTENCIA
A1: CONTROL ASISTENCIA - GENERAL / VIP / 3 TRIBUNAS | L1: RESUMEN VIP SI
L2: VIP SI | M2: =SUMPRODUCT((MAESTRO!$M$2:$M$1399="VIP")*(MAESTRO!$J$2:$J$1399="SI")*(MAESTRO!$F$2:$F$1399<>"")) -> 138
A3: Indicador | B3: Cantidad | C3: Referencia | E3: TRIBUNA | F3: TOTAL BASE | G3: SI | H3: NO | I3: PENDIENTE | J3: DISTRIBUYE | L3: Asientos válidos | M3: =155 -> 155
A4: Total invitados | B4: =COUNTA(MAESTRO!$F$2:$F$1202) -> 717 | C4: NOMBRE COMPLETO | E4: VIP | F4: =COUNTIFS(MAESTRO!$F$2:$F$1202,"<>",MAESTRO!$M$2:$M$1202,E4) -> 317 | G4: =COUNTIFS(MAESTRO!$F$2:$F$1202,"<>",MAESTRO!$M$2:$M$1202,E4,MAESTRO!$J$2:$J$1202,"SI") -> 138 | H4: =COUNTIFS(MAESTRO!$F$2:$F$1202,"<>",MAESTRO!$M$2:$M$1202,E4,MAESTRO!$J$2:$J$1202,"NO") -> 100 | I4: =F4-G4-H4 -> 79 | J4: =COUNTIFS(MAESTRO!$F$2:$F$1202,"<>",MAESTRO!$E$2:$E$1202,E4,MAESTRO!$N$2:$N$1202,"SI") -> 137 | L4: Con asiento | M4: =SUMPRODUCT((LISTADO [1]VIP!$A$2:$A$1400<>"")*(LISTADO [1]VIP!$A$2:$A$1400<>"PENDIENTE POR ASIGNAR")) -> #NAME?
A5: Confirmados SI | B5: =COUNTIFS(MAESTRO!$F$2:$F$1202,"<>",MAESTRO!$J$2:$J$1202,"SI") -> 411 | C5: AST. | E5: LATERAL VIP | F5: =COUNTIFS(MAESTRO!$F$2:$F$1202,"<>",MAESTRO!$M$2:$M$1202,E5) -> 170 | G5: =COUNTIFS(MAESTRO!$F$2:$F$1202,"<>",MAESTRO!$M$2:$M$1202,E5,MAESTRO!$J$2:$J$1202,"SI") -> 137 | H5: =COUNTIFS(MAESTRO!$F$2:$F$1202,"<>",MAESTRO!$M$2:$M$1202,E5,MAESTRO!$J$2:$J$1202,"NO") -> 16 | I5: =F5-G5-H5 -> 17 | J5: =COUNTIFS(MAESTRO!$F$2:$F$1202,"<>",MAESTRO!$E$2:$E$1202,E5,MAESTRO!$N$2:$N$1202,"SI") -> 1 | L5: Pendiente | M5: =SUMPRODUCT((LISTADO [1]VIP!$A$2:$A$1400="PENDIENTE POR ASIGNAR")) -> #NAME?
A6: No asisten | B6: =COUNTIFS(MAESTRO!$F$2:$F$1202,"<>",MAESTRO!$J$2:$J$1202,"NO") -> 177 | C6: AST. | E6: LATERAL | F6: =COUNTIFS(MAESTRO!$F$2:$F$1202,"<>",MAESTRO!$M$2:$M$1202,E6) -> 191 | G6: =COUNTIFS(MAESTRO!$F$2:$F$1202,"<>",MAESTRO!$M$2:$M$1202,E6,MAESTRO!$J$2:$J$1202,"SI") -> 130 | H6: =COUNTIFS(MAESTRO!$F$2:$F$1202,"<>",MAESTRO!$M$2:$M$1202,E6,MAESTRO!$J$2:$J$1202,"NO") -> 31 | I6: =F6-G6-H6 -> 30 | J6: =COUNTIFS(MAESTRO!$F$2:$F$1202,"<>",MAESTRO!$E$2:$E$1202,E6,MAESTRO!$N$2:$N$1202,"SI") -> 0
A7: Pendientes | B7: =B4-B5-B6 -> 129 | C7: AST.
A8: Distribuye | B8: =COUNTIFS(MAESTRO!$F$2:$F$1202,"<>",MAESTRO!$N$2:$N$1202,"SI") -> 138 | C8: AST. distinto de NO
A9: VIP distribuye | B9: =COUNTIFS(MAESTRO!$F$2:$F$1202,"<>",MAESTRO!$E$2:$E$1202,"VIP",MAESTRO!$N$2:$N$1202,"SI") -> 137 | C9: Solo TRIBUNA = VIP
A10: Capacidad VIP | B10: =149 -> 149 | C10: Plano 149 asientos
A11: VIP sin asignar | B11: =MAX(0,B9-B10) -> 0 | C11: Exceso sobre 149
A14: RESUMEN POR FUENTE
A15: FUENTE | B15: TOTAL | C15: SI | D15: NO | E15: PENDIENTE | F15: VIP | G15: LATERAL VIP | H15: LATERAL | I15: DISTRIBUYE
A16: ACADÉMICOS | B16: =IF($A16="","",COUNTIFS(MAESTRO!$C$2:$C$1202,$A16,MAESTRO!$F$2:$F$1202,"<>")) -> 24 | C16: =IF($A16="","",COUNTIFS(MAESTRO!$C$2:$C$1202,$A16,MAESTRO!$J$2:$J$1202,"SI",MAESTRO!$F$2:$F$1202,"<>")) -> 12 | D16: =IF($A16="","",COUNTIFS(MAESTRO!$C$2:$C$1202,$A16,MAESTRO!$J$2:$J$1202,"NO",MAESTRO!$F$2:$F$1202,"<>")) -> 4 | E16: =IF($A16="","",B16-C16-D16) -> 8 | F16: =IF($A16="","",COUNTIFS(MAESTRO!$C$2:$C$1202,$A16,MAESTRO!$M$2:$M$1202,"VIP",MAESTRO!$F$2:$F$1202,"<>")) -> 13 | G16: =IF($A16="","",COUNTIFS(MAESTRO!$C$2:$C$1202,$A16,MAESTRO!$M$2:$M$1202,"LATERAL VIP",MAESTRO!$F$2:$F$1202,"<>")) -> 10 | H16: =IF($A16="","",COUNTIFS(MAESTRO!$C$2:$C$1202,$A16,MAESTRO!$M$2:$M$1202,"LATERAL",MAESTRO!$F$2:$F$1202,"<>")) -> 0 | I16: =IF($A16="","",COUNTIFS(MAESTRO!$C$2:$C$1202,$A16,MAESTRO!$N$2:$N$1202,"SI",MAESTRO!$F$2:$F$1202,"<>")) -> 5
A17: ASMAR | B17: =IF($A17="","",COUNTIFS(MAESTRO!$C$2:$C$1202,$A17,MAESTRO!$F$2:$F$1202,"<>")) -> 0 | C17: =IF($A17="","",COUNTIFS(MAESTRO!$C$2:$C$1202,$A17,MAESTRO!$J$2:$J$1202,"SI",MAESTRO!$F$2:$F$1202,"<>")) -> 0 | D17: =IF($A17="","",COUNTIFS(MAESTRO!$C$2:$C$1202,$A17,MAESTRO!$J$2:$J$1202,"NO",MAESTRO!$F$2:$F$1202,"<>")) -> 0 | E17: =IF($A17="","",B17-C17-D17) -> 0 | F17: =IF($A17="","",COUNTIFS(MAESTRO!$C$2:$C$1202,$A17,MAESTRO!$M$2:$M$1202,"VIP",MAESTRO!$F$2:$F$1202,"<>")) -> 0 | G17: =IF($A17="","",COUNTIFS(MAESTRO!$C$2:$C$1202,$A17,MAESTRO!$M$2:$M$1202,"LATERAL VIP",MAESTRO!$F$2:$F$1202,"<>")) -> 0 | H17: =IF($A17="","",COUNTIFS(MAESTRO!$C$2:$C$1202,$A17,MAESTRO!$M$2:$M$1202,"LATERAL",MAESTRO!$F$2:$F$1202,"<>")) -> 0 | I17: =IF($A17="","",COUNTIFS(MAESTRO!$C$2:$C$1202,$A17,MAESTRO!$N$2:$N$1202,"SI",MAESTRO!$F$2:$F$1202,"<>")) -> 0
A18: ASMAR DIRECCIÓN | B18: =IF($A18="","",COUNTIFS(MAESTRO!$C$2:$C$1202,$A18,MAESTRO!$F$2:$F$1202,"<>")) -> 25 | C18: =IF($A18="","",COUNTIFS(MAESTRO!$C$2:$C$1202,$A18,MAESTRO!$J$2:$J$1202,"SI",MAESTRO!$F$2:$F$1202,"<>")) -> 25 | D18: =IF($A18="","",COUNTIFS(MAESTRO!$C$2:$C$1202,$A18,MAESTRO!$J$2:$J$1202,"NO",MAESTRO!$F$2:$F$1202,"<>")) -> 0 | E18: =IF($A18="","",B18-C18-D18) -> 0 | F18: =IF($A18="","",COUNTIFS(MAESTRO!$C$2:$C$1202,$A18,MAESTRO!$M$2:$M$1202,"VIP",MAESTRO!$F$2:$F$1202,"<>")) -> 1 | G18: =IF($A18="","",COUNTIFS(MAESTRO!$C$2:$C$1202,$A18,MAESTRO!$M$2:$M$1202,"LATERAL VIP",MAESTRO!$F$2:$F$1202,"<>")) -> 11 | H18: =IF($A18="","",COUNTIFS(MAESTRO!$C$2:$C$1202,$A18,MAESTRO!$M$2:$M$1202,"LATERAL",MAESTRO!$F$2:$F$1202,"<>")) -> 13 | I18: =IF($A18="","",COUNTIFS(MAESTRO!$C$2:$C$1202,$A18,MAESTRO!$N$2:$N$1202,"SI",MAESTRO!$F$2:$F$1202,"<>")) -> 1
A19: ASMARMAG | B19: =IF($A19="","",COUNTIFS(MAESTRO!$C$2:$C$1202,$A19,MAESTRO!$F$2:$F$1202,"<>")) -> 8 | C19: =IF($A19="","",COUNTIFS(MAESTRO!$C$2:$C$1202,$A19,MAESTRO!$J$2:$J$1202,"SI",MAESTRO!$F$2:$F$1202,"<>")) -> 8 | D19: =IF($A19="","",COUNTIFS(MAESTRO!$C$2:$C$1202,$A19,MAESTRO!$J$2:$J$1202,"NO",MAESTRO!$F$2:$F$1202,"<>")) -> 0 | E19: =IF($A19="","",B19-C19-D19) -> 0 | F19: =IF($A19="","",COUNTIFS(MAESTRO!$C$2:$C$1202,$A19,MAESTRO!$M$2:$M$1202,"VIP",MAESTRO!$F$2:$F$1202,"<>")) -> 0 | G19: =IF($A19="","",COUNTIFS(MAESTRO!$C$2:$C$1202,$A19,MAESTRO!$M$2:$M$1202,"LATERAL VIP",MAESTRO!$F$2:$F$1202,"<>")) -> 0 | H19: =IF($A19="","",COUNTIFS(MAESTRO!$C$2:$C$1202,$A19,MAESTRO!$M$2:$M$1202,"LATERAL",MAESTRO!$F$2:$F$1202,"<>")) -> 8 | I19: =IF($A19="","",COUNTIFS(MAESTRO!$C$2:$C$1202,$A19,MAESTRO!$N$2:$N$1202,"SI",MAESTRO!$F$2:$F$1202,"<>")) -> 0
A20: ASMARTALC | B20: =IF($A20="","",COUNTIFS(MAESTRO!$C$2:$C$1202,$A20,MAESTRO!$F$2:$F$1202,"<>")) -> 72 | C20: =IF($A20="","",COUNTIFS(MAESTRO!$C$2:$C$1202,$A20,MAESTRO!$J$2:$J$1202,"SI",MAESTRO!$F$2:$F$1202,"<>")) -> 67 | D20: =IF($A20="","",COUNTIFS(MAESTRO!$C$2:$C$1202,$A20,MAESTRO!$J$2:$J$1202,"NO",MAESTRO!$F$2:$F$1202,"<>")) -> 4 | E20: =IF($A20="","",B20-C20-D20) -> 1 | F20: =IF($A20="","",COUNTIFS(MAESTRO!$C$2:$C$1202,$A20,MAESTRO!$M$2:$M$1202,"VIP",MAESTRO!$F$2:$F$1202,"<>")) -> 0 | G20: =IF($A20="","",COUNTIFS(MAESTRO!$C$2:$C$1202,$A20,MAESTRO!$M$2:$M$1202,"LATERAL VIP",MAESTRO!$F$2:$F$1202,"<>")) -> 1 | H20: =IF($A20="","",COUNTIFS(MAESTRO!$C$2:$C$1202,$A20,MAESTRO!$M$2:$M$1202,"LATERAL",MAESTRO!$F$2:$F$1202,"<>")) -> 70 | I20: =IF($A20="","",COUNTIFS(MAESTRO!$C$2:$C$1202,$A20,MAESTRO!$N$2:$N$1202,"SI",MAESTRO!$F$2:$F$1202,"<>")) -> 0
A21: ASMARVALP | B21: =IF($A21="","",COUNTIFS(MAESTRO!$C$2:$C$1202,$A21,MAESTRO!$F$2:$F$1202,"<>")) -> 11 | C21: =IF($A21="","",COUNTIFS(MAESTRO!$C$2:$C$1202,$A21,MAESTRO!$J$2:$J$1202,"SI",MAESTRO!$F$2:$F$1202,"<>")) -> 11 | D21: =IF($A21="","",COUNTIFS(MAESTRO!$C$2:$C$1202,$A21,MAESTRO!$J$2:$J$1202,"NO",MAESTRO!$F$2:$F$1202,"<>")) -> 0 | E21: =IF($A21="","",B21-C21-D21) -> 0 | F21: =IF($A21="","",COUNTIFS(MAESTRO!$C$2:$C$1202,$A21,MAESTRO!$M$2:$M$1202,"VIP",MAESTRO!$F$2:$F$1202,"<>")) -> 0 | G21: =IF($A21="","",COUNTIFS(MAESTRO!$C$2:$C$1202,$A21,MAESTRO!$M$2:$M$1202,"LATERAL VIP",MAESTRO!$F$2:$F$1202,"<>")) -> 1 | H21: =IF($A21="","",COUNTIFS(MAESTRO!$C$2:$C$1202,$A21,MAESTRO!$M$2:$M$1202,"LATERAL",MAESTRO!$F$2:$F$1202,"<>")) -> 10 | I21: =IF($A21="","",COUNTIFS(MAESTRO!$C$2:$C$1202,$A21,MAESTRO!$N$2:$N$1202,"SI",MAESTRO!$F$2:$F$1202,"<>")) -> 0
A22: CIVILES | B22: =IF($A22="","",COUNTIFS(MAESTRO!$C$2:$C$1202,$A22,MAESTRO!$F$2:$F$1202,"<>")) -> 3 | C22: =IF($A22="","",COUNTIFS(MAESTRO!$C$2:$C$1202,$A22,MAESTRO!$J$2:$J$1202,"SI",MAESTRO!$F$2:$F$1202,"<>")) -> 1 | D22: =IF($A22="","",COUNTIFS(MAESTRO!$C$2:$C$1202,$A22,MAESTRO!$J$2:$J$1202,"NO",MAESTRO!$F$2:$F$1202,"<>")) -> 1 | E22: =IF($A22="","",B22-C22-D22) -> 1 | F22: =IF($A22="","",COUNTIFS(MAESTRO!$C$2:$C$1202,$A22,MAESTRO!$M$2:$M$1202,"VIP",MAESTRO!$F$2:$F$1202,"<>")) -> 1 | G22: =IF($A22="","",COUNTIFS(MAESTRO!$C$2:$C$1202,$A22,MAESTRO!$M$2:$M$1202,"LATERAL VIP",MAESTRO!$F$2:$F$1202,"<>")) -> 1 | H22: =IF($A22="","",COUNTIFS(MAESTRO!$C$2:$C$1202,$A22,MAESTRO!$M$2:$M$1202,"LATERAL",MAESTRO!$F$2:$F$1202,"<>")) -> 1 | I22: =IF($A22="","",COUNTIFS(MAESTRO!$C$2:$C$1202,$A22,MAESTRO!$N$2:$N$1202,"SI",MAESTRO!$F$2:$F$1202,"<>")) -> 1
A23: INVITADOS ASMAR | B23: =IF($A23="","",COUNTIFS(MAESTRO!$C$2:$C$1202,$A23,MAESTRO!$F$2:$F$1202,"<>")) -> 0 | C23: =IF($A23="","",COUNTIFS(MAESTRO!$C$2:$C$1202,$A23,MAESTRO!$J$2:$J$1202,"SI",MAESTRO!$F$2:$F$1202,"<>")) -> 0 | D23: =IF($A23="","",COUNTIFS(MAESTRO!$C$2:$C$1202,$A23,MAESTRO!$J$2:$J$1202,"NO",MAESTRO!$F$2:$F$1202,"<>")) -> 0 | E23: =IF($A23="","",B23-C23-D23) -> 0 | F23: =IF($A23="","",COUNTIFS(MAESTRO!$C$2:$C$1202,$A23,MAESTRO!$M$2:$M$1202,"VIP",MAESTRO!$F$2:$F$1202,"<>")) -> 0 | G23: =IF($A23="","",COUNTIFS(MAESTRO!$C$2:$C$1202,$A23,MAESTRO!$M$2:$M$1202,"LATERAL VIP",MAESTRO!$F$2:$F$1202,"<>")) -> 0 | H23: =IF($A23="","",COUNTIFS(MAESTRO!$C$2:$C$1202,$A23,MAESTRO!$M$2:$M$1202,"LATERAL",MAESTRO!$F$2:$F$1202,"<>")) -> 0 | I23: =IF($A23="","",COUNTIFS(MAESTRO!$C$2:$C$1202,$A23,MAESTRO!$N$2:$N$1202,"SI",MAESTRO!$F$2:$F$1202,"<>")) -> 0
A24: INVITADOS DGSA | B24: =IF($A24="","",COUNTIFS(MAESTRO!$C$2:$C$1202,$A24,MAESTRO!$F$2:$F$1202,"<>")) -> 15 | C24: =IF($A24="","",COUNTIFS(MAESTRO!$C$2:$C$1202,$A24,MAESTRO!$J$2:$J$1202,"SI",MAESTRO!$F$2:$F$1202,"<>")) -> 5 | D24: =IF($A24="","",COUNTIFS(MAESTRO!$C$2:$C$1202,$A24,MAESTRO!$J$2:$J$1202,"NO",MAESTRO!$F$2:$F$1202,"<>")) -> 5 | E24: =IF($A24="","",B24-C24-D24) -> 5 | F24: =IF($A24="","",COUNTIFS(MAESTRO!$C$2:$C$1202,$A24,MAESTRO!$M$2:$M$1202,"VIP",MAESTRO!$F$2:$F$1202,"<>")) -> 3 | G24: =IF($A24="","",COUNTIFS(MAESTRO!$C$2:$C$1202,$A24,MAESTRO!$M$2:$M$1202,"LATERAL VIP",MAESTRO!$F$2:$F$1202,"<>")) -> 7 | H24: =IF($A24="","",COUNTIFS(MAESTRO!$C$2:$C$1202,$A24,MAESTRO!$M$2:$M$1202,"LATERAL",MAESTRO!$F$2:$F$1202,"<>")) -> 3 | I24: =IF($A24="","",COUNTIFS(MAESTRO!$C$2:$C$1202,$A24,MAESTRO!$N$2:$N$1202,"SI",MAESTRO!$F$2:$F$1202,"<>")) -> 2
A25: MADRINA | B25: =IF($A25="","",COUNTIFS(MAESTRO!$C$2:$C$1202,$A25,MAESTRO!$F$2:$F$1202,"<>")) -> 29 | C25: =IF($A25="","",COUNTIFS(MAESTRO!$C$2:$C$1202,$A25,MAESTRO!$J$2:$J$1202,"SI",MAESTRO!$F$2:$F$1202,"<>")) -> 14 | D25: =IF($A25="","",COUNTIFS(MAESTRO!$C$2:$C$1202,$A25,MAESTRO!$J$2:$J$1202,"NO",MAESTRO!$F$2:$F$1202,"<>")) -> 14 | E25: =IF($A25="","",B25-C25-D25) -> 1 | F25: =IF($A25="","",COUNTIFS(MAESTRO!$C$2:$C$1202,$A25,MAESTRO!$M$2:$M$1202,"VIP",MAESTRO!$F$2:$F$1202,"<>")) -> 3 | G25: =IF($A25="","",COUNTIFS(MAESTRO!$C$2:$C$1202,$A25,MAESTRO!$M$2:$M$1202,"LATERAL VIP",MAESTRO!$F$2:$F$1202,"<>")) -> 12 | H25: =IF($A25="","",COUNTIFS(MAESTRO!$C$2:$C$1202,$A25,MAESTRO!$M$2:$M$1202,"LATERAL",MAESTRO!$F$2:$F$1202,"<>")) -> 5 | I25: =IF($A25="","",COUNTIFS(MAESTRO!$C$2:$C$1202,$A25,MAESTRO!$N$2:$N$1202,"SI",MAESTRO!$F$2:$F$1202,"<>")) -> 0
A26: MANDOS SEZONA | B26: =IF($A26="","",COUNTIFS(MAESTRO!$C$2:$C$1202,$A26,MAESTRO!$F$2:$F$1202,"<>")) -> 37 | C26: =IF($A26="","",COUNTIFS(MAESTRO!$C$2:$C$1202,$A26,MAESTRO!$J$2:$J$1202,"SI",MAESTRO!$F$2:$F$1202,"<>")) -> 27 | D26: =IF($A26="","",COUNTIFS(MAESTRO!$C$2:$C$1202,$A26,MAESTRO!$J$2:$J$1202,"NO",MAESTRO!$F$2:$F$1202,"<>")) -> 2 | E26: =IF($A26="","",B26-C26-D26) -> 8 | F26: =IF($A26="","",COUNTIFS(MAESTRO!$C$2:$C$1202,$A26,MAESTRO!$M$2:$M$1202,"VIP",MAESTRO!$F$2:$F$1202,"<>")) -> 0 | G26: =IF($A26="","",COUNTIFS(MAESTRO!$C$2:$C$1202,$A26,MAESTRO!$M$2:$M$1202,"LATERAL VIP",MAESTRO!$F$2:$F$1202,"<>")) -> 10 | H26: =IF($A26="","",COUNTIFS(MAESTRO!$C$2:$C$1202,$A26,MAESTRO!$M$2:$M$1202,"LATERAL",MAESTRO!$F$2:$F$1202,"<>")) -> 27 | I26: =IF($A26="","",COUNTIFS(MAESTRO!$C$2:$C$1202,$A26,MAESTRO!$N$2:$N$1202,"SI",MAESTRO!$F$2:$F$1202,"<>")) -> 0
A27: MILITARES | B27: =IF($A27="","",COUNTIFS(MAESTRO!$C$2:$C$1202,$A27,MAESTRO!$F$2:$F$1202,"<>")) -> 46 | C27: =IF($A27="","",COUNTIFS(MAESTRO!$C$2:$C$1202,$A27,MAESTRO!$J$2:$J$1202,"SI",MAESTRO!$F$2:$F$1202,"<>")) -> 26 | D27: =IF($A27="","",COUNTIFS(MAESTRO!$C$2:$C$1202,$A27,MAESTRO!$J$2:$J$1202,"NO",MAESTRO!$F$2:$F$1202,"<>")) -> 16 | E27: =IF($A27="","",B27-C27-D27) -> 4 | F27: =IF($A27="","",COUNTIFS(MAESTRO!$C$2:$C$1202,$A27,MAESTRO!$M$2:$M$1202,"VIP",MAESTRO!$F$2:$F$1202,"<>")) -> 7 | G27: =IF($A27="","",COUNTIFS(MAESTRO!$C$2:$C$1202,$A27,MAESTRO!$M$2:$M$1202,"LATERAL VIP",MAESTRO!$F$2:$F$1202,"<>")) -> 31 | H27: =IF($A27="","",COUNTIFS(MAESTRO!$C$2:$C$1202,$A27,MAESTRO!$M$2:$M$1202,"LATERAL",MAESTRO!$F$2:$F$1202,"<>")) -> 5 | I27: =IF($A27="","",COUNTIFS(MAESTRO!$C$2:$C$1202,$A27,MAESTRO!$N$2:$N$1202,"SI",MAESTRO!$F$2:$F$1202,"<>")) -> 6
... A34: PROVEEDORES | B34: =IF($A34="","",COUNTIFS(MAESTRO!$C$2:$C$1202,$A34,MAESTRO!$F$2:$F$1202,"<>")) -> 82 | C34: =IF($A34="","",COUNTIFS(MAESTRO!$C$2:$C$1202,$A34,MAESTRO!$J$2:$J$1202,"SI",MAESTRO!$F$2:$F$1202,"<>")) -> 44 | D34: =IF($A34="","",COUNTIFS(MAESTRO!$C$2:$C$1202,$A34,MAESTRO!$J$2:$J$1202,"NO",MAESTRO!$F$2:$F$1202,"<>")) -> 15 | E34: =IF($A34="","",B34-C34-D34) -> 23 | F34: =IF($A34="","",COUNTIFS(MAESTRO!$C$2:$C$1202,$A34,MAESTRO!$M$2:$M$1202,"VIP",MAESTRO!$F$2:$F$1202,"<>")) -> 41 | G34: =IF($A34="","",COUNTIFS(MAESTRO!$C$2:$C$1202,$A34,MAESTRO!$M$2:$M$1202,"LATERAL VIP",MAESTRO!$F$2:$F$1202,"<>")) -> 25 | H34: =IF($A34="","",COUNTIFS(MAESTRO!$C$2:$C$1202,$A34,MAESTRO!$M$2:$M$1202,"LATERAL",MAESTRO!$F$2:$F$1202,"<>")) -> 7 | I34: =IF($A34="","",COUNTIFS(MAESTRO!$C$2:$C$1202,$A34,MAESTRO!$N$2:$N$1202,"SI",MAESTRO!$F$2:$F$1202,"<>")) -> 18
B35: =IF($A35="","",COUNTIFS(MAESTRO!$C$2:$C$1202,$A35,MAESTRO!$F$2:$F$1202,"<>")) | C35: =IF($A35="","",COUNTIFS(MAESTRO!$C$2:$C$1202,$A35,MAESTRO!$J$2:$J$1202,"SI",MAESTRO!$F$2:$F$1202,"<>")) | D35: =IF($A35="","",COUNTIFS(MAESTRO!$C$2:$C$1202,$A35,MAESTRO!$J$2:$J$1202,"NO",MAESTRO!$F$2:$F$1202,"<>")) | E35: =IF($A35="","",B35-C35-D35) | F35: =IF($A35="","",COUNTIFS(MAESTRO!$C$2:$C$1202,$A35,MAESTRO!$M$2:$M$1202,"VIP",MAESTRO!$F$2:$F$1202,"<>")) | G35: =IF($A35="","",COUNTIFS(MAESTRO!$C$2:$C$1202,$A35,MAESTRO!$M$2:$M$1202,"LATERAL VIP",MAESTRO!$F$2:$F$1202,"<>")) | H35: =IF($A35="","",COUNTIFS(MAESTRO!$C$2:$C$1202,$A35,MAESTRO!$M$2:$M$1202,"LATERAL",MAESTRO!$F$2:$F$1202,"<>")) | I35: =IF($A35="","",COUNTIFS(MAESTRO!$C$2:$C$1202,$A35,MAESTRO!$N$2:$N$1202,"SI",MAESTRO!$F$2:$F$1202,"<>"))
B36: =IF($A36="","",COUNTIFS(MAESTRO!$C$2:$C$1202,$A36,MAESTRO!$F$2:$F$1202,"<>")) | C36: =IF($A36="","",COUNTIFS(MAESTRO!$C$2:$C$1202,$A36,MAESTRO!$J$2:$J$1202,"SI",MAESTRO!$F$2:$F$1202,"<>")) | D36: =IF($A36="","",COUNTIFS(MAESTRO!$C$2:$C$1202,$A36,MAESTRO!$J$2:$J$1202,"NO",MAESTRO!$F$2:$F$1202,"<>")) | E36: =IF($A36="","",B36-C36-D36) | F36: =IF($A36="","",COUNTIFS(MAESTRO!$C$2:$C$1202,$A36,MAESTRO!$M$2:$M$1202,"VIP",MAESTRO!$F$2:$F$1202,"<>")) | G36: =IF($A36="","",COUNTIFS(MAESTRO!$C$2:$C$1202,$A36,MAESTRO!$M$2:$M$1202,"LATERAL VIP",MAESTRO!$F$2:$F$1202,"<>")) | H36: =IF($A36="","",COUNTIFS(MAESTRO!$C$2:$C$1202,$A36,MAESTRO!$M$2:$M$1202,"LATERAL",MAESTRO!$F$2:$F$1202,"<>")) | I36: =IF($A36="","",COUNTIFS(MAESTRO!$C$2:$C$1202,$A36,MAESTRO!$N$2:$N$1202,"SI",MAESTRO!$F$2:$F$1202,"<>"))
B37: =IF($A37="","",COUNTIFS(MAESTRO!$C$2:$C$1202,$A37,MAESTRO!$F$2:$F$1202,"<>")) | C37: =IF($A37="","",COUNTIFS(MAESTRO!$C$2:$C$1202,$A37,MAESTRO!$J$2:$J$1202,"SI",MAESTRO!$F$2:$F$1202,"<>")) | D37: =IF($A37="","",COUNTIFS(MAESTRO!$C$2:$C$1202,$A37,MAESTRO!$J$2:$J$1202,"NO",MAESTRO!$F$2:$F$1202,"<>")) | E37: =IF($A37="","",B37-C37-D37) | F37: =IF($A37="","",COUNTIFS(MAESTRO!$C$2:$C$1202,$A37,MAESTRO!$M$2:$M$1202,"VIP",MAESTRO!$F$2:$F$1202,"<>")) | G37: =IF($A37="","",COUNTIFS(MAESTRO!$C$2:$C$1202,$A37,MAESTRO!$M$2:$M$1202,"LATERAL VIP",MAESTRO!$F$2:$F$1202,"<>")) | H37: =IF($A37="","",COUNTIFS(MAESTRO!$C$2:$C$1202,$A37,MAESTRO!$M$2:$M$1202,"LATERAL",MAESTRO!$F$2:$F$1202,"<>")) | I37: =IF($A37="","",COUNTIFS(MAESTRO!$C$2:$C$1202,$A37,MAESTRO!$N$2:$N$1202,"SI",MAESTRO!$F$2:$F$1202,"<>"))
B38: =IF($A38="","",COUNTIFS(MAESTRO!$C$2:$C$1202,$A38,MAESTRO!$F$2:$F$1202,"<>")) | C38: =IF($A38="","",COUNTIFS(MAESTRO!$C$2:$C$1202,$A38,MAESTRO!$J$2:$J$1202,"SI",MAESTRO!$F$2:$F$1202,"<>")) | D38: =IF($A38="","",COUNTIFS(MAESTRO!$C$2:$C$1202,$A38,MAESTRO!$J$2:$J$1202,"NO",MAESTRO!$F$2:$F$1202,"<>")) | E38: =IF($A38="","",B38-C38-D38) | F38: =IF($A38="","",COUNTIFS(MAESTRO!$C$2:$C$1202,$A38,MAESTRO!$M$2:$M$1202,"VIP",MAESTRO!$F$2:$F$1202,"<>")) | G38: =IF($A38="","",COUNTIFS(MAESTRO!$C$2:$C$1202,$A38,MAESTRO!$M$2:$M$1202,"LATERAL VIP",MAESTRO!$F$2:$F$1202,"<>")) | H38: =IF($A38="","",COUNTIFS(MAESTRO!$C$2:$C$1202,$A38,MAESTRO!$M$2:$M$1202,"LATERAL",MAESTRO!$F$2:$F$1202,"<>")) | I38: =IF($A38="","",COUNTIFS(MAESTRO!$C$2:$C$1202,$A38,MAESTRO!$N$2:$N$1202,"SI",MAESTRO!$F$2:$F$1202,"<>"))
B39: =IF($A39="","",COUNTIFS(MAESTRO!$C$2:$C$1202,$A39,MAESTRO!$F$2:$F$1202,"<>")) | C39: =IF($A39="","",COUNTIFS(MAESTRO!$C$2:$C$1202,$A39,MAESTRO!$J$2:$J$1202,"SI",MAESTRO!$F$2:$F$1202,"<>")) | D39: =IF($A39="","",COUNTIFS(MAESTRO!$C$2:$C$1202,$A39,MAESTRO!$J$2:$J$1202,"NO",MAESTRO!$F$2:$F$1202,"<>")) | E39: =IF($A39="","",B39-C39-D39) | F39: =IF($A39="","",COUNTIFS(MAESTRO!$C$2:$C$1202,$A39,MAESTRO!$M$2:$M$1202,"VIP",MAESTRO!$F$2:$F$1202,"<>")) | G39: =IF($A39="","",COUNTIFS(MAESTRO!$C$2:$C$1202,$A39,MAESTRO!$M$2:$M$1202,"LATERAL VIP",MAESTRO!$F$2:$F$1202,"<>")) | H39: =IF($A39="","",COUNTIFS(MAESTRO!$C$2:$C$1202,$A39,MAESTRO!$M$2:$M$1202,"LATERAL",MAESTRO!$F$2:$F$1202,"<>")) | I39: =IF($A39="","",COUNTIFS(MAESTRO!$C$2:$C$1202,$A39,MAESTRO!$N$2:$N$1202,"SI",MAESTRO!$F$2:$F$1202,"<>"))
B40: =IF($A40="","",COUNTIFS(MAESTRO!$C$2:$C$1202,$A40,MAESTRO!$F$2:$F$1202,"<>")) | C40: =IF($A40="","",COUNTIFS(MAESTRO!$C$2:$C$1202,$A40,MAESTRO!$J$2:$J$1202,"SI",MAESTRO!$F$2:$F$1202,"<>")) | D40: =IF($A40="","",COUNTIFS(MAESTRO!$C$2:$C$1202,$A40,MAESTRO!$J$2:$J$1202,"NO",MAESTRO!$F$2:$F$1202,"<>")) | E40: =IF($A40="","",B40-C40-D40) | F40: =IF($A40="","",COUNTIFS(MAESTRO!$C$2:$C$1202,$A40,MAESTRO!$M$2:$M$1202,"VIP",MAESTRO!$F$2:$F$1202,"<>")) | G40: =IF($A40="","",COUNTIFS(MAESTRO!$C$2:$C$1202,$A40,MAESTRO!$M$2:$M$1202,"LATERAL VIP",MAESTRO!$F$2:$F$1202,"<>")) | H40: =IF($A40="","",COUNTIFS(MAESTRO!$C$2:$C$1202,$A40,MAESTRO!$M$2:$M$1202,"LATERAL",MAESTRO!$F$2:$F$1202,"<>")) | I40: =IF($A40="","",COUNTIFS(MAESTRO!$C$2:$C$1202,$A40,MAESTRO!$N$2:$N$1202,"SI",MAESTRO!$F$2:$F$1202,"<>"))
B41: =IF($A41="","",COUNTIFS(MAESTRO!$C$2:$C$1202,$A41,MAESTRO!$F$2:$F$1202,"<>")) | C41: =IF($A41="","",COUNTIFS(MAESTRO!$C$2:$C$1202,$A41,MAESTRO!$J$2:$J$1202,"SI",MAESTRO!$F$2:$F$1202,"<>")) | D41: =IF($A41="","",COUNTIFS(MAESTRO!$C$2:$C$1202,$A41,MAESTRO!$J$2:$J$1202,"NO",MAESTRO!$F$2:$F$1202,"<>")) | E41: =IF($A41="","",B41-C41-D41) | F41: =IF($A41="","",COUNTIFS(MAESTRO!$C$2:$C$1202,$A41,MAESTRO!$M$2:$M$1202,"VIP",MAESTRO!$F$2:$F$1202,"<>")) | G41: =IF($A41="","",COUNTIFS(MAESTRO!$C$2:$C$1202,$A41,MAESTRO!$M$2:$M$1202,"LATERAL VIP",MAESTRO!$F$2:$F$1202,"<>")) | H41: =IF($A41="","",COUNTIFS(MAESTRO!$C$2:$C$1202,$A41,MAESTRO!$M$2:$M$1202,"LATERAL",MAESTRO!$F$2:$F$1202,"<>")) | I41: =IF($A41="","",COUNTIFS(MAESTRO!$C$2:$C$1202,$A41,MAESTRO!$N$2:$N$1202,"SI",MAESTRO!$F$2:$F$1202,"<>"))
B42: =IF($A42="","",COUNTIFS(MAESTRO!$C$2:$C$1202,$A42,MAESTRO!$F$2:$F$1202,"<>")) | C42: =IF($A42="","",COUNTIFS(MAESTRO!$C$2:$C$1202,$A42,MAESTRO!$J$2:$J$1202,"SI",MAESTRO!$F$2:$F$1202,"<>")) | D42: =IF($A42="","",COUNTIFS(MAESTRO!$C$2:$C$1202,$A42,MAESTRO!$J$2:$J$1202,"NO",MAESTRO!$F$2:$F$1202,"<>")) | E42: =IF($A42="","",B42-C42-D42) | F42: =IF($A42="","",COUNTIFS(MAESTRO!$C$2:$C$1202,$A42,MAESTRO!$M$2:$M$1202,"VIP",MAESTRO!$F$2:$F$1202,"<>")) | G42: =IF($A42="","",COUNTIFS(MAESTRO!$C$2:$C$1202,$A42,MAESTRO!$M$2:$M$1202,"LATERAL VIP",MAESTRO!$F$2:$F$1202,"<>")) | H42: =IF($A42="","",COUNTIFS(MAESTRO!$C$2:$C$1202,$A42,MAESTRO!$M$2:$M$1202,"LATERAL",MAESTRO!$F$2:$F$1202,"<>")) | I42: =IF($A42="","",COUNTIFS(MAESTRO!$C$2:$C$1202,$A42,MAESTRO!$N$2:$N$1202,"SI",MAESTRO!$F$2:$F$1202,"<>"))
B43: =IF($A43="","",COUNTIFS(MAESTRO!$C$2:$C$1202,$A43,MAESTRO!$F$2:$F$1202,"<>")) | C43: =IF($A43="","",COUNTIFS(MAESTRO!$C$2:$C$1202,$A43,MAESTRO!$J$2:$J$1202,"SI",MAESTRO!$F$2:$F$1202,"<>")) | D43: =IF($A43="","",COUNTIFS(MAESTRO!$C$2:$C$1202,$A43,MAESTRO!$J$2:$J$1202,"NO",MAESTRO!$F$2:$F$1202,"<>")) | E43: =IF($A43="","",B43-C43-D43) | F43: =IF($A43="","",COUNTIFS(MAESTRO!$C$2:$C$1202,$A43,MAESTRO!$M$2:$M$1202,"VIP",MAESTRO!$F$2:$F$1202,"<>")) | G43: =IF($A43="","",COUNTIFS(MAESTRO!$C$2:$C$1202,$A43,MAESTRO!$M$2:$M$1202,"LATERAL VIP",MAESTRO!$F$2:$F$1202,"<>")) | H43: =IF($A43="","",COUNTIFS(MAESTRO!$C$2:$C$1202,$A43,MAESTRO!$M$2:$M$1202,"LATERAL",MAESTRO!$F$2:$F$1202,"<>")) | I43: =IF($A43="","",COUNTIFS(MAESTRO!$C$2:$C$1202,$A43,MAESTRO!$N$2:$N$1202,"SI",MAESTRO!$F$2:$F$1202,"<>"))
B44: =IF($A44="","",COUNTIFS(MAESTRO!$C$2:$C$1202,$A44,MAESTRO!$F$2:$F$1202,"<>")) | C44: =IF($A44="","",COUNTIFS(MAESTRO!$C$2:$C$1202,$A44,MAESTRO!$J$2:$J$1202,"SI",MAESTRO!$F$2:$F$1202,"<>")) | D44: =IF($A44="","",COUNTIFS(MAESTRO!$C$2:$C$1202,$A44,MAESTRO!$J$2:$J$1202,"NO",MAESTRO!$F$2:$F$1202,"<>")) | E44: =IF($A44="","",B44-C44-D44) | F44: =IF($A44="","",COUNTIFS(MAESTRO!$C$2:$C$1202,$A44,MAESTRO!$M$2:$M$1202,"VIP",MAESTRO!$F$2:$F$1202,"<>")) | G44: =IF($A44="","",COUNTIFS(MAESTRO!$C$2:$C$1202,$A44,MAESTRO!$M$2:$M$1202,"LATERAL VIP",MAESTRO!$F$2:$F$1202,"<>")) | H44: =IF($A44="","",COUNTIFS(MAESTRO!$C$2:$C$1202,$A44,MAESTRO!$M$2:$M$1202,"LATERAL",MAESTRO!$F$2:$F$1202,"<>")) | I44: =IF($A44="","",COUNTIFS(MAESTRO!$C$2:$C$1202,$A44,MAESTRO!$N$2:$N$1202,"SI",MAESTRO!$F$2:$F$1202,"<>"))
B45: =IF($A45="","",COUNTIFS(MAESTRO!$C$2:$C$1202,$A45,MAESTRO!$F$2:$F$1202,"<>")) | C45: =IF($A45="","",COUNTIFS(MAESTRO!$C$2:$C$1202,$A45,MAESTRO!$J$2:$J$1202,"SI",MAESTRO!$F$2:$F$1202,"<>")) | D45: =IF($A45="","",COUNTIFS(MAESTRO!$C$2:$C$1202,$A45,MAESTRO!$J$2:$J$1202,"NO",MAESTRO!$F$2:$F$1202,"<>")) | E45: =IF($A45="","",B45-C45-D45) | F45: =IF($A45="","",COUNTIFS(MAESTRO!$C$2:$C$1202,$A45,MAESTRO!$M$2:$M$1202,"VIP",MAESTRO!$F$2:$F$1202,"<>")) | G45: =IF($A45="","",COUNTIFS(MAESTRO!$C$2:$C$1202,$A45,MAESTRO!$M$2:$M$1202,"LATERAL VIP",MAESTRO!$F$2:$F$1202,"<>")) | H45: =IF($A45="","",COUNTIFS(MAESTRO!$C$2:$C$1202,$A45,MAESTRO!$M$2:$M$1202,"LATERAL",MAESTRO!$F$2:$F$1202,"<>")) | I45: =IF($A45="","",COUNTIFS(MAESTRO!$C$2:$C$1202,$A45,MAESTRO!$N$2:$N$1202,"SI",MAESTRO!$F$2:$F$1202,"<>"))
B46: =IF($A46="","",COUNTIFS(MAESTRO!$C$2:$C$1202,$A46,MAESTRO!$F$2:$F$1202,"<>")) | C46: =IF($A46="","",COUNTIFS(MAESTRO!$C$2:$C$1202,$A46,MAESTRO!$J$2:$J$1202,"SI",MAESTRO!$F$2:$F$1202,"<>")) | D46: =IF($A46="","",COUNTIFS(MAESTRO!$C$2:$C$1202,$A46,MAESTRO!$J$2:$J$1202,"NO",MAESTRO!$F$2:$F$1202,"<>")) | E46: =IF($A46="","",B46-C46-D46) | F46: =IF($A46="","",COUNTIFS(MAESTRO!$C$2:$C$1202,$A46,MAESTRO!$M$2:$M$1202,"VIP",MAESTRO!$F$2:$F$1202,"<>")) | G46: =IF($A46="","",COUNTIFS(MAESTRO!$C$2:$C$1202,$A46,MAESTRO!$M$2:$M$1202,"LATERAL VIP",MAESTRO!$F$2:$F$1202,"<>")) | H46: =IF($A46="","",COUNTIFS(MAESTRO!$C$2:$C$1202,$A46,MAESTRO!$M$2:$M$1202,"LATERAL",MAESTRO!$F$2:$F$1202,"<>")) | I46: =IF($A46="","",COUNTIFS(MAESTRO!$C$2:$C$1202,$A46,MAESTRO!$N$2:$N$1202,"SI",MAESTRO!$F$2:$F$1202,"<>"))
... B80: =IF($A80="","",COUNTIFS(MAESTRO!$C$2:$C$1202,$A80,MAESTRO!$F$2:$F$1202,"<>")) | C80: =IF($A80="","",COUNTIFS(MAESTRO!$C$2:$C$1202,$A80,MAESTRO!$J$2:$J$1202,"SI",MAESTRO!$F$2:$F$1202,"<>")) | D80: =IF($A80="","",COUNTIFS(MAESTRO!$C$2:$C$1202,$A80,MAESTRO!$J$2:$J$1202,"NO",MAESTRO!$F$2:$F$1202,"<>")) | E80: =IF($A80="","",B80-C80-D80) | F80: =IF($A80="","",COUNTIFS(MAESTRO!$C$2:$C$1202,$A80,MAESTRO!$M$2:$M$1202,"VIP",MAESTRO!$F$2:$F$1202,"<>")) | G80: =IF($A80="","",COUNTIFS(MAESTRO!$C$2:$C$1202,$A80,MAESTRO!$M$2:$M$1202,"LATERAL VIP",MAESTRO!$F$2:$F$1202,"<>")) | H80: =IF($A80="","",COUNTIFS(MAESTRO!$C$2:$C$1202,$A80,MAESTRO!$M$2:$M$1202,"LATERAL",MAESTRO!$F$2:$F$1202,"<>")) | I80: =IF($A80="","",COUNTIFS(MAESTRO!$C$2:$C$1202,$A80,MAESTRO!$N$2:$N$1202,"SI",MAESTRO!$F$2:$F$1202,"<>"))

Sheet DISTRIBUCION VIP
A1: DISTRIBUCIÓN VIP - DINÁMICA DESDE MAESTRO
A2: Al cambiar MAESTRO columna P / ASIENTO, este plano se actualiza automáticamente. Criterio: TRIBUNA BASE = VIP y AST. = SI.
A4: VIP SI | B4: =SUMPRODUCT((MAESTRO!$M$2:$M$1399="VIP")*(MAESTRO!$J$2:$J$1399="SI")*(MAESTRO!$F$2:$F$1399<>"")) -> 138
A5: Asientos válidos | B5: =155 -> 155
A6: Con asiento | B6: =SUMPRODUCT((LISTADO [1]VIP!$A$2:$A$1400<>"")*(LISTADO [1]VIP!$A$2:$A$1400<>"PENDIENTE POR ASIGNAR")) -> #NAME?
A7: Pendiente | B7: =SUMPRODUCT((LISTADO [1]VIP!$A$2:$A$1400="PENDIENTE POR ASIGNAR")) -> #NAME?
A8: Centro filas A/B/C | B8: ="23" -> 23
A9: Fila D | B9: ="D11-D17 reservado | D18-D27 sin silla | D28-D35 reservado" -> D11-D17 reservado | D18-D27 sin silla | D28-D35 reservado
B11: 1 | C11: 2 | D11: 3 | E11: 4 | F11: 5 | G11: 6 | H11: 7 | I11: 8 | J11: 9 | K11: 10 | L11: 11 | M11: 12 | N11: 13 | O11: 14 | P11: 15 | Q11: 16 | R11: 17 | S11: 18 | T11: 19 | U11: 20 | V11: 21 | W11: 22 | X11: 23 | Y11: 24 | Z11: 25 | AA11: 26 | AB11: 27 | AC11: 28 | AD11: 29 | AE11: 30 | AF11: 31 | AG11: 32 | AH11: 33 | AI11: 34 | AJ11: 35 | AK11: 36 | AL11: 37 | AM11: 38 | AN11: 39 | AO11: 40 | AP11: 41 | AQ11: 42 | AR11: 43 | AS11: 44 | AT11: 45
A12: FILA A | B12: =IFERROR("A1"&CHAR(10)&INDEX('LISTADO VIP'!$H$2:$H$1400,MATCH("A1",'LISTADO VIP'!$A$2:$A$1400,0))&CHAR(10)&INDEX('LISTADO VIP'!$I$2:$I$1400,MATCH("A1",'LISTADO VIP'!$A$2:$A$1400,0)),"A1") -> A1 Cristian Vergara Gerente General ESSBIO | C12: =IFERROR("A2"&CHAR(10)&INDEX('LISTADO VIP'!$H$2:$H$1400,MATCH("A2",'LISTADO VIP'!$A$2:$A$1400,0))&CHAR(10)&INDEX('LISTADO VIP'!$I$2:$I$1400,MATCH("A2",'LISTADO VIP'!$A$2:$A$1400,0)),"A2") -> A2 Rodrigo Cardoen Aylwin Invitado Especial Director ASMAR | D12: =IFERROR("A3"&CHAR(10)&INDEX('LISTADO VIP'!$H$2:$H$1400,MATCH("A3",'LISTADO VIP'!$A$2:$A$1400,0))&CHAR(10)&INDEX('LISTADO VIP'!$I$2:$I$1400,MATCH("A3",'LISTADO VIP'!$A$2:$A$1400,0)),"A3") -> A3 Julio Anativia Zamora Delegado Presidencial Región de Bio Bio | E12: =IFERROR("A4"&CHAR(10)&INDEX('LISTADO VIP'!$H$2:$H$1400,MATCH("A4",'LISTADO VIP'!$A$2:$A$1400,0))&CHAR(10)&INDEX('LISTADO VIP'!$I$2:$I$1400,MATCH("A4",'LISTADO VIP'!$A$2:$A$1400,0)),"A4") -> A4 Sergio Giacaman García Gobernador Región Bio Bio | F12: =IFERROR("A5"&CHAR(10)&INDEX('LISTADO VIP'!$H$2:$H$1400,MATCH("A5",'LISTADO VIP'!$A$2:$A$1400,0))&CHAR(10)&INDEX('LISTADO VIP'!$I$2:$I$1400,MATCH("A5",'LISTADO VIP'!$A$2:$A$1400,0)),"A5") -> A5 Marcela Larrañaga Martin Madrina | G12: =IFERROR("A6"&CHAR(10)&INDEX('LISTADO VIP'!$H$2:$H$1400,MATCH("A6",'LISTADO VIP'!$A$2:$A$1400,0))&CHAR(10)&INDEX('LISTADO VIP'!$I$2:$I$1400,MATCH("A6",'LISTADO VIP'!$A$2:$A$1400,0)),"A6") -> A6 Milka Gavilán Ortiz Comité CORFO - Presidenta Sindicato ASMAR | H12: =IFERROR("A7"&CHAR(10)&INDEX('LISTADO VIP'!$H$2:$H$1400,MATCH("A7",'LISTADO VIP'!$A$2:$A$1400,0))&CHAR(10)&INDEX('LISTADO VIP'!$I$2:$I$1400,MATCH("A7",'LISTADO VIP'!$A$2:$A$1400,0)),"A7") -> A7 Miguel Stange Muñoz *Comandante en Jefe de la Fuerza Aérea de Chile (S) | I12: =IFERROR("A8"&CHAR(10)&INDEX('LISTADO VIP'!$H$2:$H$1400,MATCH("A8",'LISTADO VIP'!$A$2:$A$1400,0))&CHAR(10)&INDEX('LISTADO VIP'!$I$2:$I$1400,MATCH("A8",'LISTADO VIP'!$A$2:$A$1400,0)),"A8") -> A8 Julio Leiva Molina Ex - Comandante en Jefe de la Armada | J12: =IFERROR("A9"&CHAR(10)&INDEX('LISTADO VIP'!$H$2:$H$1400,MATCH("A9",'LISTADO VIP'!$A$2:$A$1400,0))&CHAR(10)&INDEX('LISTADO VIP'!$I$2:$I$1400,MATCH("A9",'LISTADO VIP'!$A$2:$A$1400,0)),"A9") -> A9 Sone Kenko Embajadora de Japón en Chile | K12: =IFERROR("A10"&CHAR(10)&INDEX('LISTADO VIP'!$H$2:$H$1400,MATCH("A10",'LISTADO VIP'!$A$2:$A$1400,0))&CHAR(10)&INDEX('LISTADO VIP'!$I$2:$I$1400,MATCH("A10",'LISTADO VIP'!$A$2:$A$1400,0)),"A10") -> A10 Patricio Martínez Fernández Gerente General Mutual de Seguros de Chile | L12: =IFERROR("A11"&CHAR(10)&INDEX('LISTADO VIP'!$H$2:$H$1400,MATCH("A11",'LISTADO VIP'!$A$2:$A$1400,0))&CHAR(10)&INDEX('LISTADO VIP'!$I$2:$I$1400,MATCH("A11",'LISTADO VIP'!$A$2:$A$1400,0)),"A11") -> A11 Fernando García Presidente ASIMET A.G. | M12: =IFERROR("A12"&CHAR(10)&INDEX('LISTADO VIP'!$H$2:$H$1400,MATCH("A12",'LISTADO VIP'!$A$2:$A$1400,0))&CHAR(10)&INDEX('LISTADO VIP'!$I$2:$I$1400,MATCH("A12",'LISTADO VIP'!$A$2:$A$1400,0)),"A12") -> A12 Sebastián Guanumen Parra Embajador de Colombia en Chile | N12: =IFERROR("A13"&CHAR(10)&INDEX('LISTADO VIP'!$H$2:$H$1400,MATCH("A13",'LISTADO VIP'!$A$2:$A$1400,0))&CHAR(10)&INDEX('LISTADO VIP'!$I$2:$I$1400,MATCH("A13",'LISTADO VIP'!$A$2:$A$1400,0)),"A13") -> A13 Marcelo Fuster Roa Gerente General Corporativo ASIMET A.G. - Comité CORFO | O12: =IFERROR("A14"&CHAR(10)&INDEX('LISTADO VIP'!$H$2:$H$1400,MATCH("A14",'LISTADO VIP'!$A$2:$A$1400,0))&CHAR(10)&INDEX('LISTADO VIP'!$I$2:$I$1400,MATCH("A14",'LISTADO VIP'!$A$2:$A$1400,0)),"A14") -> A14 Luis González Otero Ayudor VA peruano | P12: =IFERROR("A15"&CHAR(10)&INDEX('LISTADO VIP'!$H$2:$H$1400,MATCH("A15",'LISTADO VIP'!$A$2:$A$1400,0))&CHAR(10)&INDEX('LISTADO VIP'!$I$2:$I$1400,MATCH("A15",'LISTADO VIP'!$A$2:$A$1400,0)),"A15") -> A15 Christian Marambio Taylor Edecan Presidente del Senado | Q12: =IFERROR("A16"&CHAR(10)&INDEX('LISTADO VIP'!$H$2:$H$1400,MATCH("A16",'LISTADO VIP'!$A$2:$A$1400,0))&CHAR(10)&INDEX('LISTADO VIP'!$I$2:$I$1400,MATCH("A16",'LISTADO VIP'!$A$2:$A$1400,0)),"A16") -> A16 Pablo Berg Aldoney AYUDORALM | R12: =IFERROR("A17"&CHAR(10)&INDEX('LISTADO VIP'!$H$2:$H$1400,MATCH("A17",'LISTADO VIP'!$A$2:$A$1400,0))&CHAR(10)&INDEX('LISTADO VIP'!$I$2:$I$1400,MATCH("A17",'LISTADO VIP'!$A$2:$A$1400,0)),"A17") -> A17 Claudio Alvarado Andrade Biministro del Interior y Secretario General de Gobierno | S12: =IFERROR("A18"&CHAR(10)&INDEX('LISTADO VIP'!$H$2:$H$1400,MATCH("A18",'LISTADO VIP'!$A$2:$A$1400,0))&CHAR(10)&INDEX('LISTADO VIP'!$I$2:$I$1400,MATCH("A18",'LISTADO VIP'!$A$2:$A$1400,0)),"A18") -> A18 David Gonzalez Lorenzo Gerente General Puerto Huachipato | T12: =IFERROR("A19"&CHAR(10)&INDEX('LISTADO VIP'!$H$2:$H$1400,MATCH("A19",'LISTADO VIP'!$A$2:$A$1400,0))&CHAR(10)&INDEX('LISTADO VIP'!$I$2:$I$1400,MATCH("A19",'LISTADO VIP'!$A$2:$A$1400,0)),"A19") -> A19 Jacqueline Sepúlveda Carreño Rector Universidad de Concepción | U12: =IFERROR("A20"&CHAR(10)&INDEX('LISTADO VIP'!$H$2:$H$1400,MATCH("A20",'LISTADO VIP'!$A$2:$A$1400,0))&CHAR(10)&INDEX('LISTADO VIP'!$I$2:$I$1400,MATCH("A20",'LISTADO VIP'!$A$2:$A$1400,0)),"A20") -> A20 Alan Cárcamo Barrientos Representante FACH Consejo Superior ASMAR | V12: =IFERROR("A21"&CHAR(10)&INDEX('LISTADO VIP'!$H$2:$H$1400,MATCH("A21",'LISTADO VIP'!$A$2:$A$1400,0))&CHAR(10)&INDEX('LISTADO VIP'!$I$2:$I$1400,MATCH("A21",'LISTADO VIP'!$A$2:$A$1400,0)),"A21") -> A21 Fernando Cabrera Salazar *Comandante en Jefe de la Armada | W12: =IFERROR("A22"&CHAR(10)&INDEX('LISTADO VIP'!$H$2:$H$1400,MATCH("A22",'LISTADO VIP'!$A$2:$A$1400,0))&CHAR(10)&INDEX('LISTADO VIP'!$I$2:$I$1400,MATCH("A22",'LISTADO VIP'!$A$2:$A$1400,0)),"A22") -> A22 Fernando Barros Tocornal *Ministro de Defensa Nacional | X12: =IFERROR("A23"&CHAR(10)&INDEX('LISTADO VIP'!$H$2:$H$1400,MATCH("A23",'LISTADO VIP'!$A$2:$A$1400,0))&CHAR(10)&INDEX('LISTADO VIP'!$I$2:$I$1400,MATCH("A23",'LISTADO VIP'!$A$2:$A$1400,0)),"A23") -> A23 José Antonio Kast Rist * Presidente de la República | Y12: =IFERROR("A24"&CHAR(10)&INDEX('LISTADO VIP'!$H$2:$H$1400,MATCH("A24",'LISTADO VIP'!$A$2:$A$1400,0))&CHAR(10)&INDEX('LISTADO VIP'!$I$2:$I$1400,MATCH("A24",'LISTADO VIP'!$A$2:$A$1400,0)),"A24") -> A24 María Pía Adriasola Barroihet Esposa del Presidente de la República | Z12: =IFERROR("A25"&CHAR(10)&INDEX('LISTADO VIP'!$H$2:$H$1400,MATCH("A25",'LISTADO VIP'!$A$2:$A$1400,0))&CHAR(10)&INDEX('LISTADO VIP'!$I$2:$I$1400,MATCH("A25",'LISTADO VIP'!$A$2:$A$1400,0)),"A25") -> A25 Roxana Mery Casella Esposa del Comandante en Jefe de la Armada | AA12: =IFERROR("A26"&CHAR(10)&INDEX('LISTADO VIP'!$H$2:$H$1400,MATCH("A26",'LISTADO VIP'!$A$2:$A$1400,0))&CHAR(10)&INDEX('LISTADO VIP'!$I$2:$I$1400,MATCH("A26",'LISTADO VIP'!$A$2:$A$1400,0)),"A26") -> A26 | AB12: =IFERROR("A27"&CHAR(10)&INDEX('LISTADO VIP'!$H$2:$H$1400,MATCH("A27",'LISTADO VIP'!$A$2:$A$1400,0))&CHAR(10)&INDEX('LISTADO VIP'!$I$2:$I$1400,MATCH("A27",'LISTADO VIP'!$A$2:$A$1400,0)),"A27") -> A27 Paz Hormazábal Poblete Vicerrectora Universidad de Las Américas sede Concepción - Vicepresidenta CIDERE Biobio | AC12: =IFERROR("A28"&CHAR(10)&INDEX('LISTADO VIP'!$H$2:$H$1400,MATCH("A28",'LISTADO VIP'!$A$2:$A$1400,0))&CHAR(10)&INDEX('LISTADO VIP'!$I$2:$I$1400,MATCH("A28",'LISTADO VIP'!$A$2:$A$1400,0)),"A28") -> A28 Gonzalo Tampier Brockhaus Director de Desarrrollo e Innovación Universidad Austral - Comité CORFO | AD12: =IFERROR("A29"&CHAR(10)&INDEX('LISTADO VIP'!$H$2:$H$1400,MATCH("A29",'LISTADO VIP'!$A$2:$A$1400,0))&CHAR(10)&INDEX('LISTADO VIP'!$I$2:$I$1400,MATCH("A29",'LISTADO VIP'!$A$2:$A$1400,0)),"A29") -> A29 Alessandro Pulleghini Flores Edecán SEPRE | AE12: =IFERROR("A30"&CHAR(10)&INDEX('LISTADO VIP'!$H$2:$H$1400,MATCH("A30",'LISTADO VIP'!$A$2:$A$1400,0))&CHAR(10)&INDEX('LISTADO VIP'!$I$2:$I$1400,MATCH("A30",'LISTADO VIP'!$A$2:$A$1400,0)),"A30") -> A30 César Negrete Cristi Oficial Enlace Armada de las SSFFAA | AF12: =IFERROR("A31"&CHAR(10)&INDEX('LISTADO VIP'!$H$2:$H$1400,MATCH("A31",'LISTADO VIP'!$A$2:$A$1400,0))&CHAR(10)&INDEX('LISTADO VIP'!$I$2:$I$1400,MATCH("A31",'LISTADO VIP'!$A$2:$A$1400,0)),"A31") -> A31 Joaquín Opazo Rojas Ayudor MINDEF | AG12: =IFERROR("A32"&CHAR(10)&INDEX('LISTADO VIP'!$H$2:$H$1400,MATCH("A32",'LISTADO VIP'!$A$2:$A$1400,0))&CHAR(10)&INDEX('LISTADO VIP'!$I$2:$I$1400,MATCH("A32",'LISTADO VIP'!$A$2:$A$1400,0)),"A32") -> A32 Karen Krakman Consul Países Bajos Concepción | AH12: =IFERROR("A33"&CHAR(10)&INDEX('LISTADO VIP'!$H$2:$H$1400,MATCH("A33",'LISTADO VIP'!$A$2:$A$1400,0))&CHAR(10)&INDEX('LISTADO VIP'!$I$2:$I$1400,MATCH("A33",'LISTADO VIP'!$A$2:$A$1400,0)),"A33") -> A33 Ahmet Ihsan Kiziltan Embajadora de Turquia en Chile | AI12: =IFERROR("A34"&CHAR(10)&INDEX('LISTADO VIP'!$H$2:$H$1400,MATCH("A34",'LISTADO VIP'!$A$2:$A$1400,0))&CHAR(10)&INDEX('LISTADO VIP'!$I$2:$I$1400,MATCH("A34",'LISTADO VIP'!$A$2:$A$1400,0)),"A34") -> A34 Karolina Linda Guay Guay Embajadora de Canadá en Chile | AJ12: =IFERROR("A35"&CHAR(10)&INDEX('LISTADO VIP'!$H$2:$H$1400,MATCH("A35",'LISTADO VIP'!$A$2:$A$1400,0))&CHAR(10)&INDEX('LISTADO VIP'!$I$2:$I$1400,MATCH("A35",'LISTADO VIP'!$A$2:$A$1400,0)),"A35") -> A35 Elke Schaapveld E/v Merks Embajadora de los Países Bajos en Chile | AK12: =IFERROR("A36"&CHAR(10)&INDEX('LISTADO VIP'!$H$2:$H$1400,MATCH("A36",'LISTADO VIP'!$A$2:$A$1400,0))&CHAR(10)&INDEX('LISTADO VIP'!$I$2:$I$1400,MATCH("A36",'LISTADO VIP'!$A$2:$A$1400,0)),"A36") -> A36 Laura Oroz Ulibarri Embajadora de España en Chile | AL12: =IFERROR("A37"&CHAR(10)&INDEX('LISTADO VIP'!$H$2:$H$1400,MATCH("A37",'LISTADO VIP'!$A$2:$A$1400,0))&CHAR(10)&INDEX('LISTADO VIP'!$I$2:$I$1400,MATCH("A37",'LISTADO VIP'!$A$2:$A$1400,0)),"A37") -> A37 Peleg Lewi Embajadora de Israel en Chile | AM12: =IFERROR("A38"&CHAR(10)&INDEX('LISTADO VIP'!$H$2:$H$1400,MATCH("A38",'LISTADO VIP'!$A$2:$A$1400,0))&CHAR(10)&INDEX('LISTADO VIP'!$I$2:$I$1400,MATCH("A38",'LISTADO VIP'!$A$2:$A$1400,0)),"A38") -> A38 Pedro Varela Sabando *Comandante en Jefe del Ejército | AN12: =IFERROR("A39"&CHAR(10)&INDEX('LISTADO VIP'!$H$2:$H$1400,MATCH("A39",'LISTADO VIP'!$A$2:$A$1400,0))&CHAR(10)&INDEX('LISTADO VIP'!$I$2:$I$1400,MATCH("A39",'LISTADO VIP'!$A$2:$A$1400,0)),"A39") -> A39 Marcelo Araya Zapata *General Director de Carabineros de Chile | AO12: =IFERROR("A40"&CHAR(10)&INDEX('LISTADO VIP'!$H$2:$H$1400,MATCH("A40",'LISTADO VIP'!$A$2:$A$1400,0))&CHAR(10)&INDEX('LISTADO VIP'!$I$2:$I$1400,MATCH("A40",'LISTADO VIP'!$A$2:$A$1400,0)),"A40") -> A40 Rodrigo Silva Gerente General COOPEUCH | AP12: =IFERROR("A41"&CHAR(10)&INDEX('LISTADO VIP'!$H$2:$H$1400,MATCH("A41",'LISTADO VIP'!$A$2:$A$1400,0))&CHAR(10)&INDEX('LISTADO VIP'!$I$2:$I$1400,MATCH("A41",'LISTADO VIP'!$A$2:$A$1400,0)),"A41") -> A41 Leonardo Romanini Gutiérrez Jefe del Estado Mayor Conjunto de las Fuerzas Armadas | AQ12: =IFERROR("A42"&CHAR(10)&INDEX('LISTADO VIP'!$H$2:$H$1400,MATCH("A42",'LISTADO VIP'!$A$2:$A$1400,0))&CHAR(10)&INDEX('LISTADO VIP'!$I$2:$I$1400,MATCH("A42",'LISTADO VIP'!$A$2:$A$1400,0)),"A42") -> A42 Jorge Flies Añon Gobernador Región de Magallanes | AR12: =IFERROR("A43"&CHAR(10)&INDEX('LISTADO VIP'!$H$2:$H$1400,MATCH("A43",'LISTADO VIP'!$A$2:$A$1400,0))&CHAR(10)&INDEX('LISTADO VIP'!$I$2:$I$1400,MATCH("A43",'LISTADO VIP'!$A$2:$A$1400,0)),"A43") -> A43 Carlos Cardoen Cornejo Invitado Especial Director ASMAR | AS12: =IFERROR("A44"&CHAR(10)&INDEX('LISTADO VIP'!$H$2:$H$1400,MATCH("A44",'LISTADO VIP'!$A$2:$A$1400,0))&CHAR(10)&INDEX('LISTADO VIP'!$I$2:$I$1400,MATCH("A44",'LISTADO VIP'!$A$2:$A$1400,0)),"A44") -> A44 Gastón Saavedra Chandía Comisión de Defensa Nacional | AT12: =IFERROR("A45"&CHAR(10)&INDEX('LISTADO VIP'!$H$2:$H$1400,MATCH("A45",'LISTADO VIP'!$A$2:$A$1400,0))&CHAR(10)&INDEX('LISTADO VIP'!$I$2:$I$1400,MATCH("A45",'LISTADO VIP'!$A$2:$A$1400,0)),"A45") -> A45 Enrique Van Rysselberghe Herrera Circunscripción 10 Región Biobío
A13: FILA B | B13: =IFERROR("B1"&CHAR(10)&INDEX('LISTADO VIP'!$H$2:$H$1400,MATCH("B1",'LISTADO VIP'!$A$2:$A$1400,0))&CHAR(10)&INDEX('LISTADO VIP'!$I$2:$I$1400,MATCH("B1",'LISTADO VIP'!$A$2:$A$1400,0)),"B1") -> B1 | C13: =IFERROR("B2"&CHAR(10)&INDEX('LISTADO VIP'!$H$2:$H$1400,MATCH("B2",'LISTADO VIP'!$A$2:$A$1400,0))&CHAR(10)&INDEX('LISTADO VIP'!$I$2:$I$1400,MATCH("B2",'LISTADO VIP'!$A$2:$A$1400,0)),"B2") -> B2 Guillermo Luttges Mathieu Gerente Corporativo de Construcción Naval | D13: =IFERROR("B3"&CHAR(10)&INDEX('LISTADO VIP'!$H$2:$H$1400,MATCH("B3",'LISTADO VIP'!$A$2:$A$1400,0))&CHAR(10)&INDEX('LISTADO VIP'!$I$2:$I$1400,MATCH("B3",'LISTADO VIP'!$A$2:$A$1400,0)),"B3") -> B3 Elizabeth Zapata González Directora Desarrollo Tecnológico Corfo y Directora Ejecutiva Comité de Construcción Naval | E13: =IFERROR("B4"&CHAR(10)&INDEX('LISTADO VIP'!$H$2:$H$1400,MATCH("B4",'LISTADO VIP'!$A$2:$A$1400,0))&CHAR(10)&INDEX('LISTADO VIP'!$I$2:$I$1400,MATCH("B4",'LISTADO VIP'!$A$2:$A$1400,0)),"B4") -> B4 Rafael Castillo Vallejos Admistrador ASMAR (T) | F13: =IFERROR("B5"&CHAR(10)&INDEX('LISTADO VIP'!$H$2:$H$1400,MATCH("B5",'LISTADO VIP'!$A$2:$A$1400,0))&CHAR(10)&INDEX('LISTADO VIP'!$I$2:$I$1400,MATCH("B5",'LISTADO VIP'!$A$2:$A$1400,0)),"B5") -> B5 Rafael Araos Bralic Subsecretaria de Ciencia, Tecnología, Conocimiento e Innovación | G13: =IFERROR("B6"&CHAR(10)&INDEX('LISTADO VIP'!$H$2:$H$1400,MATCH("B6",'LISTADO VIP'!$A$2:$A$1400,0))&CHAR(10)&INDEX('LISTADO VIP'!$I$2:$I$1400,MATCH("B6",'LISTADO VIP'!$A$2:$A$1400,0)),"B6") -> B6 Rodrigo Álvarez Aguirre *Subsecretario de Defensa | H13: =IFERROR("B7"&CHAR(10)&INDEX('LISTADO VIP'!$H$2:$H$1400,MATCH("B7",'LISTADO VIP'!$A$2:$A$1400,0))&CHAR(10)&INDEX('LISTADO VIP'!$I$2:$I$1400,MATCH("B7",'LISTADO VIP'!$A$2:$A$1400,0)),"B7") -> B7 Pablo Menéndez Gómez Director Comercial América, NAVANTIA | I13: =IFERROR("B8"&CHAR(10)&INDEX('LISTADO VIP'!$H$2:$H$1400,MATCH("B8",'LISTADO VIP'!$A$2:$A$1400,0))&CHAR(10)&INDEX('LISTADO VIP'!$I$2:$I$1400,MATCH("B8",'LISTADO VIP'!$A$2:$A$1400,0)),"B8") -> B8 Eduardo Dobarro Rubido Vicepresidente Negocio de Fragatas y Buques de Intervención NAVANTIA | J13: =IFERROR("B9"&CHAR(10)&INDEX('LISTADO VIP'!$H$2:$H$1400,MATCH("B9",'LISTADO VIP'!$A$2:$A$1400,0))&CHAR(10)&INDEX('LISTADO VIP'!$I$2:$I$1400,MATCH("B9",'LISTADO VIP'!$A$2:$A$1400,0)),"B9") -> B9 José Rivas Villalobos Diputado Distrito 20 | K13: =IFERROR("B10"&CHAR(10)&INDEX('LISTADO VIP'!$H$2:$H$1400,MATCH("B10",'LISTADO VIP'!$A$2:$A$1400,0))&CHAR(10)&INDEX('LISTADO VIP'!$I$2:$I$1400,MATCH("B10",'LISTADO VIP'!$A$2:$A$1400,0)),"B10") -> B10 Felipe Howard Gerente General HUMBOLDT | L13: =IFERROR("B11"&CHAR(10)&INDEX('LISTADO VIP'!$H$2:$H$1400,MATCH("B11",'LISTADO VIP'!$A$2:$A$1400,0))&CHAR(10)&INDEX('LISTADO VIP'!$I$2:$I$1400,MATCH("B11",'LISTADO VIP'!$A$2:$A$1400,0)),"B11") -> B11 Walter Espinoza Birr Agente VARD Marine Brasil | M13: =IFERROR("B12"&CHAR(10)&INDEX('LISTADO VIP'!$H$2:$H$1400,MATCH("B12",'LISTADO VIP'!$A$2:$A$1400,0))&CHAR(10)&INDEX('LISTADO VIP'!$I$2:$I$1400,MATCH("B12",'LISTADO VIP'!$A$2:$A$1400,0)),"B12") -> B12 Roberto Arroyo Muñoz Diputado Distrito 20 | N13: =IFERROR("B13"&CHAR(10)&INDEX('LISTADO VIP'!$H$2:$H$1400,MATCH("B13",'LISTADO VIP'!$A$2:$A$1400,0))&CHAR(10)&INDEX('LISTADO VIP'!$I$2:$I$1400,MATCH("B13",'LISTADO VIP'!$A$2:$A$1400,0)),"B13") -> B13 Patricio Fernández Goberna Presidente Industrias Ferri S.A. | O13: =IFERROR("B14"&CHAR(10)&INDEX('LISTADO VIP'!$H$2:$H$1400,MATCH("B14",'LISTADO VIP'!$A$2:$A$1400,0))&CHAR(10)&INDEX('LISTADO VIP'!$I$2:$I$1400,MATCH("B14",'LISTADO VIP'!$A$2:$A$1400,0)),"B14") -> B14 Gise Van Mourik Gerente Ventas, Wärtsilä Marine | P13: =IFERROR("B15"&CHAR(10)&INDEX('LISTADO VIP'!$H$2:$H$1400,MATCH("B15",'LISTADO VIP'!$A$2:$A$1400,0))&CHAR(10)&INDEX('LISTADO VIP'!$I$2:$I$1400,MATCH("B15",'LISTADO VIP'!$A$2:$A$1400,0)),"B15") -> B15 Roberto Rodriguez Director General IBERCISA DECK Machinery S.A. | Q13: =IFERROR("B16"&CHAR(10)&INDEX('LISTADO VIP'!$H$2:$H$1400,MATCH("B16",'LISTADO VIP'!$A$2:$A$1400,0))&CHAR(10)&INDEX('LISTADO VIP'!$I$2:$I$1400,MATCH("B16",'LISTADO VIP'!$A$2:$A$1400,0)),"B16") -> B16 Patricio Briones Moller Diputado Distrito 20 | R13: =IFERROR("B17"&CHAR(10)&INDEX('LISTADO VIP'!$H$2:$H$1400,MATCH("B17",'LISTADO VIP'!$A$2:$A$1400,0))&CHAR(10)&INDEX('LISTADO VIP'!$I$2:$I$1400,MATCH("B17",'LISTADO VIP'!$A$2:$A$1400,0)),"B17") -> B17 Daniel Valenzuela Salazar Integrante de la Comisión de Defensa Nacional | S13: =IFERROR("B18"&CHAR(10)&INDEX('LISTADO VIP'!$H$2:$H$1400,MATCH("B18",'LISTADO VIP'!$A$2:$A$1400,0))&CHAR(10)&INDEX('LISTADO VIP'!$I$2:$I$1400,MATCH("B18",'LISTADO VIP'!$A$2:$A$1400,0)),"B18") -> B18 Roberta Mutschler Subgerente General Sociedad Comercial Equipos Industriales S.A. INDUELECTRO | T13: =IFERROR("B19"&CHAR(10)&INDEX('LISTADO VIP'!$H$2:$H$1400,MATCH("B19",'LISTADO VIP'!$A$2:$A$1400,0))&CHAR(10)&INDEX('LISTADO VIP'!$I$2:$I$1400,MATCH("B19",'LISTADO VIP'!$A$2:$A$1400,0)),"B19") -> B19 Francisco Hederra Pinto Gerente General SISDEF | U13: =IFERROR("B20"&CHAR(10)&INDEX('LISTADO VIP'!$H$2:$H$1400,MATCH("B20",'LISTADO VIP'!$A$2:$A$1400,0))&CHAR(10)&INDEX('LISTADO VIP'!$I$2:$I$1400,MATCH("B20",'LISTADO VIP'!$A$2:$A$1400,0)),"B20") -> B20 Francisco Sotomayor CEO GL Events Chile | V13: =IFERROR("B21"&CHAR(10)&INDEX('LISTADO VIP'!$H$2:$H$1400,MATCH("B21",'LISTADO VIP'!$A$2:$A$1400,0))&CHAR(10)&INDEX('LISTADO VIP'!$I$2:$I$1400,MATCH("B21",'LISTADO VIP'!$A$2:$A$1400,0)),"B21") -> B21 Álvaro Carter Fernández Presidente de la Comisión de Defensa Nacional | W13: =IFERROR("B22"&CHAR(10)&INDEX('LISTADO VIP'!$H$2:$H$1400,MATCH("B22",'LISTADO VIP'!$A$2:$A$1400,0))&CHAR(10)&INDEX('LISTADO VIP'!$I$2:$I$1400,MATCH("B22",'LISTADO VIP'!$A$2:$A$1400,0)),"B22") -> B22 Nelson Donoso Presidente IRADE | X13: =IFERROR("B23"&CHAR(10)&INDEX('LISTADO VIP'!$H$2:$H$1400,MATCH("B23",'LISTADO VIP'!$A$2:$A$1400,0))&CHAR(10)&INDEX('LISTADO VIP'!$I$2:$I$1400,MATCH("B23",'LISTADO VIP'!$A$2:$A$1400,0)),"B23") -> B23 Alfonso De Urresti Longton Senador de la República | Y13: =IFERROR("B24"&CHAR(10)&INDEX('LISTADO VIP'!$H$2:$H$1400,MATCH("B24",'LISTADO VIP'!$A$2:$A$1400,0))&CHAR(10)&INDEX('LISTADO VIP'!$I$2:$I$1400,MATCH("B24",'LISTADO VIP'!$A$2:$A$1400,0)),"B24") -> B24 Loreto Carvajal Ambiado Circunsripción Zona Ñuble | Z13: =IFERROR("B25"&CHAR(10)&INDEX('LISTADO VIP'!$H$2:$H$1400,MATCH("B25",'LISTADO VIP'!$A$2:$A$1400,0))&CHAR(10)&INDEX('LISTADO VIP'!$I$2:$I$1400,MATCH("B25",'LISTADO VIP'!$A$2:$A$1400,0)),"B25") -> B25 Bernardita Roa Astete Gerente General IRADE | AA13: =IFERROR("B26"&CHAR(10)&INDEX('LISTADO VIP'!$H$2:$H$1400,MATCH("B26",'LISTADO VIP'!$A$2:$A$1400,0))&CHAR(10)&INDEX('LISTADO VIP'!$I$2:$I$1400,MATCH("B26",'LISTADO VIP'!$A$2:$A$1400,0)),"B26") -> B26 Fernando Rodríguez Gerente General ASENAV | AB13: =IFERROR("B27"&CHAR(10)&INDEX('LISTADO VIP'!$H$2:$H$1400,MATCH("B27",'LISTADO VIP'!$A$2:$A$1400,0))&CHAR(10)&INDEX('LISTADO VIP'!$I$2:$I$1400,MATCH("B27",'LISTADO VIP'!$A$2:$A$1400,0)),"B27") -> B27 Jorge Mutschler Castillo Gerente General Sociedad Comercial Equipos Industriales S.A. INDUELECTRO | AC13: =IFERROR("B28"&CHAR(10)&INDEX('LISTADO VIP'!$H$2:$H$1400,MATCH("B28",'LISTADO VIP'!$A$2:$A$1400,0))&CHAR(10)&INDEX('LISTADO VIP'!$I$2:$I$1400,MATCH("B28",'LISTADO VIP'!$A$2:$A$1400,0)),"B28") -> B28 Luis Sánchez Ossa Integrante de la Comisión de Defensa Nacional | AD13: =IFERROR("B29"&CHAR(10)&INDEX('LISTADO VIP'!$H$2:$H$1400,MATCH("B29",'LISTADO VIP'!$A$2:$A$1400,0))&CHAR(10)&INDEX('LISTADO VIP'!$I$2:$I$1400,MATCH("B29",'LISTADO VIP'!$A$2:$A$1400,0)),"B29") -> B29 José Luis Fauré Cañas Gerente General CODELPA S.A. | AE13: =IFERROR("B30"&CHAR(10)&INDEX('LISTADO VIP'!$H$2:$H$1400,MATCH("B30",'LISTADO VIP'!$A$2:$A$1400,0))&CHAR(10)&INDEX('LISTADO VIP'!$I$2:$I$1400,MATCH("B30",'LISTADO VIP'!$A$2:$A$1400,0)),"B30") -> B30 Pedro Iturriaga González Gerente General PROINGAS S.A. | AF13: =IFERROR("B31"&CHAR(10)&INDEX('LISTADO VIP'!$H$2:$H$1400,MATCH("B31",'LISTADO VIP'!$A$2:$A$1400,0))&CHAR(10)&INDEX('LISTADO VIP'!$I$2:$I$1400,MATCH("B31",'LISTADO VIP'!$A$2:$A$1400,0)),"B31") -> B31 Sidney Chellew Daydi Gerente General SOCIBER | AG13: =IFERROR("B32"&CHAR(10)&INDEX('LISTADO VIP'!$H$2:$H$1400,MATCH("B32",'LISTADO VIP'!$A$2:$A$1400,0))&CHAR(10)&INDEX('LISTADO VIP'!$I$2:$I$1400,MATCH("B32",'LISTADO VIP'!$A$2:$A$1400,0)),"B32") -> B32 Carlos González CEO FRIZONIA Regrigeración, climatización .S.L. | AH13: =IFERROR("B33"&CHAR(10)&INDEX('LISTADO VIP'!$H$2:$H$1400,MATCH("B33",'LISTADO VIP'!$A$2:$A$1400,0))&CHAR(10)&INDEX('LISTADO VIP'!$I$2:$I$1400,MATCH("B33",'LISTADO VIP'!$A$2:$A$1400,0)),"B33") -> B33 Pablo Guerrero Salgado COO GABADI | AI13: =IFERROR("B34"&CHAR(10)&INDEX('LISTADO VIP'!$H$2:$H$1400,MATCH("B34",'LISTADO VIP'!$A$2:$A$1400,0))&CHAR(10)&INDEX('LISTADO VIP'!$I$2:$I$1400,MATCH("B34",'LISTADO VIP'!$A$2:$A$1400,0)),"B34") -> B34 Sergio Bobadilla Muñoz Diputado Distrito 20 | AJ13: =IFERROR("B35"&CHAR(10)&INDEX('LISTADO VIP'!$H$2:$H$1400,MATCH("B35",'LISTADO VIP'!$A$2:$A$1400,0))&CHAR(10)&INDEX('LISTADO VIP'!$I$2:$I$1400,MATCH("B35",'LISTADO VIP'!$A$2:$A$1400,0)),"B35") -> B35 Francesca Muñoz González Diputado Distrito 20 | AK13: =IFERROR("B36"&CHAR(10)&INDEX('LISTADO VIP'!$H$2:$H$1400,MATCH("B36",'LISTADO VIP'!$A$2:$A$1400,0))&CHAR(10)&INDEX('LISTADO VIP'!$I$2:$I$1400,MATCH("B36",'LISTADO VIP'!$A$2:$A$1400,0)),"B36") -> B36 Marlene Pérez Cartes Diputado Distrito 20 | AL13: =IFERROR("B37"&CHAR(10)&INDEX('LISTADO VIP'!$H$2:$H$1400,MATCH("B37",'LISTADO VIP'!$A$2:$A$1400,0))&CHAR(10)&INDEX('LISTADO VIP'!$I$2:$I$1400,MATCH("B37",'LISTADO VIP'!$A$2:$A$1400,0)),"B37") -> B37 Javier Romero Caramelo Director de Gabinete Presidente- Líder de la Delegacion de NAVANTIA | AM13: =IFERROR("B38"&CHAR(10)&INDEX('LISTADO VIP'!$H$2:$H$1400,MATCH("B38",'LISTADO VIP'!$A$2:$A$1400,0))&CHAR(10)&INDEX('LISTADO VIP'!$I$2:$I$1400,MATCH("B38",'LISTADO VIP'!$A$2:$A$1400,0)),"B38") -> B38 Patricio Pinilla Valencia Diputado Distrito 21 | AN13: =IFERROR("B39"&CHAR(10)&INDEX('LISTADO VIP'!$H$2:$H$1400,MATCH("B39",'LISTADO VIP'!$A$2:$A$1400,0))&CHAR(10)&INDEX('LISTADO VIP'!$I$2:$I$1400,MATCH("B39",'LISTADO VIP'!$A$2:$A$1400,0)),"B39") -> B39 Pablo Fernández Director Corporativo Grupo Fernandez Jove | AO13: =IFERROR("B40"&CHAR(10)&INDEX('LISTADO VIP'!$H$2:$H$1400,MATCH("B40",'LISTADO VIP'!$A$2:$A$1400,0))&CHAR(10)&INDEX('LISTADO VIP'!$I$2:$I$1400,MATCH("B40",'LISTADO VIP'!$A$2:$A$1400,0)),"B40") -> B40 Christian Bolívar Romero *Subsecretario de las Fuerzas Armadas | AP13: =IFERROR("B41"&CHAR(10)&INDEX('LISTADO VIP'!$H$2:$H$1400,MATCH("B41",'LISTADO VIP'!$A$2:$A$1400,0))&CHAR(10)&INDEX('LISTADO VIP'!$I$2:$I$1400,MATCH("B41",'LISTADO VIP'!$A$2:$A$1400,0)),"B41") -> B41 Julio Cacho Morán *Jefe del Estado Mayor de la Armada de Perú | AQ13: =IFERROR("B42"&CHAR(10)&INDEX('LISTADO VIP'!$H$2:$H$1400,MATCH("B42",'LISTADO VIP'!$A$2:$A$1400,0))&CHAR(10)&INDEX('LISTADO VIP'!$I$2:$I$1400,MATCH("B42",'LISTADO VIP'!$A$2:$A$1400,0)),"B42") -> B42 José Ignacio Mujica Castro Vicepresidente Corfo | AR13: =IFERROR("B43"&CHAR(10)&INDEX('LISTADO VIP'!$H$2:$H$1400,MATCH("B43",'LISTADO VIP'!$A$2:$A$1400,0))&CHAR(10)&INDEX('LISTADO VIP'!$I$2:$I$1400,MATCH("B43",'LISTADO VIP'!$A$2:$A$1400,0)),"B43") -> B43 Santiago Browne Hurtado Gerente de Asuntos Estratégicos (s) de Corfo | AS13: =IFERROR("B44"&CHAR(10)&INDEX('LISTADO VIP'!$H$2:$H$1400,MATCH("B44",'LISTADO VIP'!$A$2:$A$1400,0))&CHAR(10)&INDEX('LISTADO VIP'!$I$2:$I$1400,MATCH("B44",'LISTADO VIP'!$A$2:$A$1400,0)),"B44") -> B44 | AT13: =IFERROR("B45"&CHAR(10)&INDEX('LISTADO VIP'!$H$2:$H$1400,MATCH("B45",'LISTADO VIP'!$A$2:$A$1400,0))&CHAR(10)&INDEX('LISTADO VIP'!$I$2:$I$1400,MATCH("B45",'LISTADO VIP'!$A$2:$A$1400,0)),"B45") -> B45
A14: FILA C | B14: =IFERROR("C1"&CHAR(10)&INDEX('LISTADO VIP'!$H$2:$H$1400,MATCH("C1",'LISTADO VIP'!$A$2:$A$1400,0))&CHAR(10)&INDEX('LISTADO VIP'!$I$2:$I$1400,MATCH("C1",'LISTADO VIP'!$A$2:$A$1400,0)),"C1") -> C1 Raúl Zamorano Goñi Jefe del Estado Mayor General de la Armada | C14: =IFERROR("C2"&CHAR(10)&INDEX('LISTADO VIP'!$H$2:$H$1400,MATCH("C2",'LISTADO VIP'!$A$2:$A$1400,0))&CHAR(10)&INDEX('LISTADO VIP'!$I$2:$I$1400,MATCH("C2",'LISTADO VIP'!$A$2:$A$1400,0)),"C2") -> C2 Claudia Chamorro Contreras Jefe VIII Región Policial Bío Bío | D14: =IFERROR("C3"&CHAR(10)&INDEX('LISTADO VIP'!$H$2:$H$1400,MATCH("C3",'LISTADO VIP'!$A$2:$A$1400,0))&CHAR(10)&INDEX('LISTADO VIP'!$I$2:$I$1400,MATCH("C3",'LISTADO VIP'!$A$2:$A$1400,0)),"C3") -> C3 Oscar Rivera Marin Director Regional de Obras Portuarias | E14: =IFERROR("C4"&CHAR(10)&INDEX('LISTADO VIP'!$H$2:$H$1400,MATCH("C4",'LISTADO VIP'!$A$2:$A$1400,0))&CHAR(10)&INDEX('LISTADO VIP'!$I$2:$I$1400,MATCH("C4",'LISTADO VIP'!$A$2:$A$1400,0)),"C4") -> C4 Claudio Andrade Otarola Director Regional de la Agencia Nacional de Inteligencia | F14: =IFERROR("C5"&CHAR(10)&INDEX('LISTADO VIP'!$H$2:$H$1400,MATCH("C5",'LISTADO VIP'!$A$2:$A$1400,0))&CHAR(10)&INDEX('LISTADO VIP'!$I$2:$I$1400,MATCH("C5",'LISTADO VIP'!$A$2:$A$1400,0)),"C5") -> C5 Pablo Zavala Fernández Presidente de la Ilustrísima Corte de Apelaciones de Concepción | G14: =IFERROR("C6"&CHAR(10)&INDEX('LISTADO VIP'!$H$2:$H$1400,MATCH("C6",'LISTADO VIP'!$A$2:$A$1400,0))&CHAR(10)&INDEX('LISTADO VIP'!$I$2:$I$1400,MATCH("C6",'LISTADO VIP'!$A$2:$A$1400,0)),"C6") -> C6 | H14: =IFERROR("C7"&CHAR(10)&INDEX('LISTADO VIP'!$H$2:$H$1400,MATCH("C7",'LISTADO VIP'!$A$2:$A$1400,0))&CHAR(10)&INDEX('LISTADO VIP'!$I$2:$I$1400,MATCH("C7",'LISTADO VIP'!$A$2:$A$1400,0)),"C7") -> C7 Carla Amtmann Fecci Alcaldesa de Valdivia | I14: =IFERROR("C8"&CHAR(10)&INDEX('LISTADO VIP'!$H$2:$H$1400,MATCH("C8",'LISTADO VIP'!$A$2:$A$1400,0))&CHAR(10)&INDEX('LISTADO VIP'!$I$2:$I$1400,MATCH("C8",'LISTADO VIP'!$A$2:$A$1400,0)),"C8") -> C8 Miguel Rivera Morales Alcalde Ilustre Municipalidad de Hualpén | J14: =IFERROR("C9"&CHAR(10)&INDEX('LISTADO VIP'!$H$2:$H$1400,MATCH("C9",'LISTADO VIP'!$A$2:$A$1400,0))&CHAR(10)&INDEX('LISTADO VIP'!$I$2:$I$1400,MATCH("C9",'LISTADO VIP'!$A$2:$A$1400,0)),"C9") -> C9 | K14: =IFERROR("C10"&CHAR(10)&INDEX('LISTADO VIP'!$H$2:$H$1400,MATCH("C10",'LISTADO VIP'!$A$2:$A$1400,0))&CHAR(10)&INDEX('LISTADO VIP'!$I$2:$I$1400,MATCH("C10",'LISTADO VIP'!$A$2:$A$1400,0)),"C10") -> C10 | L14: =IFERROR("C11"&CHAR(10)&INDEX('LISTADO VIP'!$H$2:$H$1400,MATCH("C11",'LISTADO VIP'!$A$2:$A$1400,0))&CHAR(10)&INDEX('LISTADO VIP'!$I$2:$I$1400,MATCH("C11",'LISTADO VIP'!$A$2:$A$1400,0)),"C11") -> C11 Jorge Pires Superintendente del Material Armada de Portugal | M14: =IFERROR("C12"&CHAR(10)&INDEX('LISTADO VIP'!$H$2:$H$1400,MATCH("C12",'LISTADO VIP'!$A$2:$A$1400,0))&CHAR(10)&INDEX('LISTADO VIP'!$I$2:$I$1400,MATCH("C12",'LISTADO VIP'!$A$2:$A$1400,0)),"C12") -> C12 Henry Cleveland Cartes Director Ejecutivo ENAER | N14: =IFERROR("C13"&CHAR(10)&INDEX('LISTADO VIP'!$H$2:$H$1400,MATCH("C13",'LISTADO VIP'!$A$2:$A$1400,0))&CHAR(10)&INDEX('LISTADO VIP'!$I$2:$I$1400,MATCH("C13",'LISTADO VIP'!$A$2:$A$1400,0)),"C13") -> C13 | O14: =IFERROR("C14"&CHAR(10)&INDEX('LISTADO VIP'!$H$2:$H$1400,MATCH("C14",'LISTADO VIP'!$A$2:$A$1400,0))&CHAR(10)&INDEX('LISTADO VIP'!$I$2:$I$1400,MATCH("C14",'LISTADO VIP'!$A$2:$A$1400,0)),"C14") -> C14 Pedro Ramirez Glade Seremi de Ciencia, Tecnologías, Conocimidento e Innovación | P14: =IFERROR("C15"&CHAR(10)&INDEX('LISTADO VIP'!$H$2:$H$1400,MATCH("C15",'LISTADO VIP'!$A$2:$A$1400,0))&CHAR(10)&INDEX('LISTADO VIP'!$I$2:$I$1400,MATCH("C15",'LISTADO VIP'!$A$2:$A$1400,0)),"C15") -> C15 Vladimir Recabarren Esparza Capellán Nacional Evangélico de la Armada | Q14: =IFERROR("C16"&CHAR(10)&INDEX('LISTADO VIP'!$H$2:$H$1400,MATCH("C16",'LISTADO VIP'!$A$2:$A$1400,0))&CHAR(10)&INDEX('LISTADO VIP'!$I$2:$I$1400,MATCH("C16",'LISTADO VIP'!$A$2:$A$1400,0)),"C16") -> C16 | R14: =IFERROR("C17"&CHAR(10)&INDEX('LISTADO VIP'!$H$2:$H$1400,MATCH("C17",'LISTADO VIP'!$A$2:$A$1400,0))&CHAR(10)&INDEX('LISTADO VIP'!$I$2:$I$1400,MATCH("C17",'LISTADO VIP'!$A$2:$A$1400,0)),"C17") -> C17 | S14: =IFERROR("C18"&CHAR(10)&INDEX('LISTADO VIP'!$H$2:$H$1400,MATCH("C18",'LISTADO VIP'!$A$2:$A$1400,0))&CHAR(10)&INDEX('LISTADO VIP'!$I$2:$I$1400,MATCH("C18",'LISTADO VIP'!$A$2:$A$1400,0)),"C18") -> C18 Vicente Leiva Larrañaga Hijo Madrina | T14: =IFERROR("C19"&CHAR(10)&INDEX('LISTADO VIP'!$H$2:$H$1400,MATCH("C19",'LISTADO VIP'!$A$2:$A$1400,0))&CHAR(10)&INDEX('LISTADO VIP'!$I$2:$I$1400,MATCH("C19",'LISTADO VIP'!$A$2:$A$1400,0)),"C19") -> C19 Matias Pérez Cruz Gerenete Perezcruz | U14: =IFERROR("C20"&CHAR(10)&INDEX('LISTADO VIP'!$H$2:$H$1400,MATCH("C20",'LISTADO VIP'!$A$2:$A$1400,0))&CHAR(10)&INDEX('LISTADO VIP'!$I$2:$I$1400,MATCH("C20",'LISTADO VIP'!$A$2:$A$1400,0)),"C20") -> C20 Constanza Leiva Larrañaga T2 RNY | V14: =IFERROR("C21"&CHAR(10)&INDEX('LISTADO VIP'!$H$2:$H$1400,MATCH("C21",'LISTADO VIP'!$A$2:$A$1400,0))&CHAR(10)&INDEX('LISTADO VIP'!$I$2:$I$1400,MATCH("C21",'LISTADO VIP'!$A$2:$A$1400,0)),"C21") -> C21 | W14: =IFERROR("C22"&CHAR(10)&INDEX('LISTADO VIP'!$H$2:$H$1400,MATCH("C22",'LISTADO VIP'!$A$2:$A$1400,0))&CHAR(10)&INDEX('LISTADO VIP'!$I$2:$I$1400,MATCH("C22",'LISTADO VIP'!$A$2:$A$1400,0)),"C22") -> C22 | X14: =IFERROR("C23"&CHAR(10)&INDEX('LISTADO VIP'!$H$2:$H$1400,MATCH("C23",'LISTADO VIP'!$A$2:$A$1400,0))&CHAR(10)&INDEX('LISTADO VIP'!$I$2:$I$1400,MATCH("C23",'LISTADO VIP'!$A$2:$A$1400,0)),"C23") -> C23 | Y14: =IFERROR("C24"&CHAR(10)&INDEX('LISTADO VIP'!$H$2:$H$1400,MATCH("C24",'LISTADO VIP'!$A$2:$A$1400,0))&CHAR(10)&INDEX('LISTADO VIP'!$I$2:$I$1400,MATCH("C24",'LISTADO VIP'!$A$2:$A$1400,0)),"C24") -> C24 | Z14: =IFERROR("C25"&CHAR(10)&INDEX('LISTADO VIP'!$H$2:$H$1400,MATCH("C25",'LISTADO VIP'!$A$2:$A$1400,0))&CHAR(10)&INDEX('LISTADO VIP'!$I$2:$I$1400,MATCH("C25",'LISTADO VIP'!$A$2:$A$1400,0)),"C25") -> C25 | AA14: =IFERROR("C26"&CHAR(10)&INDEX('LISTADO VIP'!$H$2:$H$1400,MATCH("C26",'LISTADO VIP'!$A$2:$A$1400,0))&CHAR(10)&INDEX('LISTADO VIP'!$I$2:$I$1400,MATCH("C26",'LISTADO VIP'!$A$2:$A$1400,0)),"C26") -> C26 Marcela Paz Leiva Larrañaga Hija Madrina | AB14: =IFERROR("C27"&CHAR(10)&INDEX('LISTADO VIP'!$H$2:$H$1400,MATCH("C27",'LISTADO VIP'!$A$2:$A$1400,0))&CHAR(10)&INDEX('LISTADO VIP'!$I$2:$I$1400,MATCH("C27",'LISTADO VIP'!$A$2:$A$1400,0)),"C27") -> C27 Eugenio Cornejo Locroix Presidente Mutual de Seguros de Chile | AC14: =IFERROR("C28"&CHAR(10)&INDEX('LISTADO VIP'!$H$2:$H$1400,MATCH("C28",'LISTADO VIP'!$A$2:$A$1400,0))&CHAR(10)&INDEX('LISTADO VIP'!$I$2:$I$1400,MATCH("C28",'LISTADO VIP'!$A$2:$A$1400,0)),"C28") -> C28 Cecy Sirena Quijada Pérez Esposa del Jefe estado mayor de la Armada de Perú. | AD14: =IFERROR("C29"&CHAR(10)&INDEX('LISTADO VIP'!$H$2:$H$1400,MATCH("C29",'LISTADO VIP'!$A$2:$A$1400,0))&CHAR(10)&INDEX('LISTADO VIP'!$I$2:$I$1400,MATCH("C29",'LISTADO VIP'!$A$2:$A$1400,0)),"C29") -> C29 | AE14: =IFERROR("C30"&CHAR(10)&INDEX('LISTADO VIP'!$H$2:$H$1400,MATCH("C30",'LISTADO VIP'!$A$2:$A$1400,0))&CHAR(10)&INDEX('LISTADO VIP'!$I$2:$I$1400,MATCH("C30",'LISTADO VIP'!$A$2:$A$1400,0)),"C30") -> C30 José Fernando Jarpa Parada Jefe del Servicio Religioso de la Armada | AF14: =IFERROR("C31"&CHAR(10)&INDEX('LISTADO VIP'!$H$2:$H$1400,MATCH("C31",'LISTADO VIP'!$A$2:$A$1400,0))&CHAR(10)&INDEX('LISTADO VIP'!$I$2:$I$1400,MATCH("C31",'LISTADO VIP'!$A$2:$A$1400,0)),"C31") -> C31 | AG14: =IFERROR("C32"&CHAR(10)&INDEX('LISTADO VIP'!$H$2:$H$1400,MATCH("C32",'LISTADO VIP'!$A$2:$A$1400,0))&CHAR(10)&INDEX('LISTADO VIP'!$I$2:$I$1400,MATCH("C32",'LISTADO VIP'!$A$2:$A$1400,0)),"C32") -> C32 Ronald Ruf Wilkomirsky Seremi de Hacienda | AH14: =IFERROR("C33"&CHAR(10)&INDEX('LISTADO VIP'!$H$2:$H$1400,MATCH("C33",'LISTADO VIP'!$A$2:$A$1400,0))&CHAR(10)&INDEX('LISTADO VIP'!$I$2:$I$1400,MATCH("C33",'LISTADO VIP'!$A$2:$A$1400,0)),"C33") -> C33 Katherine Ampuero Martínez Directora Regional Aduana de Talcahuano | AI14: =IFERROR("C34"&CHAR(10)&INDEX('LISTADO VIP'!$H$2:$H$1400,MATCH("C34",'LISTADO VIP'!$A$2:$A$1400,0))&CHAR(10)&INDEX('LISTADO VIP'!$I$2:$I$1400,MATCH("C34",'LISTADO VIP'!$A$2:$A$1400,0)),"C34") -> C34 | AJ14: =IFERROR("C35"&CHAR(10)&INDEX('LISTADO VIP'!$H$2:$H$1400,MATCH("C35",'LISTADO VIP'!$A$2:$A$1400,0))&CHAR(10)&INDEX('LISTADO VIP'!$I$2:$I$1400,MATCH("C35",'LISTADO VIP'!$A$2:$A$1400,0)),"C35") -> C35 Joao Costa Director de los Navios Armada de Portugal | AK14: =IFERROR("C36"&CHAR(10)&INDEX('LISTADO VIP'!$H$2:$H$1400,MATCH("C36",'LISTADO VIP'!$A$2:$A$1400,0))&CHAR(10)&INDEX('LISTADO VIP'!$I$2:$I$1400,MATCH("C36",'LISTADO VIP'!$A$2:$A$1400,0)),"C36") -> C36 Gino Casassa Rogazinski Director del INACH | AL14: =IFERROR("C37"&CHAR(10)&INDEX('LISTADO VIP'!$H$2:$H$1400,MATCH("C37",'LISTADO VIP'!$A$2:$A$1400,0))&CHAR(10)&INDEX('LISTADO VIP'!$I$2:$I$1400,MATCH("C37",'LISTADO VIP'!$A$2:$A$1400,0)),"C37") -> C37 | AM14: =IFERROR("C38"&CHAR(10)&INDEX('LISTADO VIP'!$H$2:$H$1400,MATCH("C38",'LISTADO VIP'!$A$2:$A$1400,0))&CHAR(10)&INDEX('LISTADO VIP'!$I$2:$I$1400,MATCH("C38",'LISTADO VIP'!$A$2:$A$1400,0)),"C38") -> C38 Eduardo Saavedra Bustos Alcalde Ilustre Municipalidad de Talcahuano | AN14: =IFERROR("C39"&CHAR(10)&INDEX('LISTADO VIP'!$H$2:$H$1400,MATCH("C39",'LISTADO VIP'!$A$2:$A$1400,0))&CHAR(10)&INDEX('LISTADO VIP'!$I$2:$I$1400,MATCH("C39",'LISTADO VIP'!$A$2:$A$1400,0)),"C39") -> C39 | AO14: =IFERROR("C40"&CHAR(10)&INDEX('LISTADO VIP'!$H$2:$H$1400,MATCH("C40",'LISTADO VIP'!$A$2:$A$1400,0))&CHAR(10)&INDEX('LISTADO VIP'!$I$2:$I$1400,MATCH("C40",'LISTADO VIP'!$A$2:$A$1400,0)),"C40") -> C40 María Soledad Tapia Almonacid Director Nacional Servicio Nacional de Pesca y Acuicultura SERNAPESCA | AP14: =IFERROR("C41"&CHAR(10)&INDEX('LISTADO VIP'!$H$2:$H$1400,MATCH("C41",'LISTADO VIP'!$A$2:$A$1400,0))&CHAR(10)&INDEX('LISTADO VIP'!$I$2:$I$1400,MATCH("C41",'LISTADO VIP'!$A$2:$A$1400,0)),"C41") -> C41 Marcela Cartagena Ramos Fiscal Regional de Concepción | AQ14: =IFERROR("C42"&CHAR(10)&INDEX('LISTADO VIP'!$H$2:$H$1400,MATCH("C42",'LISTADO VIP'!$A$2:$A$1400,0))&CHAR(10)&INDEX('LISTADO VIP'!$I$2:$I$1400,MATCH("C42",'LISTADO VIP'!$A$2:$A$1400,0)),"C42") -> C42 Alvaro Ananías Itaim Presidernte de la Cámara de Producción y Comercio del Bio Bio | AR14: =IFERROR("C43"&CHAR(10)&INDEX('LISTADO VIP'!$H$2:$H$1400,MATCH("C43",'LISTADO VIP'!$A$2:$A$1400,0))&CHAR(10)&INDEX('LISTADO VIP'!$I$2:$I$1400,MATCH("C43",'LISTADO VIP'!$A$2:$A$1400,0)),"C43") -> C43 Carlos Basáez Valdebenito Contralor Regional Bio Bio | AS14: =IFERROR("C44"&CHAR(10)&INDEX('LISTADO VIP'!$H$2:$H$1400,MATCH("C44",'LISTADO VIP'!$A$2:$A$1400,0))&CHAR(10)&INDEX('LISTADO VIP'!$I$2:$I$1400,MATCH("C44",'LISTADO VIP'!$A$2:$A$1400,0)),"C44") -> C44 Renzo Miccono Villablanca Jefe VIII Zona de Carabineros BIOBÍO | AT14: =IFERROR("C45"&CHAR(10)&INDEX('LISTADO VIP'!$H$2:$H$1400,MATCH("C45",'LISTADO VIP'!$A$2:$A$1400,0))&CHAR(10)&INDEX('LISTADO VIP'!$I$2:$I$1400,MATCH("C45",'LISTADO VIP'!$A$2:$A$1400,0)),"C45") -> C45 Mauricio Arenas Menares Directo General del Personal de la Armada
A15: FILA D | B15: =IFERROR("D1"&CHAR(10)&INDEX('LISTADO VIP'!$H$2:$H$1400,MATCH("D1",'LISTADO VIP'!$A$2:$A$1400,0))&CHAR(10)&INDEX('LISTADO VIP'!$I$2:$I$1400,MATCH("D1",'LISTADO VIP'!$A$2:$A$1400,0)),"D1") -> D1 Cristian Lara Valenzuela Director Universidad Técnica Federico Santa María Sede Concepción | C15: =IFERROR("D2"&CHAR(10)&INDEX('LISTADO VIP'!$H$2:$H$1400,MATCH("D2",'LISTADO VIP'!$A$2:$A$1400,0))&CHAR(10)&INDEX('LISTADO VIP'!$I$2:$I$1400,MATCH("D2",'LISTADO VIP'!$A$2:$A$1400,0)),"D2") -> D2 Rene Valenzuea Azócar Secretario General de la Armada | D15: =IFERROR("D3"&CHAR(10)&INDEX('LISTADO VIP'!$H$2:$H$1400,MATCH("D3",'LISTADO VIP'!$A$2:$A$1400,0))&CHAR(10)&INDEX('LISTADO VIP'!$I$2:$I$1400,MATCH("D3",'LISTADO VIP'!$A$2:$A$1400,0)),"D3") -> D3 Alejandro Torres Horton SUBMAYOR Consejo Superior ASMAR | E15: =IFERROR("D4"&CHAR(10)&INDEX('LISTADO VIP'!$H$2:$H$1400,MATCH("D4",'LISTADO VIP'!$A$2:$A$1400,0))&CHAR(10)&INDEX('LISTADO VIP'!$I$2:$I$1400,MATCH("D4",'LISTADO VIP'!$A$2:$A$1400,0)),"D4") -> D4 Claudio Muñoz Cabrera Contralor de la Armada | F15: =IFERROR("D5"&CHAR(10)&INDEX('LISTADO VIP'!$H$2:$H$1400,MATCH("D5",'LISTADO VIP'!$A$2:$A$1400,0))&CHAR(10)&INDEX('LISTADO VIP'!$I$2:$I$1400,MATCH("D5",'LISTADO VIP'!$A$2:$A$1400,0)),"D5") -> D5 Daniel Opazo Riquelme *Comandante General del Cuerpo de Infantería de Marina | G15: =IFERROR("D6"&CHAR(10)&INDEX('LISTADO VIP'!$H$2:$H$1400,MATCH("D6",'LISTADO VIP'!$A$2:$A$1400,0))&CHAR(10)&INDEX('LISTADO VIP'!$I$2:$I$1400,MATCH("D6",'LISTADO VIP'!$A$2:$A$1400,0)),"D6") -> D6 Federico Saelzer Concha *Comandante en Jefe de la Fuerza de Submarinos | H15: =IFERROR("D7"&CHAR(10)&INDEX('LISTADO VIP'!$H$2:$H$1400,MATCH("D7",'LISTADO VIP'!$A$2:$A$1400,0))&CHAR(10)&INDEX('LISTADO VIP'!$I$2:$I$1400,MATCH("D7",'LISTADO VIP'!$A$2:$A$1400,0)),"D7") -> D7 José Agustín Pájaro Márquez Director de Operaciones del Estado Mayor General de la Armada | I15: =IFERROR("D8"&CHAR(10)&INDEX('LISTADO VIP'!$H$2:$H$1400,MATCH("D8",'LISTADO VIP'!$A$2:$A$1400,0))&CHAR(10)&INDEX('LISTADO VIP'!$I$2:$I$1400,MATCH("D8",'LISTADO VIP'!$A$2:$A$1400,0)),"D8") -> D8 José Miguel Hernández Jacir Director de Astilleros y Maestranzas de la Armada | J15: =IFERROR("D9"&CHAR(10)&INDEX('LISTADO VIP'!$H$2:$H$1400,MATCH("D9",'LISTADO VIP'!$A$2:$A$1400,0))&CHAR(10)&INDEX('LISTADO VIP'!$I$2:$I$1400,MATCH("D9",'LISTADO VIP'!$A$2:$A$1400,0)),"D9") -> D9 Juan Pablo Marín Fernández Subjefe del Estado Mayor Conjunto | K15: =IFERROR("D10"&CHAR(10)&INDEX('LISTADO VIP'!$H$2:$H$1400,MATCH("D10",'LISTADO VIP'!$A$2:$A$1400,0))&CHAR(10)&INDEX('LISTADO VIP'!$I$2:$I$1400,MATCH("D10",'LISTADO VIP'!$A$2:$A$1400,0)),"D10") -> D10 César Delgado Boffil Director General de los Servicios de la Armada | L15: ="D11"&CHAR(10)&"RESERVADO" -> D11 RESERVADO | M15: ="D12"&CHAR(10)&"RESERVADO" -> D12 RESERVADO | N15: ="D13"&CHAR(10)&"RESERVADO" -> D13 RESERVADO | O15: ="D14"&CHAR(10)&"RESERVADO" -> D14 RESERVADO | P15: ="D15"&CHAR(10)&"RESERVADO" -> D15 RESERVADO | Q15: ="D16"&CHAR(10)&"RESERVADO" -> D16 RESERVADO | R15: ="D17"&CHAR(10)&"RESERVADO" -> D17 RESERVADO | S15: ="D18"&CHAR(10)&"SIN SILLA" -> D18 SIN SILLA | T15: ="D19"&CHAR(10)&"SIN SILLA" -> D19 SIN SILLA | U15: ="D20"&CHAR(10)&"SIN SILLA" -> D20 SIN SILLA | V15: ="D21"&CHAR(10)&"SIN SILLA" -> D21 SIN SILLA | W15: ="D22"&CHAR(10)&"SIN SILLA" -> D22 SIN SILLA | X15: ="D23"&CHAR(10)&"SIN SILLA" -> D23 SIN SILLA | Y15: ="D24"&CHAR(10)&"SIN SILLA" -> D24 SIN SILLA | Z15: ="D25"&CHAR(10)&"SIN SILLA" -> D25 SIN SILLA | AA15: ="D26"&CHAR(10)&"SIN SILLA" -> D26 SIN SILLA | AB15: ="D27"&CHAR(10)&"SIN SILLA" -> D27 SIN SILLA | AC15: ="D28"&CHAR(10)&"RESERVADO" -> D28 RESERVADO | AD15: ="D29"&CHAR(10)&"RESERVADO" -> D29 RESERVADO | AE15: ="D30"&CHAR(10)&"RESERVADO" -> D30 RESERVADO | AF15: ="D31"&CHAR(10)&"RESERVADO" -> D31 RESERVADO | AG15: ="D32"&CHAR(10)&"RESERVADO" -> D32 RESERVADO | AH15: ="D33"&CHAR(10)&"RESERVADO" -> D33 RESERVADO | AI15: ="D34"&CHAR(10)&"RESERVADO" -> D34 RESERVADO | AJ15: ="D35"&CHAR(10)&"RESERVADO" -> D35 RESERVADO | AK15: =IFERROR("D36"&CHAR(10)&INDEX('LISTADO VIP'!$H$2:$H$1400,MATCH("D36",'LISTADO VIP'!$A$2:$A$1400,0))&CHAR(10)&INDEX('LISTADO VIP'!$I$2:$I$1400,MATCH("D36",'LISTADO VIP'!$A$2:$A$1400,0)),"D36") -> D36 Arturo Oxley Lizana Director General del Territorio Marítimo y de Marina Mercante | AL15: =IFERROR("D37"&CHAR(10)&INDEX('LISTADO VIP'!$H$2:$H$1400,MATCH("D37",'LISTADO VIP'!$A$2:$A$1400,0))&CHAR(10)&INDEX('LISTADO VIP'!$I$2:$I$1400,MATCH("D37",'LISTADO VIP'!$A$2:$A$1400,0)),"D37") -> D37 Daniel Muñoz Miranda *Comandante de Operaciones Navales | AM15: =IFERROR("D38"&CHAR(10)&INDEX('LISTADO VIP'!$H$2:$H$1400,MATCH("D38",'LISTADO VIP'!$A$2:$A$1400,0))&CHAR(10)&INDEX('LISTADO VIP'!$I$2:$I$1400,MATCH("D38",'LISTADO VIP'!$A$2:$A$1400,0)),"D38") -> D38 Oscar Manzano Sanguineti Director de Recuperaciones de Unidades de la Armada | AN15: =IFERROR("D39"&CHAR(10)&INDEX('LISTADO VIP'!$H$2:$H$1400,MATCH("D39",'LISTADO VIP'!$A$2:$A$1400,0))&CHAR(10)&INDEX('LISTADO VIP'!$I$2:$I$1400,MATCH("D39",'LISTADO VIP'!$A$2:$A$1400,0)),"D39") -> D39 Edgardo Acevedo Pérez *Comandante en Jefe de la Segunda Zona Naval | AO15: =IFERROR("D40"&CHAR(10)&INDEX('LISTADO VIP'!$H$2:$H$1400,MATCH("D40",'LISTADO VIP'!$A$2:$A$1400,0))&CHAR(10)&INDEX('LISTADO VIP'!$I$2:$I$1400,MATCH("D40",'LISTADO VIP'!$A$2:$A$1400,0)),"D40") -> D40 Claudia Arrieta Figueroa Esposa Comandante en Jefe de la Fuerza de Submarinos | AP15: =IFERROR("D41"&CHAR(10)&INDEX('LISTADO VIP'!$H$2:$H$1400,MATCH("D41",'LISTADO VIP'!$A$2:$A$1400,0))&CHAR(10)&INDEX('LISTADO VIP'!$I$2:$I$1400,MATCH("D41",'LISTADO VIP'!$A$2:$A$1400,0)),"D41") -> D41 Alberto Guerrero García Director de Programas, Investigación y Desarrollo de la Armada | AQ15: =IFERROR("D42"&CHAR(10)&INDEX('LISTADO VIP'!$H$2:$H$1400,MATCH("D42",'LISTADO VIP'!$A$2:$A$1400,0))&CHAR(10)&INDEX('LISTADO VIP'!$I$2:$I$1400,MATCH("D42",'LISTADO VIP'!$A$2:$A$1400,0)),"D42") -> D42 Marcel Fort Santander Director de finanzaas de la Armada. | AR15: =IFERROR("D43"&CHAR(10)&INDEX('LISTADO VIP'!$H$2:$H$1400,MATCH("D43",'LISTADO VIP'!$A$2:$A$1400,0))&CHAR(10)&INDEX('LISTADO VIP'!$I$2:$I$1400,MATCH("D43",'LISTADO VIP'!$A$2:$A$1400,0)),"D43") -> D43 J. Cristobal Mendez Tapia DIRISNAV Consejo Superior ASMAR | AS15: =IFERROR("D44"&CHAR(10)&INDEX('LISTADO VIP'!$H$2:$H$1400,MATCH("D44",'LISTADO VIP'!$A$2:$A$1400,0))&CHAR(10)&INDEX('LISTADO VIP'!$I$2:$I$1400,MATCH("D44",'LISTADO VIP'!$A$2:$A$1400,0)),"D44") -> D44 Jorge Vidal Berrocal DABA Consejo Superior ASMAR | AT15: =IFERROR("D45"&CHAR(10)&INDEX('LISTADO VIP'!$H$2:$H$1400,MATCH("D45",'LISTADO VIP'!$A$2:$A$1400,0))&CHAR(10)&INDEX('LISTADO VIP'!$I$2:$I$1400,MATCH("D45",'LISTADO VIP'!$A$2:$A$1400,0)),"D45") -> D45 Thomas Klischies Nevermann Director DUOC UC Sede San Andrés de Concepción

Sheet LISTADO VIP
A1: ASIENTO | B1: PRECEDENCIA | C1: N° | D1: FUENTE | E1: TRIBUNA | F1: AST. | G1: TRATAMIENTO | H1: NOMBRE COMPLETO | I1: CARGO | J1: FILA MAESTRO
A2: =IF(AND(UPPER(MAESTRO!$M2)="VIP",UPPER(MAESTRO!$J2)="SI",MAESTRO!$F2<>""),MAESTRO!$P2,"") -> A23 | B2: =IF($A2<>"",MAESTRO!$B2,"") -> 1 | C2: =IF($A2<>"",MAESTRO!$A2,"") -> 1 | D2: =IF($A2<>"",MAESTRO!$C2,"") -> OPA | E2: =IF($A2<>"",MAESTRO!$M2,"") -> VIP | F2: =IF($A2<>"",MAESTRO!$J2,"") -> SI | G2: =IF($A2<>"",MAESTRO!$D2,"") -> Su Excelencia | H2: =IF($A2<>"",IF(TRIM(MAESTRO!$G2&" "&MAESTRO!$H2&" "&MAESTRO!$I2)="",MAESTRO!$F2,TRIM(MAESTRO!$G2&" "&MAESTRO!$H2&" "&MAESTRO!$I2)),"") -> José Antonio Kast Rist | I2: =IF($A2<>"",MAESTRO!$K2,"") -> * Presidente de la República | J2: =IF($A2<>"",2,"") -> 2
A3: =IF(AND(UPPER(MAESTRO!$M3)="VIP",UPPER(MAESTRO!$J3)="SI",MAESTRO!$F3<>""),MAESTRO!$P3,"") -> A24 | B3: =IF($A3<>"",MAESTRO!$B3,"") -> 2 | C3: =IF($A3<>"",MAESTRO!$A3,"") -> 2 | D3: =IF($A3<>"",MAESTRO!$C3,"") -> OPA | E3: =IF($A3<>"",MAESTRO!$M3,"") -> VIP | F3: =IF($A3<>"",MAESTRO!$J3,"") -> SI | G3: =IF($A3<>"",MAESTRO!$D3,"") -> Primera Dama | H3: =IF($A3<>"",IF(TRIM(MAESTRO!$G3&" "&MAESTRO!$H3&" "&MAESTRO!$I3)="",MAESTRO!$F3,TRIM(MAESTRO!$G3&" "&MAESTRO!$H3&" "&MAESTRO!$I3)),"") -> María Pía Adriasola Barroihet | I3: =IF($A3<>"",MAESTRO!$K3,"") -> Esposa del Presidente de la República | J3: =IF($A3<>"",3,"") -> 3
A4: =IF(AND(UPPER(MAESTRO!$M4)="VIP",UPPER(MAESTRO!$J4)="SI",MAESTRO!$F4<>""),MAESTRO!$P4,"") -> A22 | B4: =IF($A4<>"",MAESTRO!$B4,"") -> 3 | C4: =IF($A4<>"",MAESTRO!$A4,"") -> 3 | D4: =IF($A4<>"",MAESTRO!$C4,"") -> OPA | E4: =IF($A4<>"",MAESTRO!$M4,"") -> VIP | F4: =IF($A4<>"",MAESTRO!$J4,"") -> SI | G4: =IF($A4<>"",MAESTRO!$D4,"") -> Ministro | H4: =IF($A4<>"",IF(TRIM(MAESTRO!$G4&" "&MAESTRO!$H4&" "&MAESTRO!$I4)="",MAESTRO!$F4,TRIM(MAESTRO!$G4&" "&MAESTRO!$H4&" "&MAESTRO!$I4)),"") -> Fernando Barros Tocornal | I4: =IF($A4<>"",MAESTRO!$K4,"") -> *Ministro de Defensa Nacional | J4: =IF($A4<>"",4,"") -> 4
A5: =IF(AND(UPPER(MAESTRO!$M5)="VIP",UPPER(MAESTRO!$J5)="SI",MAESTRO!$F5<>""),MAESTRO!$P5,"") -> A21 | B5: =IF($A5<>"",MAESTRO!$B5,"") -> 4 | C5: =IF($A5<>"",MAESTRO!$A5,"") -> 4 | D5: =IF($A5<>"",MAESTRO!$C5,"") -> OPA | E5: =IF($A5<>"",MAESTRO!$M5,"") -> VIP | F5: =IF($A5<>"",MAESTRO!$J5,"") -> SI | G5: =IF($A5<>"",MAESTRO!$D5,"") -> Almirante | H5: =IF($A5<>"",IF(TRIM(MAESTRO!$G5&" "&MAESTRO!$H5&" "&MAESTRO!$I5)="",MAESTRO!$F5,TRIM(MAESTRO!$G5&" "&MAESTRO!$H5&" "&MAESTRO!$I5)),"") -> Fernando Cabrera Salazar | I5: =IF($A5<>"",MAESTRO!$K5,"") -> *Comandante en Jefe de la Armada | J5: =IF($A5<>"",5,"") -> 5
A6: =IF(AND(UPPER(MAESTRO!$M6)="VIP",UPPER(MAESTRO!$J6)="SI",MAESTRO!$F6<>""),MAESTRO!$P6,"") -> A25 | B6: =IF($A6<>"",MAESTRO!$B6,"") -> 5 | C6: =IF($A6<>"",MAESTRO!$A6,"") -> 5 | D6: =IF($A6<>"",MAESTRO!$C6,"") -> OPA | E6: =IF($A6<>"",MAESTRO!$M6,"") -> VIP | F6: =IF($A6<>"",MAESTRO!$J6,"") -> SI | G6: =IF($A6<>"",MAESTRO!$D6,"") -> Señora | H6: =IF($A6<>"",IF(TRIM(MAESTRO!$G6&" "&MAESTRO!$H6&" "&MAESTRO!$I6)="",MAESTRO!$F6,TRIM(MAESTRO!$G6&" "&MAESTRO!$H6&" "&MAESTRO!$I6)),"") -> Roxana Mery Casella | I6: =IF($A6<>"",MAESTRO!$K6,"") -> Esposa del Comandante en Jefe de la Armada | J6: =IF($A6<>"",6,"") -> 6
A7: =IF(AND(UPPER(MAESTRO!$M7)="VIP",UPPER(MAESTRO!$J7)="SI",MAESTRO!$F7<>""),MAESTRO!$P7,"") | B7: =IF($A7<>"",MAESTRO!$B7,"") | C7: =IF($A7<>"",MAESTRO!$A7,"") | D7: =IF($A7<>"",MAESTRO!$C7,"") | E7: =IF($A7<>"",MAESTRO!$M7,"") | F7: =IF($A7<>"",MAESTRO!$J7,"") | G7: =IF($A7<>"",MAESTRO!$D7,"") | H7: =IF($A7<>"",IF(TRIM(MAESTRO!$G7&" "&MAESTRO!$H7&" "&MAESTRO!$I7)="",MAESTRO!$F7,TRIM(MAESTRO!$G7&" "&MAESTRO!$H7&" "&MAESTRO!$I7)),"") | I7: =IF($A7<>"",MAESTRO!$K7,"") | J7: =IF($A7<>"",7,"")
A8: =IF(AND(UPPER(MAESTRO!$M8)="VIP",UPPER(MAESTRO!$J8)="SI",MAESTRO!$F8<>""),MAESTRO!$P8,"") | B8: =IF($A8<>"",MAESTRO!$B8,"") | C8: =IF($A8<>"",MAESTRO!$A8,"") | D8: =IF($A8<>"",MAESTRO!$C8,"") | E8: =IF($A8<>"",MAESTRO!$M8,"") | F8: =IF($A8<>"",MAESTRO!$J8,"") | G8: =IF($A8<>"",MAESTRO!$D8,"") | H8: =IF($A8<>"",IF(TRIM(MAESTRO!$G8&" "&MAESTRO!$H8&" "&MAESTRO!$I8)="",MAESTRO!$F8,TRIM(MAESTRO!$G8&" "&MAESTRO!$H8&" "&MAESTRO!$I8)),"") | I8: =IF($A8<>"",MAESTRO!$K8,"") | J8: =IF($A8<>"",8,"")
A9: =IF(AND(UPPER(MAESTRO!$M9)="VIP",UPPER(MAESTRO!$J9)="SI",MAESTRO!$F9<>""),MAESTRO!$P9,"") | B9: =IF($A9<>"",MAESTRO!$B9,"") | C9: =IF($A9<>"",MAESTRO!$A9,"") | D9: =IF($A9<>"",MAESTRO!$C9,"") | E9: =IF($A9<>"",MAESTRO!$M9,"") | F9: =IF($A9<>"",MAESTRO!$J9,"") | G9: =IF($A9<>"",MAESTRO!$D9,"") | H9: =IF($A9<>"",IF(TRIM(MAESTRO!$G9&" "&MAESTRO!$H9&" "&MAESTRO!$I9)="",MAESTRO!$F9,TRIM(MAESTRO!$G9&" "&MAESTRO!$H9&" "&MAESTRO!$I9)),"") | I9: =IF($A9<>"",MAESTRO!$K9,"") | J9: =IF($A9<>"",9,"")
A10: =IF(AND(UPPER(MAESTRO!$M10)="VIP",UPPER(MAESTRO!$J10)="SI",MAESTRO!$F10<>""),MAESTRO!$P10,"") | B10: =IF($A10<>"",MAESTRO!$B10,"") | C10: =IF($A10<>"",MAESTRO!$A10,"") | D10: =IF($A10<>"",MAESTRO!$C10,"") | E10: =IF($A10<>"",MAESTRO!$M10,"") | F10: =IF($A10<>"",MAESTRO!$J10,"") | G10: =IF($A10<>"",MAESTRO!$D10,"") | H10: =IF($A10<>"",IF(TRIM(MAESTRO!$G10&" "&MAESTRO!$H10&" "&MAESTRO!$I10)="",MAESTRO!$F10,TRIM(MAESTRO!$G10&" "&MAESTRO!$H10&" "&MAESTRO!$I10)),"") | I10: =IF($A10<>"",MAESTRO!$K10,"") | J10: =IF($A10<>"",10,"")
A11: =IF(AND(UPPER(MAESTRO!$M11)="VIP",UPPER(MAESTRO!$J11)="SI",MAESTRO!$F11<>""),MAESTRO!$P11,"") | B11: =IF($A11<>"",MAESTRO!$B11,"") | C11: =IF($A11<>"",MAESTRO!$A11,"") | D11: =IF($A11<>"",MAESTRO!$C11,"") | E11: =IF($A11<>"",MAESTRO!$M11,"") | F11: =IF($A11<>"",MAESTRO!$J11,"") | G11: =IF($A11<>"",MAESTRO!$D11,"") | H11: =IF($A11<>"",IF(TRIM(MAESTRO!$G11&" "&MAESTRO!$H11&" "&MAESTRO!$I11)="",MAESTRO!$F11,TRIM(MAESTRO!$G11&" "&MAESTRO!$H11&" "&MAESTRO!$I11)),"") | I11: =IF($A11<>"",MAESTRO!$K11,"") | J11: =IF($A11<>"",11,"")
A12: =IF(AND(UPPER(MAESTRO!$M12)="VIP",UPPER(MAESTRO!$J12)="SI",MAESTRO!$F12<>""),MAESTRO!$P12,"") | B12: =IF($A12<>"",MAESTRO!$B12,"") | C12: =IF($A12<>"",MAESTRO!$A12,"") | D12: =IF($A12<>"",MAESTRO!$C12,"") | E12: =IF($A12<>"",MAESTRO!$M12,"") | F12: =IF($A12<>"",MAESTRO!$J12,"") | G12: =IF($A12<>"",MAESTRO!$D12,"") | H12: =IF($A12<>"",IF(TRIM(MAESTRO!$G12&" "&MAESTRO!$H12&" "&MAESTRO!$I12)="",MAESTRO!$F12,TRIM(MAESTRO!$G12&" "&MAESTRO!$H12&" "&MAESTRO!$I12)),"") | I12: =IF($A12<>"",MAESTRO!$K12,"") | J12: =IF($A12<>"",12,"")
A13: =IF(AND(UPPER(MAESTRO!$M13)="VIP",UPPER(MAESTRO!$J13)="SI",MAESTRO!$F13<>""),MAESTRO!$P13,"") | B13: =IF($A13<>"",MAESTRO!$B13,"") | C13: =IF($A13<>"",MAESTRO!$A13,"") | D13: =IF($A13<>"",MAESTRO!$C13,"") | E13: =IF($A13<>"",MAESTRO!$M13,"") | F13: =IF($A13<>"",MAESTRO!$J13,"") | G13: =IF($A13<>"",MAESTRO!$D13,"") | H13: =IF($A13<>"",IF(TRIM(MAESTRO!$G13&" "&MAESTRO!$H13&" "&MAESTRO!$I13)="",MAESTRO!$F13,TRIM(MAESTRO!$G13&" "&MAESTRO!$H13&" "&MAESTRO!$I13)),"") | I13: =IF($A13<>"",MAESTRO!$K13,"") | J13: =IF($A13<>"",13,"")
A14: =IF(AND(UPPER(MAESTRO!$M14)="VIP",UPPER(MAESTRO!$J14)="SI",MAESTRO!$F14<>""),MAESTRO!$P14,"") | B14: =IF($A14<>"",MAESTRO!$B14,"") | C14: =IF($A14<>"",MAESTRO!$A14,"") | D14: =IF($A14<>"",MAESTRO!$C14,"") | E14: =IF($A14<>"",MAESTRO!$M14,"") | F14: =IF($A14<>"",MAESTRO!$J14,"") | G14: =IF($A14<>"",MAESTRO!$D14,"") | H14: =IF($A14<>"",IF(TRIM(MAESTRO!$G14&" "&MAESTRO!$H14&" "&MAESTRO!$I14)="",MAESTRO!$F14,TRIM(MAESTRO!$G14&" "&MAESTRO!$H14&" "&MAESTRO!$I14)),"") | I14: =IF($A14<>"",MAESTRO!$K14,"") | J14: =IF($A14<>"",14,"")
A15: =IF(AND(UPPER(MAESTRO!$M15)="VIP",UPPER(MAESTRO!$J15)="SI",MAESTRO!$F15<>""),MAESTRO!$P15,"") | B15: =IF($A15<>"",MAESTRO!$B15,"") | C15: =IF($A15<>"",MAESTRO!$A15,"") | D15: =IF($A15<>"",MAESTRO!$C15,"") | E15: =IF($A15<>"",MAESTRO!$M15,"") | F15: =IF($A15<>"",MAESTRO!$J15,"") | G15: =IF($A15<>"",MAESTRO!$D15,"") | H15: =IF($A15<>"",IF(TRIM(MAESTRO!$G15&" "&MAESTRO!$H15&" "&MAESTRO!$I15)="",MAESTRO!$F15,TRIM(MAESTRO!$G15&" "&MAESTRO!$H15&" "&MAESTRO!$I15)),"") | I15: =IF($A15<>"",MAESTRO!$K15,"") | J15: =IF($A15<>"",15,"")
A16: =IF(AND(UPPER(MAESTRO!$M16)="VIP",UPPER(MAESTRO!$J16)="SI",MAESTRO!$F16<>""),MAESTRO!$P16,"") | B16: =IF($A16<>"",MAESTRO!$B16,"") | C16: =IF($A16<>"",MAESTRO!$A16,"") | D16: =IF($A16<>"",MAESTRO!$C16,"") | E16: =IF($A16<>"",MAESTRO!$M16,"") | F16: =IF($A16<>"",MAESTRO!$J16,"") | G16: =IF($A16<>"",MAESTRO!$D16,"") | H16: =IF($A16<>"",IF(TRIM(MAESTRO!$G16&" "&MAESTRO!$H16&" "&MAESTRO!$I16)="",MAESTRO!$F16,TRIM(MAESTRO!$G16&" "&MAESTRO!$H16&" "&MAESTRO!$I16)),"") | I16: =IF($A16<>"",MAESTRO!$K16,"") | J16: =IF($A16<>"",16,"")
A17: =IF(AND(UPPER(MAESTRO!$M17)="VIP",UPPER(MAESTRO!$J17)="SI",MAESTRO!$F17<>""),MAESTRO!$P17,"") -> A17 | B17: =IF($A17<>"",MAESTRO!$B17,"") -> 16 | C17: =IF($A17<>"",$CAT$33:$K$2147516417,"") -> 16 | D17: =IF($A17<>"",MAESTRO!$C17,"") -> OPA | E17: =IF($A17<>"",MAESTRO!$M17,"") -> VIP | F17: =IF($A17<>"",MAESTRO!$J17,"") -> SI | G17: =IF($A17<>"",MAESTRO!$D17,"") -> Ministro | H17: =IF($A17<>"",IF(TRIM(MAESTRO!$G17&" "&MAESTRO!$H17&" "&MAESTRO!$I17)="",MAESTRO!$F17,TRIM(MAESTRO!$G17&" "&MAESTRO!$H17&" "&MAESTRO!$I17)),"") -> Claudio Alvarado Andrade | I17: =IF($A17<>"",MAESTRO!$K17,"") -> Biministro del Interior y Secretario General de Gobierno | J17: =IF($A17<>"",17,"") -> 17
A18: =IF(AND(UPPER(MAESTRO!$M18)="VIP",UPPER(MAESTRO!$J18)="SI",MAESTRO!$F18<>""),MAESTRO!$P18,"") | B18: =IF($A18<>"",MAESTRO!$B18,"") | C18: =IF($A18<>"",$CAT$33:$K$2147516417,"") | D18: =IF($A18<>"",MAESTRO!$C18,"") | E18: =IF($A18<>"",MAESTRO!$M18,"") | F18: =IF($A18<>"",MAESTRO!$J18,"") | G18: =IF($A18<>"",MAESTRO!$D18,"") | H18: =IF($A18<>"",IF(TRIM(MAESTRO!$G18&" "&MAESTRO!$H18&" "&MAESTRO!$I18)="",MAESTRO!$F18,TRIM(MAESTRO!$G18&" "&MAESTRO!$H18&" "&MAESTRO!$I18)),"") | I18: =IF($A18<>"",MAESTRO!$K18,"") | J18: =IF($A18<>"",18,"")
A19: =IF(AND(UPPER(MAESTRO!$M19)="VIP",UPPER(MAESTRO!$J19)="SI",MAESTRO!$F19<>""),MAESTRO!$P19,"") | B19: =IF($A19<>"",MAESTRO!$B19,"") | C19: =IF($A19<>"",$CAT$33:$K$2147516417,"") | D19: =IF($A19<>"",MAESTRO!$C19,"") | E19: =IF($A19<>"",MAESTRO!$M19,"") | F19: =IF($A19<>"",MAESTRO!$J19,"") | G19: =IF($A19<>"",MAESTRO!$D19,"") | H19: =IF($A19<>"",IF(TRIM(MAESTRO!$G19&" "&MAESTRO!$H19&" "&MAESTRO!$I19)="",MAESTRO!$F19,TRIM(MAESTRO!$G19&" "&MAESTRO!$H19&" "&MAESTRO!$I19)),"") | I19: =IF($A19<>"",MAESTRO!$K19,"") | J19: =IF($A19<>"",19,"")
A20: =IF(AND(UPPER(MAESTRO!$M20)="VIP",UPPER(MAESTRO!$J20)="SI",MAESTRO!$F20<>""),MAESTRO!$P20,"") | B20: =IF($A20<>"",MAESTRO!$B20,"") | C20: =IF($A20<>"",$CAT$33:$K$2147516417,"") | D20: =IF($A20<>"",MAESTRO!$C20,"") | E20: =IF($A20<>"",MAESTRO!$M20,"") | F20: =IF($A20<>"",MAESTRO!$J20,"") | G20: =IF($A20<>"",MAESTRO!$D20,"") | H20: =IF($A20<>"",IF(TRIM(MAESTRO!$G20&" "&MAESTRO!$H20&" "&MAESTRO!$I20)="",MAESTRO!$F20,TRIM(MAESTRO!$G20&" "&MAESTRO!$H20&" "&MAESTRO!$I20)),"") | I20: =IF($A20<>"",MAESTRO!$K20,"") | J20: =IF($A20<>"",20,"")
A21: =IF(AND(UPPER(MAESTRO!$M21)="VIP",UPPER(MAESTRO!$J21)="SI",MAESTRO!$F21<>""),MAESTRO!$P21,"") | B21: =IF($A21<>"",MAESTRO!$B21,"") | C21: =IF($A21<>"",$CAT$33:$K$2147516417,"") | D21: =IF($A21<>"",MAESTRO!$C21,"") | E21: =IF($A21<>"",MAESTRO!$M21,"") | F21: =IF($A21<>"",MAESTRO!$J21,"") | G21: =IF($A21<>"",MAESTRO!$D21,"") | H21: =IF($A21<>"",IF(TRIM(MAESTRO!$G21&" "&MAESTRO!$H21&" "&MAESTRO!$I21)="",MAESTRO!$F21,TRIM(MAESTRO!$G21&" "&MAESTRO!$H21&" "&MAESTRO!$I21)),"") | I21: =IF($A21<>"",MAESTRO!$K21,"") | J21: =IF($A21<>"",21,"")
A22: =IF(AND(UPPER(MAESTRO!$M22)="VIP",UPPER(MAESTRO!$J22)="SI",MAESTRO!$F22<>""),MAESTRO!$P22,"") | B22: =IF($A22<>"",MAESTRO!$B22,"") | C22: =IF($A22<>"",$CAT$33:$K$2147516417,"") | D22: =IF($A22<>"",MAESTRO!$C22,"") | E22: =IF($A22<>"",MAESTRO!$M22,"") | F22: =IF($A22<>"",MAESTRO!$J22,"") | G22: =IF($A22<>"",MAESTRO!$D22,"") | H22: =IF($A22<>"",IF(TRIM(MAESTRO!$G22&" "&MAESTRO!$H22&" "&MAESTRO!$I22)="",MAESTRO!$F22,TRIM(MAESTRO!$G22&" "&MAESTRO!$H22&" "&MAESTRO!$I22)),"") | I22: =IF($A22<>"",MAESTRO!$K22,"") | J22: =IF($A22<>"",22,"")
A23: =IF(AND(UPPER(MAESTRO!$M23)="VIP",UPPER(MAESTRO!$J23)="SI",MAESTRO!$F23<>""),MAESTRO!$P23,"") | B23: =IF($A23<>"",MAESTRO!$B23,"") | C23: =IF($A23<>"",MAESTRO!$A23,"") | D23: =IF($A23<>"",MAESTRO!$C23,"") | E23: =IF($A23<>"",MAESTRO!$M23,"") | F23: =IF($A23<>"",MAESTRO!$J23,"") | G23: =IF($A23<>"",MAESTRO!$D23,"") | H23: =IF($A23<>"",IF(TRIM(MAESTRO!$G23&" "&MAESTRO!$H23&" "&MAESTRO!$I23)="",MAESTRO!$F23,TRIM(MAESTRO!$G23&" "&MAESTRO!$H23&" "&MAESTRO!$I23)),"") | I23: =IF($A23<>"",MAESTRO!$K23,"") | J23: =IF($A23<>"",23,"")
A24: =IF(AND(UPPER(MAESTRO!$M24)="VIP",UPPER(MAESTRO!$J24)="SI",MAESTRO!$F24<>""),MAESTRO!$P24,"") | B24: =IF($A24<>"",MAESTRO!$B24,"") | C24: =IF($A24<>"",MAESTRO!$A24,"") | D24: =IF($A24<>"",MAESTRO!$C24,"") | E24: =IF($A24<>"",MAESTRO!$M24,"") | F24: =IF($A24<>"",MAESTRO!$J24,"") | G24: =IF($A24<>"",MAESTRO!$D24,"") | H24: =IF($A24<>"",IF(TRIM(MAESTRO!$G24&" "&MAESTRO!$H24&" "&MAESTRO!$I24)="",MAESTRO!$F24,TRIM(MAESTRO!$G24&" "&MAESTRO!$H24&" "&MAESTRO!$I24)),"") | I24: =IF($A24<>"",MAESTRO!$K24,"") | J24: =IF($A24<>"",24,"")
A25: =IF(AND(UPPER(MAESTRO!$M25)="VIP",UPPER(MAESTRO!$J25)="SI",MAESTRO!$F25<>""),MAESTRO!$P25,"") | B25: =IF($A25<>"",MAESTRO!$B25,"") | C25: =IF($A25<>"",MAESTRO!$A25,"") | D25: =IF($A25<>"",MAESTRO!$C25,"") | E25: =IF($A25<>"",MAESTRO!$M25,"") | F25: =IF($A25<>"",MAESTRO!$J25,"") | G25: =IF($A25<>"",MAESTRO!$D25,"") | H25: =IF($A25<>"",IF(TRIM(MAESTRO!$G25&" "&MAESTRO!$H25&" "&MAESTRO!$I25)="",MAESTRO!$F25,TRIM(MAESTRO!$G25&" "&MAESTRO!$H25&" "&MAESTRO!$I25)),"") | I25: =IF($A25<>"",MAESTRO!$K25,"") | J25: =IF($A25<>"",25,"")
A26: =IF(AND(UPPER(MAESTRO!$M26)="VIP",UPPER(MAESTRO!$J26)="SI",MAESTRO!$F26<>""),MAESTRO!$P26,"") | B26: =IF($A26<>"",MAESTRO!$B26,"") | C26: =IF($A26<>"",MAESTRO!$A26,"") | D26: =IF($A26<>"",MAESTRO!$C26,"") | E26: =IF($A26<>"",MAESTRO!$M26,"") | F26: =IF($A26<>"",MAESTRO!$J26,"") | G26: =IF($A26<>"",MAESTRO!$D26,"") | H26: =IF($A26<>"",IF(TRIM(MAESTRO!$G26&" "&MAESTRO!$H26&" "&MAESTRO!$I26)="",MAESTRO!$F26,TRIM(MAESTRO!$G26&" "&MAESTRO!$H26&" "&MAESTRO!$I26)),"") | I26: =IF($A26<>"",MAESTRO!$K26,"") | J26: =IF($A26<>"",26,"")
A27: =IF(AND(UPPER(MAESTRO!$M27)="VIP",UPPER(MAESTRO!$J27)="SI",MAESTRO!$F27<>""),MAESTRO!$P27,"") | B27: =IF($A27<>"",MAESTRO!$B27,"") | C27: =IF($A27<>"",MAESTRO!$A27,"") | D27: =IF($A27<>"",MAESTRO!$C27,"") | E27: =IF($A27<>"",MAESTRO!$M27,"") | F27: =IF($A27<>"",MAESTRO!$J27,"") | G27: =IF($A27<>"",MAESTRO!$D27,"") | H27: =IF($A27<>"",IF(TRIM(MAESTRO!$G27&" "&MAESTRO!$H27&" "&MAESTRO!$I27)="",MAESTRO!$F27,TRIM(MAESTRO!$G27&" "&MAESTRO!$H27&" "&MAESTRO!$I27)),"") | I27: =IF($A27<>"",MAESTRO!$K27,"") | J27: =IF($A27<>"",27,"")
A28: =IF(AND(UPPER(MAESTRO!$M28)="VIP",UPPER(MAESTRO!$J28)="SI",MAESTRO!$F28<>""),MAESTRO!$P28,"") | B28: =IF($A28<>"",MAESTRO!$B28,"") | C28: =IF($A28<>"",MAESTRO!$A28,"") | D28: =IF($A28<>"",MAESTRO!$C28,"") | E28: =IF($A28<>"",MAESTRO!$M28,"") | F28: =IF($A28<>"",MAESTRO!$J28,"") | G28: =IF($A28<>"",MAESTRO!$D28,"") | H28: =IF($A28<>"",IF(TRIM(MAESTRO!$G28&" "&MAESTRO!$H28&" "&MAESTRO!$I28)="",MAESTRO!$F28,TRIM(MAESTRO!$G28&" "&MAESTRO!$H28&" "&MAESTRO!$I28)),"") | I28: =IF($A28<>"",MAESTRO!$K28,"") | J28: =IF($A28<>"",28,"")
A29: =IF(AND(UPPER(MAESTRO!$M29)="VIP",UPPER(MAESTRO!$J29)="SI",MAESTRO!$F29<>""),MAESTRO!$P29,"") | B29: =IF($A29<>"",MAESTRO!$B29,"") | C29: =IF($A29<>"",MAESTRO!$A29,"") | D29: =IF($A29<>"",MAESTRO!$C29,"") | E29: =IF($A29<>"",MAESTRO!$M29,"") | F29: =IF($A29<>"",MAESTRO!$J29,"") | G29: =IF($A29<>"",MAESTRO!$D29,"") | H29: =IF($A29<>"",IF(TRIM(MAESTRO!$G29&" "&MAESTRO!$H29&" "&MAESTRO!$I29)="",MAESTRO!$F29,TRIM(MAESTRO!$G29&" "&MAESTRO!$H29&" "&MAESTRO!$I29)),"") | I29: =IF($A29<>"",MAESTRO!$K29,"") | J29: =IF($A29<>"",29,"")
A30: =IF(AND(UPPER(MAESTRO!$M30)="VIP",UPPER(MAESTRO!$J30)="SI",MAESTRO!$F30<>""),MAESTRO!$P30,"") | B30: =IF($A30<>"",MAESTRO!$B30,"") | C30: =IF($A30<>"",MAESTRO!$A30,"") | D30: =IF($A30<>"",MAESTRO!$C30,"") | E30: =IF($A30<>"",MAESTRO!$M30,"") | F30: =IF($A30<>"",MAESTRO!$J30,"") | G30: =IF($A30<>"",MAESTRO!$D30,"") | H30: =IF($A30<>"",IF(TRIM(MAESTRO!$G30&" "&MAESTRO!$H30&" "&MAESTRO!$I30)="",MAESTRO!$F30,TRIM(MAESTRO!$G30&" "&MAESTRO!$H30&" "&MAESTRO!$I30)),"") | I30: =IF($A30<>"",MAESTRO!$K30,"") | J30: =IF($A30<>"",30,"")
A31: =IF(AND(UPPER(MAESTRO!$M31)="VIP",UPPER(MAESTRO!$J31)="SI",MAESTRO!$F31<>""),MAESTRO!$P31,"") | B31: =IF($A31<>"",MAESTRO!$B31,"") | C31: =IF($A31<>"",MAESTRO!$A31,"") | D31: =IF($A31<>"",MAESTRO!$C31,"") | E31: =IF($A31<>"",MAESTRO!$M31,"") | F31: =IF($A31<>"",MAESTRO!$J31,"") | G31: =IF($A31<>"",MAESTRO!$D31,"") | H31: =IF($A31<>"",IF(TRIM(MAESTRO!$G31&" "&MAESTRO!$H31&" "&MAESTRO!$I31)="",MAESTRO!$F31,TRIM(MAESTRO!$G31&" "&MAESTRO!$H31&" "&MAESTRO!$I31)),"") | I31: =IF($A31<>"",MAESTRO!$K31,"") | J31: =IF($A31<>"",31,"")
A32: =IF(AND(UPPER(MAESTRO!$M32)="VIP",UPPER(MAESTRO!$J32)="SI",MAESTRO!$F32<>""),MAESTRO!$P32,"") | B32: =IF($A32<>"",MAESTRO!$B32,"") | C32: =IF($A32<>"",MAESTRO!$A32,"") | D32: =IF($A32<>"",MAESTRO!$C32,"") | E32: =IF($A32<>"",MAESTRO!$M32,"") | F32: =IF($A32<>"",MAESTRO!$J32,"") | G32: =IF($A32<>"",MAESTRO!$D32,"") | H32: =IF($A32<>"",IF(TRIM(MAESTRO!$G32&" "&MAESTRO!$H32&" "&MAESTRO!$I32)="",MAESTRO!$F32,TRIM(MAESTRO!$G32&" "&MAESTRO!$H32&" "&MAESTRO!$I32)),"") | I32: =IF($A32<>"",MAESTRO!$K32,"") | J32: =IF($A32<>"",32,"")
A33: =IF(AND(UPPER(MAESTRO!$M33)="VIP",UPPER(MAESTRO!$J33)="SI",MAESTRO!$F33<>""),MAESTRO!$P33,"") | B33: =IF($A33<>"",MAESTRO!$B33,"") | C33: =IF($A33<>"",MAESTRO!$A33,"") | D33: =IF($A33<>"",MAESTRO!$C33,"") | E33: =IF($A33<>"",MAESTRO!$M33,"") | F33: =IF($A33<>"",MAESTRO!$J33,"") | G33: =IF($A33<>"",MAESTRO!$D33,"") | H33: =IF($A33<>"",IF(TRIM(MAESTRO!$G33&" "&MAESTRO!$H33&" "&MAESTRO!$I33)="",MAESTRO!$F33,TRIM(MAESTRO!$G33&" "&MAESTRO!$H33&" "&MAESTRO!$I33)),"") | I33: =IF($A33<>"",MAESTRO!$K33,"") | J33: =IF($A33<>"",33,"")
A34: =IF(AND(UPPER(MAESTRO!$M34)="VIP",UPPER(MAESTRO!$J34)="SI",MAESTRO!$F34<>""),MAESTRO!$P34,"") | B34: =IF($A34<>"",MAESTRO!$B34,"") | C34: =IF($A34<>"",MAESTRO!$A34,"") | D34: =IF($A34<>"",MAESTRO!$C34,"") | E34: =IF($A34<>"",MAESTRO!$M34,"") | F34: =IF($A34<>"",MAESTRO!$J34,"") | G34: =IF($A34<>"",MAESTRO!$D34,"") | H34: =IF($A34<>"",IF(TRIM(MAESTRO!$G34&" "&MAESTRO!$H34&" "&MAESTRO!$I34)="",MAESTRO!$F34,TRIM(MAESTRO!$G34&" "&MAESTRO!$H34&" "&MAESTRO!$I34)),"") | I34: =IF($A34<>"",MAESTRO!$K34,"") | J34: =IF($A34<>"",34,"")
A35: =IF(AND(UPPER(MAESTRO!$M35)="VIP",UPPER(MAESTRO!$J35)="SI",MAESTRO!$F35<>""),MAESTRO!$P35,"") | B35: =IF($A35<>"",MAESTRO!$B35,"") | C35: =IF($A35<>"",MAESTRO!$A35,"") | D35: =IF($A35<>"",MAESTRO!$C35,"") | E35: =IF($A35<>"",MAESTRO!$M35,"") | F35: =IF($A35<>"",MAESTRO!$J35,"") | G35: =IF($A35<>"",MAESTRO!$D35,"") | H35: =IF($A35<>"",IF(TRIM(MAESTRO!$G35&" "&MAESTRO!$H35&" "&MAESTRO!$I35)="",MAESTRO!$F35,TRIM(MAESTRO!$G35&" "&MAESTRO!$H35&" "&MAESTRO!$I35)),"") | I35: =IF($A35<>"",MAESTRO!$K35,"") | J35: =IF($A35<>"",35,"")
A36: =IF(AND(UPPER(MAESTRO!$M36)="VIP",UPPER(MAESTRO!$J36)="SI",MAESTRO!$F36<>""),MAESTRO!$P36,"") | B36: =IF($A36<>"",MAESTRO!$B36,"") | C36: =IF($A36<>"",MAESTRO!$A36,"") | D36: =IF($A36<>"",MAESTRO!$C36,"") | E36: =IF($A36<>"",MAESTRO!$M36,"") | F36: =IF($A36<>"",MAESTRO!$J36,"") | G36: =IF($A36<>"",MAESTRO!$D36,"") | H36: =IF($A36<>"",IF(TRIM(MAESTRO!$G36&" "&MAESTRO!$H36&" "&MAESTRO!$I36)="",MAESTRO!$F36,TRIM(MAESTRO!$G36&" "&MAESTRO!$H36&" "&MAESTRO!$I36)),"") | I36: =IF($A36<>"",MAESTRO!$K36,"") | J36: =IF($A36<>"",36,"")
A37: =IF(AND(UPPER(MAESTRO!$M37)="VIP",UPPER(MAESTRO!$J37)="SI",MAESTRO!$F37<>""),MAESTRO!$P37,"") | B37: =IF($A37<>"",MAESTRO!$B37,"") | C37: =IF($A37<>"",MAESTRO!$A37,"") | D37: =IF($A37<>"",MAESTRO!$C37,"") | E37: =IF($A37<>"",MAESTRO!$M37,"") | F37: =IF($A37<>"",MAESTRO!$J37,"") | G37: =IF($A37<>"",MAESTRO!$D37,"") | H37: =IF($A37<>"",IF(TRIM(MAESTRO!$G37&" "&MAESTRO!$H37&" "&MAESTRO!$I37)="",MAESTRO!$F37,TRIM(MAESTRO!$G37&" "&MAESTRO!$H37&" "&MAESTRO!$I37)),"") | I37: =IF($A37<>"",MAESTRO!$K37,"") | J37: =IF($A37<>"",37,"")
A38: =IF(AND(UPPER(MAESTRO!$M38)="VIP",UPPER(MAESTRO!$J38)="SI",MAESTRO!$F38<>""),MAESTRO!$P38,"") | B38: =IF($A38<>"",MAESTRO!$B38,"") | C38: =IF($A38<>"",MAESTRO!$A38,"") | D38: =IF($A38<>"",MAESTRO!$C38,"") | E38: =IF($A38<>"",MAESTRO!$M38,"") | F38: =IF($A38<>"",MAESTRO!$J38,"") | G38: =IF($A38<>"",MAESTRO!$D38,"") | H38: =IF($A38<>"",IF(TRIM(MAESTRO!$G38&" "&MAESTRO!$H38&" "&MAESTRO!$I38)="",MAESTRO!$F38,TRIM(MAESTRO!$G38&" "&MAESTRO!$H38&" "&MAESTRO!$I38)),"") | I38: =IF($A38<>"",MAESTRO!$K38,"") | J38: =IF($A38<>"",38,"")
A39: =IF(AND(UPPER(MAESTRO!$M39)="VIP",UPPER(MAESTRO!$J39)="SI",MAESTRO!$F39<>""),MAESTRO!$P39,"") | B39: =IF($A39<>"",MAESTRO!$B39,"") | C39: =IF($A39<>"",MAESTRO!$A39,"") | D39: =IF($A39<>"",MAESTRO!$C39,"") | E39: =IF($A39<>"",MAESTRO!$M39,"") | F39: =IF($A39<>"",MAESTRO!$J39,"") | G39: =IF($A39<>"",MAESTRO!$D39,"") | H39: =IF($A39<>"",IF(TRIM(MAESTRO!$G39&" "&MAESTRO!$H39&" "&MAESTRO!$I39)="",MAESTRO!$F39,TRIM(MAESTRO!$G39&" "&MAESTRO!$H39&" "&MAESTRO!$I39)),"") | I39: =IF($A39<>"",MAESTRO!$K39,"") | J39: =IF($A39<>"",39,"")
A40: =IF(AND(UPPER(MAESTRO!$M40)="VIP",UPPER(MAESTRO!$J40)="SI",MAESTRO!$F40<>""),MAESTRO!$P40,"") | B40: =IF($A40<>"",MAESTRO!$B40,"") | C40: =IF($A40<>"",MAESTRO!$A40,"") | D40: =IF($A40<>"",MAESTRO!$C40,"") | E40: =IF($A40<>"",MAESTRO!$M40,"") | F40: =IF($A40<>"",MAESTRO!$J40,"") | G40: =IF($A40<>"",MAESTRO!$D40,"") | H40: =IF($A40<>"",IF(TRIM(MAESTRO!$G40&" "&MAESTRO!$H40&" "&MAESTRO!$I40)="",MAESTRO!$F40,TRIM(MAESTRO!$G40&" "&MAESTRO!$H40&" "&MAESTRO!$I40)),"") | I40: =IF($A40<>"",MAESTRO!$K40,"") | J40: =IF($A40<>"",40,"")
A41: =IF(AND(UPPER(MAESTRO!$M41)="VIP",UPPER(MAESTRO!$J41)="SI",MAESTRO!$F41<>""),MAESTRO!$P41,"") | B41: =IF($A41<>"",MAESTRO!$B41,"") | C41: =IF($A41<>"",MAESTRO!$A41,"") | D41: =IF($A41<>"",MAESTRO!$C41,"") | E41: =IF($A41<>"",MAESTRO!$M41,"") | F41: =IF($A41<>"",MAESTRO!$J41,"") | G41: =IF($A41<>"",MAESTRO!$D41,"") | H41: =IF($A41<>"",IF(TRIM(MAESTRO!$G41&" "&MAESTRO!$H41&" "&MAESTRO!$I41)="",MAESTRO!$F41,TRIM(MAESTRO!$G41&" "&MAESTRO!$H41&" "&MAESTRO!$I41)),"") | I41: =IF($A41<>"",MAESTRO!$K41,"") | J41: =IF($A41<>"",41,"")
A42: =IF(AND(UPPER(MAESTRO!$M42)="VIP",UPPER(MAESTRO!$J42)="SI",MAESTRO!$F42<>""),MAESTRO!$P42,"") -> A33 | B42: =IF($A42<>"",MAESTRO!$B42,"") -> 41 | C42: =IF($A42<>"",MAESTRO!$A42,"") -> 41 | D42: =IF($A42<>"",MAESTRO!$C42,"") -> OPA | E42: =IF($A42<>"",MAESTRO!$M42,"") -> VIP | F42: =IF($A42<>"",MAESTRO!$J42,"") -> SI | G42: =IF($A42<>"",MAESTRO!$D42,"") -> Excelentísima | H42: =IF($A42<>"",IF(TRIM(MAESTRO!$G42&" "&MAESTRO!$H42&" "&MAESTRO!$I42)="",MAESTRO!$F42,TRIM(MAESTRO!$G42&" "&MAESTRO!$H42&" "&MAESTRO!$I42)),"") -> Ahmet Ihsan Kiziltan | I42: =IF($A42<>"",MAESTRO!$K42,"") -> Embajadora de Turquia en Chile | J42: =IF($A42<>"",42,"") -> 42
A43: =IF(AND(UPPER(MAESTRO!$M43)="VIP",UPPER(MAESTRO!$J43)="SI",MAESTRO!$F43<>""),MAESTRO!$P43,"") | B43: =IF($A43<>"",MAESTRO!$B43,"") | C43: =IF($A43<>"",MAESTRO!$A43,"") | D43: =IF($A43<>"",MAESTRO!$C43,"") | E43: =IF($A43<>"",MAESTRO!$M43,"") | F43: =IF($A43<>"",MAESTRO!$J43,"") | G43: =IF($A43<>"",MAESTRO!$D43,"") | H43: =IF($A43<>"",IF(TRIM(MAESTRO!$G43&" "&MAESTRO!$H43&" "&MAESTRO!$I43)="",MAESTRO!$F43,TRIM(MAESTRO!$G43&" "&MAESTRO!$H43&" "&MAESTRO!$I43)),"") | I43: =IF($A43<>"",MAESTRO!$K43,"") | J43: =IF($A43<>"",43,"")
A44: =IF(AND(UPPER(MAESTRO!$M44)="VIP",UPPER(MAESTRO!$J44)="SI",MAESTRO!$F44<>""),MAESTRO!$P44,"") -> A12 | B44: =IF($A44<>"",MAESTRO!$B44,"") -> 43 | C44: =IF($A44<>"",MAESTRO!$A44,"") -> 43 | D44: =IF($A44<>"",MAESTRO!$C44,"") -> OPA | E44: =IF($A44<>"",MAESTRO!$M44,"") -> VIP | F44: =IF($A44<>"",MAESTRO!$J44,"") -> SI | G44: =IF($A44<>"",MAESTRO!$D44,"") -> Excelentísima | H44: =IF($A44<>"",IF(TRIM(MAESTRO!$G44&" "&MAESTRO!$H44&" "&MAESTRO!$I44)="",MAESTRO!$F44,TRIM(MAESTRO!$G44&" "&MAESTRO!$H44&" "&MAESTRO!$I44)),"") -> Sebastián Guanumen Parra | I44: =IF($A44<>"",MAESTRO!$K44,"") -> Embajador de Colombia en Chile | J44: =IF($A44<>"",44,"") -> 44
A45: =IF(AND(UPPER(MAESTRO!$M45)="VIP",UPPER(MAESTRO!$J45)="SI",MAESTRO!$F45<>""),MAESTRO!$P45,"") -> A34 | B45: =IF($A45<>"",MAESTRO!$B45,"") -> 44 | C45: =IF($A45<>"",MAESTRO!$A45,"") -> 44 | D45: =IF($A45<>"",MAESTRO!$C45,"") -> OPA | E45: =IF($A45<>"",MAESTRO!$M45,"") -> VIP | F45: =IF($A45<>"",MAESTRO!$J45,"") -> SI | G45: =IF($A45<>"",MAESTRO!$D45,"") -> Excelentísima | H45: =IF($A45<>"",IF(TRIM(MAESTRO!$G45&" "&MAESTRO!$H45&" "&MAESTRO!$I45)="",MAESTRO!$F45,TRIM(MAESTRO!$G45&" "&MAESTRO!$H45&" "&MAESTRO!$I45)),"") -> Karolina Linda Guay Guay | I45: =IF($A45<>"",MAESTRO!$K45,"") -> Embajadora de Canadá en Chile | J45: =IF($A45<>"",45,"") -> 45
A46: =IF(AND(UPPER(MAESTRO!$M46)="VIP",UPPER(MAESTRO!$J46)="SI",MAESTRO!$F46<>""),MAESTRO!$P46,"") | B46: =IF($A46<>"",MAESTRO!$B46,"") | C46: =IF($A46<>"",MAESTRO!$A46,"") | D46: =IF($A46<>"",MAESTRO!$C46,"") | E46: =IF($A46<>"",MAESTRO!$M46,"") | F46: =IF($A46<>"",MAESTRO!$J46,"") | G46: =IF($A46<>"",MAESTRO!$D46,"") | H46: =IF($A46<>"",IF(TRIM(MAESTRO!$G46&" "&MAESTRO!$H46&" "&MAESTRO!$I46)="",MAESTRO!$F46,TRIM(MAESTRO!$G46&" "&MAESTRO!$H46&" "&MAESTRO!$I46)),"") | I46: =IF($A46<>"",MAESTRO!$K46,"") | J46: =IF($A46<>"",46,"")
A47: =IF(AND(UPPER(MAESTRO!$M47)="VIP",UPPER(MAESTRO!$J47)="SI",MAESTRO!$F47<>""),MAESTRO!$P47,"") | B47: =IF($A47<>"",MAESTRO!$B47,"") | C47: =IF($A47<>"",MAESTRO!$A47,"") | D47: =IF($A47<>"",MAESTRO!$C47,"") | E47: =IF($A47<>"",MAESTRO!$M47,"") | F47: =IF($A47<>"",MAESTRO!$J47,"") | G47: =IF($A47<>"",MAESTRO!$D47,"") | H47: =IF($A47<>"",IF(TRIM(MAESTRO!$G47&" "&MAESTRO!$H47&" "&MAESTRO!$I47)="",MAESTRO!$F47,TRIM(MAESTRO!$G47&" "&MAESTRO!$H47&" "&MAESTRO!$I47)),"") | I47: =IF($A47<>"",MAESTRO!$K47,"") | J47: =IF($A47<>"",47,"")
A48: =IF(AND(UPPER(MAESTRO!$M48)="VIP",UPPER(MAESTRO!$J48)="SI",MAESTRO!$F48<>""),MAESTRO!$P48,"") -> A35 | B48: =IF($A48<>"",MAESTRO!$B48,"") -> 47 | C48: =IF($A48<>"",MAESTRO!$A48,"") -> 47 | D48: =IF($A48<>"",MAESTRO!$C48,"") -> OPA | E48: =IF($A48<>"",MAESTRO!$M48,"") -> VIP | F48: =IF($A48<>"",MAESTRO!$J48,"") -> SI | G48: =IF($A48<>"",MAESTRO!$D48,"") -> Excelentísima | H48: =IF($A48<>"",IF(TRIM(MAESTRO!$G48&" "&MAESTRO!$H48&" "&MAESTRO!$I48)="",MAESTRO!$F48,TRIM(MAESTRO!$G48&" "&MAESTRO!$H48&" "&MAESTRO!$I48)),"") -> Elke Schaapveld E/v Merks | I48: =IF($A48<>"",MAESTRO!$K48,"") -> Embajadora de los Países Bajos en Chile | J48: =IF($A48<>"",48,"") -> 48
A49: =IF(AND(UPPER(MAESTRO!$M49)="VIP",UPPER(MAESTRO!$J49)="SI",MAESTRO!$F49<>""),MAESTRO!$P49,"") | B49: =IF($A49<>"",MAESTRO!$B49,"") | C49: =IF($A49<>"",MAESTRO!$A49,"") | D49: =IF($A49<>"",MAESTRO!$C49,"") | E49: =IF($A49<>"",MAESTRO!$M49,"") | F49: =IF($A49<>"",MAESTRO!$J49,"") | G49: =IF($A49<>"",MAESTRO!$D49,"") | H49: =IF($A49<>"",IF(TRIM(MAESTRO!$G49&" "&MAESTRO!$H49&" "&MAESTRO!$I49)="",MAESTRO!$F49,TRIM(MAESTRO!$G49&" "&MAESTRO!$H49&" "&MAESTRO!$I49)),"") | I49: =IF($A49<>"",MAESTRO!$K49,"") | J49: =IF($A49<>"",49,"")
A50: =IF(AND(UPPER(MAESTRO!$M50)="VIP",UPPER(MAESTRO!$J50)="SI",MAESTRO!$F50<>""),MAESTRO!$P50,"") | B50: =IF($A50<>"",MAESTRO!$B50,"") | C50: =IF($A50<>"",MAESTRO!$A50,"") | D50: =IF($A50<>"",MAESTRO!$C50,"") | E50: =IF($A50<>"",MAESTRO!$M50,"") | F50: =IF($A50<>"",MAESTRO!$J50,"") | G50: =IF($A50<>"",MAESTRO!$D50,"") | H50: =IF($A50<>"",IF(TRIM(MAESTRO!$G50&" "&MAESTRO!$H50&" "&MAESTRO!$I50)="",MAESTRO!$F50,TRIM(MAESTRO!$G50&" "&MAESTRO!$H50&" "&MAESTRO!$I50)),"") | I50: =IF($A50<>"",MAESTRO!$K50,"") | J50: =IF($A50<>"",50,"")
A51: =IF(AND(UPPER(MAESTRO!$M51)="VIP",UPPER(MAESTRO!$J51)="SI",MAESTRO!$F51<>""),MAESTRO!$P51,"") -> A36 | B51: =IF($A51<>"",MAESTRO!$B51,"") -> 50 | C51: =IF($A51<>"",MAESTRO!$A51,"") -> 50 | D51: =IF($A51<>"",MAESTRO!$C51,"") -> OPA | E51: =IF($A51<>"",MAESTRO!$M51,"") -> VIP | F51: =IF($A51<>"",MAESTRO!$J51,"") -> SI | G51: =IF($A51<>"",MAESTRO!$D51,"") -> Excelentísima | H51: =IF($A51<>"",IF(TRIM(MAESTRO!$G51&" "&MAESTRO!$H51&" "&MAESTRO!$I51)="",MAESTRO!$F51,TRIM(MAESTRO!$G51&" "&MAESTRO!$H51&" "&MAESTRO!$I51)),"") -> Laura Oroz Ulibarri | I51: =IF($A51<>"",MAESTRO!$K51,"") -> Embajadora de España en Chile | J51: =IF($A51<>"",51,"") -> 51
A52: =IF(AND(UPPER(MAESTRO!$M52)="VIP",UPPER(MAESTRO!$J52)="SI",MAESTRO!$F52<>""),MAESTRO!$P52,"") -> A9 | B52: =IF($A52<>"",MAESTRO!$B52,"") -> 51 | C52: =IF($A52<>"",MAESTRO!$A52,"") -> 51 | D52: =IF($A52<>"",MAESTRO!$C52,"") -> OPA | E52: =IF($A52<>"",MAESTRO!$M52,"") -> VIP | F52: =IF($A52<>"",MAESTRO!$J52,"") -> SI | G52: =IF($A52<>"",MAESTRO!$D52,"") -> Excelentísima | H52: =IF($A52<>"",IF(TRIM(MAESTRO!$G52&" "&MAESTRO!$H52&" "&MAESTRO!$I52)="",MAESTRO!$F52,TRIM(MAESTRO!$G52&" "&MAESTRO!$H52&" "&MAESTRO!$I52)),"") -> Sone Kenko | I52: =IF($A52<>"",MAESTRO!$K52,"") -> Embajadora de Japón en Chile | J52: =IF($A52<>"",52,"") -> 52
A53: =IF(AND(UPPER(MAESTRO!$M53)="VIP",UPPER(MAESTRO!$J53)="SI",MAESTRO!$F53<>""),MAESTRO!$P53,"") | B53: =IF($A53<>"",MAESTRO!$B53,"") | C53: =IF($A53<>"",MAESTRO!$A53,"") | D53: =IF($A53<>"",MAESTRO!$C53,"") | E53: =IF($A53<>"",MAESTRO!$M53,"") | F53: =IF($A53<>"",MAESTRO!$J53,"") | G53: =IF($A53<>"",MAESTRO!$D53,"") | H53: =IF($A53<>"",IF(TRIM(MAESTRO!$G53&" "&MAESTRO!$H53&" "&MAESTRO!$I53)="",MAESTRO!$F53,TRIM(MAESTRO!$G53&" "&MAESTRO!$H53&" "&MAESTRO!$I53)),"") | I53: =IF($A53<>"",MAESTRO!$K53,"") | J53: =IF($A53<>"",53,"")
A54: =IF(AND(UPPER(MAESTRO!$M54)="VIP",UPPER(MAESTRO!$J54)="SI",MAESTRO!$F54<>""),MAESTRO!$P54,"") | B54: =IF($A54<>"",MAESTRO!$B54,"") | C54: =IF($A54<>"",MAESTRO!$A54,"") | D54: =IF($A54<>"",MAESTRO!$C54,"") | E54: =IF($A54<>"",MAESTRO!$M54,"") | F54: =IF($A54<>"",MAESTRO!$J54,"") | G54: =IF($A54<>"",MAESTRO!$D54,"") | H54: =IF($A54<>"",IF(TRIM(MAESTRO!$G54&" "&MAESTRO!$H54&" "&MAESTRO!$I54)="",MAESTRO!$F54,TRIM(MAESTRO!$G54&" "&MAESTRO!$H54&" "&MAESTRO!$I54)),"") | I54: =IF($A54<>"",MAESTRO!$K54,"") | J54: =IF($A54<>"",54,"")
A55: =IF(AND(UPPER(MAESTRO!$M55)="VIP",UPPER(MAESTRO!$J55)="SI",MAESTRO!$F55<>""),MAESTRO!$P55,"") -> A37 | B55: =IF($A55<>"",MAESTRO!$B55,"") -> 54 | C55: =IF($A55<>"",MAESTRO!$A55,"") -> 54 | D55: =IF($A55<>"",MAESTRO!$C55,"") -> OPA | E55: =IF($A55<>"",MAESTRO!$M55,"") -> VIP | F55: =IF($A55<>"",MAESTRO!$J55,"") -> SI | G55: =IF($A55<>"",MAESTRO!$D55,"") -> Excelentísima | H55: =IF($A55<>"",IF(TRIM(MAESTRO!$G55&" "&MAESTRO!$H55&" "&MAESTRO!$I55)="",MAESTRO!$F55,TRIM(MAESTRO!$G55&" "&MAESTRO!$H55&" "&MAESTRO!$I55)),"") -> Peleg Lewi | I55: =IF($A55<>"",MAESTRO!$K55,"") -> Embajadora de Israel en Chile | J55: =IF($A55<>"",55,"") -> 55
A56: =IF(AND(UPPER(MAESTRO!$M56)="VIP",UPPER(MAESTRO!$J56)="SI",MAESTRO!$F56<>""),MAESTRO!$P56,"") | B56: =IF($A56<>"",MAESTRO!$B56,"") | C56: =IF($A56<>"",MAESTRO!$A56,"") | D56: =IF($A56<>"",MAESTRO!$C56,"") | E56: =IF($A56<>"",MAESTRO!$M56,"") | F56: =IF($A56<>"",MAESTRO!$J56,"") | G56: =IF($A56<>"",MAESTRO!$D56,"") | H56: =IF($A56<>"",IF(TRIM(MAESTRO!$G56&" "&MAESTRO!$H56&" "&MAESTRO!$I56)="",MAESTRO!$F56,TRIM(MAESTRO!$G56&" "&MAESTRO!$H56&" "&MAESTRO!$I56)),"") | I56: =IF($A56<>"",MAESTRO!$K56,"") | J56: =IF($A56<>"",56,"")
A57: =IF(AND(UPPER(MAESTRO!$M57)="VIP",UPPER(MAESTRO!$J57)="SI",MAESTRO!$F57<>""),MAESTRO!$P57,"") | B57: =IF($A57<>"",MAESTRO!$B57,"") | C57: =IF($A57<>"",MAESTRO!$A57,"") | D57: =IF($A57<>"",MAESTRO!$C57,"") | E57: =IF($A57<>"",MAESTRO!$M57,"") | F57: =IF($A57<>"",MAESTRO!$J57,"") | G57: =IF($A57<>"",MAESTRO!$D57,"") | H57: =IF($A57<>"",IF(TRIM(MAESTRO!$G57&" "&MAESTRO!$H57&" "&MAESTRO!$I57)="",MAESTRO!$F57,TRIM(MAESTRO!$G57&" "&MAESTRO!$H57&" "&MAESTRO!$I57)),"") | I57: =IF($A57<>"",MAESTRO!$K57,"") | J57: =IF($A57<>"",57,"")
A58: =IF(AND(UPPER(MAESTRO!$M58)="VIP",UPPER(MAESTRO!$J58)="SI",MAESTRO!$F58<>""),MAESTRO!$P58,"") -> A8 | B58: =IF($A58<>"",MAESTRO!$B58,"") -> 57 | C58: =IF($A58<>"",MAESTRO!$A58,"") -> 57 | D58: =IF($A58<>"",MAESTRO!$C58,"") -> OPA | E58: =IF($A58<>"",MAESTRO!$M58,"") -> VIP | F58: =IF($A58<>"",MAESTRO!$J58,"") -> SI | G58: =IF($A58<>"",MAESTRO!$D58,"") -> Almirante | H58: =IF($A58<>"",IF(TRIM(MAESTRO!$G58&" "&MAESTRO!$H58&" "&MAESTRO!$I58)="",MAESTRO!$F58,TRIM(MAESTRO!$G58&" "&MAESTRO!$H58&" "&MAESTRO!$I58)),"") -> Julio Leiva Molina | I58: =IF($A58<>"",MAESTRO!$K58,"") -> Ex - Comandante en Jefe de la Armada | J58: =IF($A58<>"",58,"") -> 58
A59: =IF(AND(UPPER(MAESTRO!$M59)="VIP",UPPER(MAESTRO!$J59)="SI",MAESTRO!$F59<>""),MAESTRO!$P59,"") -> A38 | B59: =IF($A59<>"",MAESTRO!$B59,"") -> 58 | C59: =IF($A59<>"",MAESTRO!$A59,"") -> 58 | D59: =IF($A59<>"",MAESTRO!$C59,"") -> OPA | E59: =IF($A59<>"",MAESTRO!$M59,"") -> VIP | F59: =IF($A59<>"",MAESTRO!$J59,"") -> SI | G59: =IF($A59<>"",MAESTRO!$D59,"") -> General | H59: =IF($A59<>"",IF(TRIM(MAESTRO!$G59&" "&MAESTRO!$H59&" "&MAESTRO!$I59)="",MAESTRO!$F59,TRIM(MAESTRO!$G59&" "&MAESTRO!$H59&" "&MAESTRO!$I59)),"") -> Pedro Varela Sabando | I59: =IF($A59<>"",MAESTRO!$K59,"") -> *Comandante en Jefe del Ejército | J59: =IF($A59<>"",59,"") -> 59
A60: =IF(AND(UPPER(MAESTRO!$M60)="VIP",UPPER(MAESTRO!$J60)="SI",MAESTRO!$F60<>""),MAESTRO!$P60,"") -> A7 | B60: =IF($A60<>"",MAESTRO!$B60,"") -> 59 | C60: =IF($A60<>"",MAESTRO!$A60,"") -> 59 | D60: =IF($A60<>"",MAESTRO!$C60,"") -> OPA | E60: =IF($A60<>"",MAESTRO!$M60,"") -> VIP | F60: =IF($A60<>"",MAESTRO!$J60,"") -> SI | G60: =IF($A60<>"",MAESTRO!$D60,"") -> General | H60: =IF($A60<>"",IF(TRIM(MAESTRO!$G60&" "&MAESTRO!$H60&" "&MAESTRO!$I60)="",MAESTRO!$F60,TRIM(MAESTRO!$G60&" "&MAESTRO!$H60&" "&MAESTRO!$I60)),"") -> Miguel Stange Muñoz | I60: =IF($A60<>"",MAESTRO!$K60,"") -> *Comandante en Jefe de la Fuerza Aérea de Chile (S) | J60: =IF($A60<>"",60,"") -> 60
A61: =IF(AND(UPPER(MAESTRO!$M61)="VIP",UPPER(MAESTRO!$J61)="SI",MAESTRO!$F61<>""),MAESTRO!$P61,"") -> A39 | B61: =IF($A61<>"",MAESTRO!$B61,"") -> 60 | C61: =IF($A61<>"",MAESTRO!$A61,"") -> 60 | D61: =IF($A61<>"",MAESTRO!$C61,"") -> OPA | E61: =IF($A61<>"",MAESTRO!$M61,"") -> VIP | F61: =IF($A61<>"",MAESTRO!$J61,"") -> SI | G61: =IF($A61<>"",MAESTRO!$D61,"") -> General Director | H61: =IF($A61<>"",IF(TRIM(MAESTRO!$G61&" "&MAESTRO!$H61&" "&MAESTRO!$I61)="",MAESTRO!$F61,TRIM(MAESTRO!$G61&" "&MAESTRO!$H61&" "&MAESTRO!$I61)),"") -> Marcelo Araya Zapata | I61: =IF($A61<>"",MAESTRO!$K61,"") -> *General Director de Carabineros de Chile | J61: =IF($A61<>"",61,"") -> 61
A62: =IF(AND(UPPER(MAESTRO!$M62)="VIP",UPPER(MAESTRO!$J62)="SI",MAESTRO!$F62<>""),MAESTRO!$P62,"") | B62: =IF($A62<>"",MAESTRO!$B62,"") | C62: =IF($A62<>"",MAESTRO!$A62,"") | D62: =IF($A62<>"",MAESTRO!$C62,"") | E62: =IF($A62<>"",MAESTRO!$M62,"") | F62: =IF($A62<>"",MAESTRO!$J62,"") | G62: =IF($A62<>"",MAESTRO!$D62,"") | H62: =IF($A62<>"",IF(TRIM(MAESTRO!$G62&" "&MAESTRO!$H62&" "&MAESTRO!$I62)="",MAESTRO!$F62,TRIM(MAESTRO!$G62&" "&MAESTRO!$H62&" "&MAESTRO!$I62)),"") | I62: =IF($A62<>"",MAESTRO!$K62,"") | J62: =IF($A62<>"",62,"")
A63: =IF(AND(UPPER(MAESTRO!$M63)="VIP",UPPER(MAESTRO!$J63)="SI",MAESTRO!$F63<>""),MAESTRO!$P63,"") | B63: =IF($A63<>"",MAESTRO!$B63,"") | C63: =IF($A63<>"",MAESTRO!$A63,"") | D63: =IF($A63<>"",MAESTRO!$C63,"") | E63: =IF($A63<>"",MAESTRO!$M63,"") | F63: =IF($A63<>"",MAESTRO!$J63,"") | G63: =IF($A63<>"",MAESTRO!$D63,"") | H63: =IF($A63<>"",IF(TRIM(MAESTRO!$G63&" "&MAESTRO!$H63&" "&MAESTRO!$I63)="",MAESTRO!$F63,TRIM(MAESTRO!$G63&" "&MAESTRO!$H63&" "&MAESTRO!$I63)),"") | I63: =IF($A63<>"",MAESTRO!$K63,"") | J63: =IF($A63<>"",63,"")
A64: =IF(AND(UPPER(MAESTRO!$M64)="VIP",UPPER(MAESTRO!$J64)="SI",MAESTRO!$F64<>""),MAESTRO!$P64,"") | B64: =IF($A64<>"",MAESTRO!$B64,"") | C64: =IF($A64<>"",MAESTRO!$A64,"") | D64: =IF($A64<>"",MAESTRO!$C64,"") | E64: =IF($A64<>"",MAESTRO!$M64,"") | F64: =IF($A64<>"",MAESTRO!$J64,"") | G64: =IF($A64<>"",MAESTRO!$D64,"") | H64: =IF($A64<>"",IF(TRIM(MAESTRO!$G64&" "&MAESTRO!$H64&" "&MAESTRO!$I64)="",MAESTRO!$F64,TRIM(MAESTRO!$G64&" "&MAESTRO!$H64&" "&MAESTRO!$I64)),"") | I64: =IF($A64<>"",MAESTRO!$K64,"") | J64: =IF($A64<>"",64,"")
A65: =IF(AND(UPPER(MAESTRO!$M65)="VIP",UPPER(MAESTRO!$J65)="SI",MAESTRO!$F65<>""),MAESTRO!$P65,"") | B65: =IF($A65<>"",MAESTRO!$B65,"") | C65: =IF($A65<>"",MAESTRO!$A65,"") | D65: =IF($A65<>"",MAESTRO!$C65,"") | E65: =IF($A65<>"",MAESTRO!$M65,"") | F65: =IF($A65<>"",MAESTRO!$J65,"") | G65: =IF($A65<>"",MAESTRO!$D65,"") | H65: =IF($A65<>"",IF(TRIM(MAESTRO!$G65&" "&MAESTRO!$H65&" "&MAESTRO!$I65)="",MAESTRO!$F65,TRIM(MAESTRO!$G65&" "&MAESTRO!$H65&" "&MAESTRO!$I65)),"") | I65: =IF($A65<>"",MAESTRO!$K65,"") | J65: =IF($A65<>"",65,"")
A66: =IF(AND(UPPER(MAESTRO!$M66)="VIP",UPPER(MAESTRO!$J66)="SI",MAESTRO!$F66<>""),MAESTRO!$P66,"") | B66: =IF($A66<>"",MAESTRO!$B66,"") | C66: =IF($A66<>"",MAESTRO!$A66,"") | D66: =IF($A66<>"",MAESTRO!$C66,"") | E66: =IF($A66<>"",MAESTRO!$M66,"") | F66: =IF($A66<>"",MAESTRO!$J66,"") | G66: =IF($A66<>"",MAESTRO!$D66,"") | H66: =IF($A66<>"",IF(TRIM(MAESTRO!$G66&" "&MAESTRO!$H66&" "&MAESTRO!$I66)="",MAESTRO!$F66,TRIM(MAESTRO!$G66&" "&MAESTRO!$H66&" "&MAESTRO!$I66)),"") | I66: =IF($A66<>"",MAESTRO!$K66,"") | J66: =IF($A66<>"",66,"")
A67: =IF(AND(UPPER(MAESTRO!$M67)="VIP",UPPER(MAESTRO!$J67)="SI",MAESTRO!$F67<>""),MAESTRO!$P67,"") -> A5 | B67: =IF($A67<>"",MAESTRO!$B67,"") -> 66 | C67: =IF($A67<>"",MAESTRO!$A67,"") -> 66 | D67: =IF($A67<>"",MAESTRO!$C67,"") -> OPA | E67: =IF($A67<>"",MAESTRO!$M67,"") -> VIP | F67: =IF($A67<>"",MAESTRO!$J67,"") -> SI | G67: =IF($A67<>"",MAESTRO!$D67,"") -> Señora | H67: =IF($A67<>"",IF(TRIM(MAESTRO!$G67&" "&MAESTRO!$H67&" "&MAESTRO!$I67)="",MAESTRO!$F67,TRIM(MAESTRO!$G67&" "&MAESTRO!$H67&" "&MAESTRO!$I67)),"") -> Marcela Larrañaga Martin | I67: =IF($A67<>"",MAESTRO!$K67,"") -> Madrina | J67: =IF($A67<>"",67,"") -> 67
A68: =IF(AND(UPPER(MAESTRO!$M68)="VIP",UPPER(MAESTRO!$J68)="SI",MAESTRO!$F68<>""),MAESTRO!$P68,"") | B68: =IF($A68<>"",MAESTRO!$B68,"") | C68: =IF($A68<>"",MAESTRO!$A68,"") | D68: =IF($A68<>"",MAESTRO!$C68,"") | E68: =IF($A68<>"",MAESTRO!$M68,"") | F68: =IF($A68<>"",MAESTRO!$J68,"") | G68: =IF($A68<>"",MAESTRO!$D68,"") | H68: =IF($A68<>"",IF(TRIM(MAESTRO!$G68&" "&MAESTRO!$H68&" "&MAESTRO!$I68)="",MAESTRO!$F68,TRIM(MAESTRO!$G68&" "&MAESTRO!$H68&" "&MAESTRO!$I68)),"") | I68: =IF($A68<>"",MAESTRO!$K68,"") | J68: =IF($A68<>"",68,"")
A69: =IF(AND(UPPER(MAESTRO!$M69)="VIP",UPPER(MAESTRO!$J69)="SI",MAESTRO!$F69<>""),MAESTRO!$P69,"") -> A41 | B69: =IF($A69<>"",MAESTRO!$B69,"") -> 68 | C69: =IF($A69<>"",MAESTRO!$A69,"") -> 68 | D69: =IF($A69<>"",MAESTRO!$C69,"") -> OPA | E69: =IF($A69<>"",MAESTRO!$M69,"") -> VIP | F69: =IF($A69<>"",MAESTRO!$J69,"") -> SI | G69: =IF($A69<>"",MAESTRO!$D69,"") -> General | H69: =IF($A69<>"",IF(TRIM(MAESTRO!$G69&" "&MAESTRO!$H69&" "&MAESTRO!$I69)="",MAESTRO!$F69,TRIM(MAESTRO!$G69&" "&MAESTRO!$H69&" "&MAESTRO!$I69)),"") -> Leonardo Romanini Gutiérrez | I69: =IF($A69<>"",MAESTRO!$K69,"") -> Jefe del Estado Mayor Conjunto de las Fuerzas Armadas | J69: =IF($A69<>"",69,"") -> 69
A70: =IF(AND(UPPER(MAESTRO!$M70)="VIP",UPPER(MAESTRO!$J70)="SI",MAESTRO!$F70<>""),MAESTRO!$P70,"") -> A4 | B70: =IF($A70<>"",MAESTRO!$B70,"") -> 69 | C70: =IF($A70<>"",MAESTRO!$A70,"") -> 69 | D70: =IF($A70<>"",MAESTRO!$C70,"") -> OPA | E70: =IF($A70<>"",MAESTRO!$M70,"") -> VIP | F70: =IF($A70<>"",MAESTRO!$J70,"") -> SI | G70: =IF($A70<>"",MAESTRO!$D70,"") -> Gobernador | H70: =IF($A70<>"",IF(TRIM(MAESTRO!$G70&" "&MAESTRO!$H70&" "&MAESTRO!$I70)="",MAESTRO!$F70,TRIM(MAESTRO!$G70&" "&MAESTRO!$H70&" "&MAESTRO!$I70)),"") -> Sergio Giacaman García | I70: =IF($A70<>"",MAESTRO!$K70,"") -> Gobernador Región Bio Bio | J70: =IF($A70<>"",70,"") -> 70
A71: =IF(AND(UPPER(MAESTRO!$M71)="VIP",UPPER(MAESTRO!$J71)="SI",MAESTRO!$F71<>""),MAESTRO!$P71,"") -> A42 | B71: =IF($A71<>"",MAESTRO!$B71,"") -> 70 | C71: =IF($A71<>"",MAESTRO!$A71,"") -> 70 | D71: =IF($A71<>"",MAESTRO!$C71,"") -> OPA | E71: =IF($A71<>"",MAESTRO!$M71,"") -> VIP | F71: =IF($A71<>"",MAESTRO!$J71,"") -> SI | G71: =IF($A71<>"",MAESTRO!$D71,"") -> Gobernador | H71: =IF($A71<>"",IF(TRIM(MAESTRO!$G71&" "&MAESTRO!$H71&" "&MAESTRO!$I71)="",MAESTRO!$F71,TRIM(MAESTRO!$G71&" "&MAESTRO!$H71&" "&MAESTRO!$I71)),"") -> Jorge Flies Añon | I71: =IF($A71<>"",MAESTRO!$K71,"") -> Gobernador Región de Magallanes | J71: =IF($A71<>"",71,"") -> 71
A72: =IF(AND(UPPER(MAESTRO!$M72)="VIP",UPPER(MAESTRO!$J72)="SI",MAESTRO!$F72<>""),MAESTRO!$P72,"") -> A3 | B72: =IF($A72<>"",MAESTRO!$B72,"") -> 71 | C72: =IF($A72<>"",MAESTRO!$A72,"") -> 71 | D72: =IF($A72<>"",MAESTRO!$C72,"") -> OPA | E72: =IF($A72<>"",MAESTRO!$M72,"") -> VIP | F72: =IF($A72<>"",MAESTRO!$J72,"") -> SI | G72: =IF($A72<>"",MAESTRO!$D72,"") -> Delegado Presidencial | H72: =IF($A72<>"",IF(TRIM(MAESTRO!$G72&" "&MAESTRO!$H72&" "&MAESTRO!$I72)="",MAESTRO!$F72,TRIM(MAESTRO!$G72&" "&MAESTRO!$H72&" "&MAESTRO!$I72)),"") -> Julio Anativia Zamora | I72: =IF($A72<>"",MAESTRO!$K72,"") -> Delegado Presidencial Región de Bio Bio | J72: =IF($A72<>"",72,"") -> 72
A73: =IF(AND(UPPER(MAESTRO!$M73)="VIP",UPPER(MAESTRO!$J73)="SI",MAESTRO!$F73<>""),MAESTRO!$P73,"") | B73: =IF($A73<>"",MAESTRO!$B73,"") | C73: =IF($A73<>"",MAESTRO!$A73,"") | D73: =IF($A73<>"",MAESTRO!$C73,"") | E73: =IF($A73<>"",MAESTRO!$M73,"") | F73: =IF($A73<>"",MAESTRO!$J73,"") | G73: =IF($A73<>"",MAESTRO!$D73,"") | H73: =IF($A73<>"",IF(TRIM(MAESTRO!$G73&" "&MAESTRO!$H73&" "&MAESTRO!$I73)="",MAESTRO!$F73,TRIM(MAESTRO!$G73&" "&MAESTRO!$H73&" "&MAESTRO!$I73)),"") | I73: =IF($A73<>"",MAESTRO!$K73,"") | J73: =IF($A73<>"",73,"")
A74: =IF(AND(UPPER(MAESTRO!$M74)="VIP",UPPER(MAESTRO!$J74)="SI",MAESTRO!$F74<>""),MAESTRO!$P74,"") | B74: =IF($A74<>"",MAESTRO!$B74,"") | C74: =IF($A74<>"",MAESTRO!$A74,"") | D74: =IF($A74<>"",MAESTRO!$C74,"") | E74: =IF($A74<>"",MAESTRO!$M74,"") | F74: =IF($A74<>"",MAESTRO!$J74,"") | G74: =IF($A74<>"",MAESTRO!$D74,"") | H74: =IF($A74<>"",IF(TRIM(MAESTRO!$G74&" "&MAESTRO!$H74&" "&MAESTRO!$I74)="",MAESTRO!$F74,TRIM(MAESTRO!$G74&" "&MAESTRO!$H74&" "&MAESTRO!$I74)),"") | I74: =IF($A74<>"",MAESTRO!$K74,"") | J74: =IF($A74<>"",74,"")
A75: =IF(AND(UPPER(MAESTRO!$M75)="VIP",UPPER(MAESTRO!$J75)="SI",MAESTRO!$F75<>""),MAESTRO!$P75,"") | B75: =IF($A75<>"",MAESTRO!$B75,"") | C75: =IF($A75<>"",MAESTRO!$A75,"") | D75: =IF($A75<>"",MAESTRO!$C75,"") | E75: =IF($A75<>"",MAESTRO!$M75,"") | F75: =IF($A75<>"",MAESTRO!$J75,"") | G75: =IF($A75<>"",MAESTRO!$D75,"") | H75: =IF($A75<>"",IF(TRIM(MAESTRO!$G75&" "&MAESTRO!$H75&" "&MAESTRO!$I75)="",MAESTRO!$F75,TRIM(MAESTRO!$G75&" "&MAESTRO!$H75&" "&MAESTRO!$I75)),"") | I75: =IF($A75<>"",MAESTRO!$K75,"") | J75: =IF($A75<>"",75,"")
A76: =IF(AND(UPPER(MAESTRO!$M76)="VIP",UPPER(MAESTRO!$J76)="SI",MAESTRO!$F76<>""),MAESTRO!$P76,"") -> A44 | B76: =IF($A76<>"",MAESTRO!$B76,"") -> 75 | C76: =IF($A76<>"",MAESTRO!$A76,"") -> 75 | D76: =IF($A76<>"",MAESTRO!$C76,"") -> OPA | E76: =IF($A76<>"",MAESTRO!$M76,"") -> VIP | F76: =IF($A76<>"",MAESTRO!$J76,"") -> SI | G76: =IF($A76<>"",MAESTRO!$D76,"") -> Honorable Senador | H76: =IF($A76<>"",IF(TRIM(MAESTRO!$G76&" "&MAESTRO!$H76&" "&MAESTRO!$I76)="",MAESTRO!$F76,TRIM(MAESTRO!$G76&" "&MAESTRO!$H76&" "&MAESTRO!$I76)),"") -> Gastón Saavedra Chandía | I76: =IF($A76<>"",MAESTRO!$K76,"") -> Comisión de Defensa Nacional | J76: =IF($A76<>"",76,"") -> 76
A77: =IF(AND(UPPER(MAESTRO!$M77)="VIP",UPPER(MAESTRO!$J77)="SI",MAESTRO!$F77<>""),MAESTRO!$P77,"") | B77: =IF($A77<>"",MAESTRO!$B77,"") | C77: =IF($A77<>"",MAESTRO!$A77,"") | D77: =IF($A77<>"",MAESTRO!$C77,"") | E77: =IF($A77<>"",MAESTRO!$M77,"") | F77: =IF($A77<>"",MAESTRO!$J77,"") | G77: =IF($A77<>"",MAESTRO!$D77,"") | H77: =IF($A77<>"",IF(TRIM(MAESTRO!$G77&" "&MAESTRO!$H77&" "&MAESTRO!$I77)="",MAESTRO!$F77,TRIM(MAESTRO!$G77&" "&MAESTRO!$H77&" "&MAESTRO!$I77)),"") | I77: =IF($A77<>"",MAESTRO!$K77,"") | J77: =IF($A77<>"",77,"")
A78: =IF(AND(UPPER(MAESTRO!$M78)="VIP",UPPER(MAESTRO!$J78)="SI",MAESTRO!$F78<>""),MAESTRO!$P78,"") | B78: =IF($A78<>"",MAESTRO!$B78,"") | C78: =IF($A78<>"",MAESTRO!$A78,"") | D78: =IF($A78<>"",MAESTRO!$C78,"") | E78: =IF($A78<>"",MAESTRO!$M78,"") | F78: =IF($A78<>"",MAESTRO!$J78,"") | G78: =IF($A78<>"",MAESTRO!$D78,"") | H78: =IF($A78<>"",IF(TRIM(MAESTRO!$G78&" "&MAESTRO!$H78&" "&MAESTRO!$I78)="",MAESTRO!$F78,TRIM(MAESTRO!$G78&" "&MAESTRO!$H78&" "&MAESTRO!$I78)),"") | I78: =IF($A78<>"",MAESTRO!$K78,"") | J78: =IF($A78<>"",78,"")
A79: =IF(AND(UPPER(MAESTRO!$M79)="VIP",UPPER(MAESTRO!$J79)="SI",MAESTRO!$F79<>""),MAESTRO!$P79,"") | B79: =IF($A79<>"",MAESTRO!$B79,"") | C79: =IF($A79<>"",MAESTRO!$A79,"") | D79: =IF($A79<>"",MAESTRO!$C79,"") | E79: =IF($A79<>"",MAESTRO!$M79,"") | F79: =IF($A79<>"",MAESTRO!$J79,"") | G79: =IF($A79<>"",MAESTRO!$D79,"") | H79: =IF($A79<>"",IF(TRIM(MAESTRO!$G79&" "&MAESTRO!$H79&" "&MAESTRO!$I79)="",MAESTRO!$F79,TRIM(MAESTRO!$G79&" "&MAESTRO!$H79&" "&MAESTRO!$I79)),"") | I79: =IF($A79<>"",MAESTRO!$K79,"") | J79: =IF($A79<>"",79,"")
A80: =IF(AND(UPPER(MAESTRO!$M80)="VIP",UPPER(MAESTRO!$J80)="SI",MAESTRO!$F80<>""),MAESTRO!$P80,"") | B80: =IF($A80<>"",MAESTRO!$B80,"") | C80: =IF($A80<>"",MAESTRO!$A80,"") | D80: =IF($A80<>"",MAESTRO!$C80,"") | E80: =IF($A80<>"",MAESTRO!$M80,"") | F80: =IF($A80<>"",MAESTRO!$J80,"") | G80: =IF($A80<>"",MAESTRO!$D80,"") | H80: =IF($A80<>"",IF(TRIM(MAESTRO!$G80&" "&MAESTRO!$H80&" "&MAESTRO!$I80)="",MAESTRO!$F80,TRIM(MAESTRO!$G80&" "&MAESTRO!$H80&" "&MAESTRO!$I80)),"") | I80: =IF($A80<>"",MAESTRO!$K80,"") | J80: =IF($A80<>"",80,"")
A81: =IF(AND(UPPER(MAESTRO!$M81)="VIP",UPPER(MAESTRO!$J81)="SI",MAESTRO!$F81<>""),MAESTRO!$P81,"") | B81: =IF($A81<>"",MAESTRO!$B81,"") | C81: =IF($A81<>"",MAESTRO!$A81,"") | D81: =IF($A81<>"",MAESTRO!$C81,"") | E81: =IF($A81<>"",MAESTRO!$M81,"") | F81: =IF($A81<>"",MAESTRO!$J81,"") | G81: =IF($A81<>"",MAESTRO!$D81,"") | H81: =IF($A81<>"",IF(TRIM(MAESTRO!$G81&" "&MAESTRO!$H81&" "&MAESTRO!$I81)="",MAESTRO!$F81,TRIM(MAESTRO!$G81&" "&MAESTRO!$H81&" "&MAESTRO!$I81)),"") | I81: =IF($A81<>"",MAESTRO!$K81,"") | J81: =IF($A81<>"",81,"")
A82: =IF(AND(UPPER(MAESTRO!$M82)="VIP",UPPER(MAESTRO!$J82)="SI",MAESTRO!$F82<>""),MAESTRO!$P82,"") | B82: =IF($A82<>"",MAESTRO!$B82,"") | C82: =IF($A82<>"",MAESTRO!$A82,"") | D82: =IF($A82<>"",MAESTRO!$C82,"") | E82: =IF($A82<>"",MAESTRO!$M82,"") | F82: =IF($A82<>"",MAESTRO!$J82,"") | G82: =IF($A82<>"",MAESTRO!$D82,"") | H82: =IF($A82<>"",IF(TRIM(MAESTRO!$G82&" "&MAESTRO!$H82&" "&MAESTRO!$I82)="",MAESTRO!$F82,TRIM(MAESTRO!$G82&" "&MAESTRO!$H82&" "&MAESTRO!$I82)),"") | I82: =IF($A82<>"",MAESTRO!$K82,"") | J82: =IF($A82<>"",82,"")
A83: =IF(AND(UPPER(MAESTRO!$M83)="VIP",UPPER(MAESTRO!$J83)="SI",MAESTRO!$F83<>""),MAESTRO!$P83,"") | B83: =IF($A83<>"",MAESTRO!$B83,"") | C83: =IF($A83<>"",MAESTRO!$A83,"") | D83: =IF($A83<>"",MAESTRO!$C83,"") | E83: =IF($A83<>"",MAESTRO!$M83,"") | F83: =IF($A83<>"",MAESTRO!$J83,"") | G83: =IF($A83<>"",MAESTRO!$D83,"") | H83: =IF($A83<>"",IF(TRIM(MAESTRO!$G83&" "&MAESTRO!$H83&" "&MAESTRO!$I83)="",MAESTRO!$F83,TRIM(MAESTRO!$G83&" "&MAESTRO!$H83&" "&MAESTRO!$I83)),"") | I83: =IF($A83<>"",MAESTRO!$K83,"") | J83: =IF($A83<>"",83,"")
A84: =IF(AND(UPPER(MAESTRO!$M84)="VIP",UPPER(MAESTRO!$J84)="SI",MAESTRO!$F84<>""),MAESTRO!$P84,"") -> A45 | B84: =IF($A84<>"",MAESTRO!$B84,"") -> 83 | C84: =IF($A84<>"",MAESTRO!$A84,"") -> 83 | D84: =IF($A84<>"",MAESTRO!$C84,"") -> OPA | E84: =IF($A84<>"",MAESTRO!$M84,"") -> VIP | F84: =IF($A84<>"",MAESTRO!$J84,"") -> SI | G84: =IF($A84<>"",MAESTRO!$D84,"") -> Honorable Senador | H84: =IF($A84<>"",IF(TRIM(MAESTRO!$G84&" "&MAESTRO!$H84&" "&MAESTRO!$I84)="",MAESTRO!$F84,TRIM(MAESTRO!$G84&" "&MAESTRO!$H84&" "&MAESTRO!$I84)),"") -> Enrique Van Rysselberghe Herrera | I84: =IF($A84<>"",MAESTRO!$K84,"") -> Circunscripción 10 Región Biobío | J84: =IF($A84<>"",84,"") -> 84
A85: =IF(AND(UPPER(MAESTRO!$M85)="VIP",UPPER(MAESTRO!$J85)="SI",MAESTRO!$F85<>""),MAESTRO!$P85,"") -> B23 | B85: =IF($A85<>"",MAESTRO!$B85,"") -> 84 | C85: =IF($A85<>"",MAESTRO!$A85,"") -> 84 | D85: =IF($A85<>"",MAESTRO!$C85,"") -> OPA | E85: =IF($A85<>"",MAESTRO!$M85,"") -> VIP | F85: =IF($A85<>"",MAESTRO!$J85,"") -> SI | G85: =IF($A85<>"",MAESTRO!$D85,"") -> Honorable Senador | H85: =IF($A85<>"",IF(TRIM(MAESTRO!$G85&" "&MAESTRO!$H85&" "&MAESTRO!$I85)="",MAESTRO!$F85,TRIM(MAESTRO!$G85&" "&MAESTRO!$H85&" "&MAESTRO!$I85)),"") -> Alfonso De Urresti Longton | I85: =IF($A85<>"",MAESTRO!$K85,"") -> Senador de la República | J85: =IF($A85<>"",85,"") -> 85
A86: =IF(AND(UPPER(MAESTRO!$M86)="VIP",UPPER(MAESTRO!$J86)="SI",MAESTRO!$F86<>""),MAESTRO!$P86,"") | B86: =IF($A86<>"",MAESTRO!$B86,"") | C86: =IF($A86<>"",MAESTRO!$A86,"") | D86: =IF($A86<>"",MAESTRO!$C86,"") | E86: =IF($A86<>"",MAESTRO!$M86,"") | F86: =IF($A86<>"",MAESTRO!$J86,"") | G86: =IF($A86<>"",MAESTRO!$D86,"") | H86: =IF($A86<>"",IF(TRIM(MAESTRO!$G86&" "&MAESTRO!$H86&" "&MAESTRO!$I86)="",MAESTRO!$F86,TRIM(MAESTRO!$G86&" "&MAESTRO!$H86&" "&MAESTRO!$I86)),"") | I86: =IF($A86<>"",MAESTRO!$K86,"") | J86: =IF($A86<>"",86,"")
A87: =IF(AND(UPPER(MAESTRO!$M87)="VIP",UPPER(MAESTRO!$J87)="SI",MAESTRO!$F87<>""),MAESTRO!$P87,"") -> B24 | B87: =IF($A87<>"",MAESTRO!$B87,"") -> 86 | C87: =IF($A87<>"",MAESTRO!$A87,"") -> 86 | D87: =IF($A87<>"",MAESTRO!$C87,"") -> OPA | E87: =IF($A87<>"",MAESTRO!$M87,"") -> VIP | F87: =IF($A87<>"",MAESTRO!$J87,"") -> SI | G87: =IF($A87<>"",MAESTRO!$D87,"") -> Honorable Senador | H87: =IF($A87<>"",IF(TRIM(MAESTRO!$G87&" "&MAESTRO!$H87&" "&MAESTRO!$I87)="",MAESTRO!$F87,TRIM(MAESTRO!$G87&" "&MAESTRO!$H87&" "&MAESTRO!$I87)),"") -> Loreto Carvajal Ambiado | I87: =IF($A87<>"",MAESTRO!$K87,"") -> Circunsripción Zona Ñuble | J87: =IF($A87<>"",87,"") -> 87
A88: =IF(AND(UPPER(MAESTRO!$M88)="VIP",UPPER(MAESTRO!$J88)="SI",MAESTRO!$F88<>""),MAESTRO!$P88,"") -> B21 | B88: =IF($A88<>"",MAESTRO!$B88,"") -> 87 | C88: =IF($A88<>"",MAESTRO!$A88,"") -> 87 | D88: =IF($A88<>"",MAESTRO!$C88,"") -> OPA | E88: =IF($A88<>"",MAESTRO!$M88,"") -> VIP | F88: =IF($A88<>"",MAESTRO!$J88,"") -> SI | G88: =IF($A88<>"",MAESTRO!$D88,"") -> Honorable Diputado | H88: =IF($A88<>"",IF(TRIM(MAESTRO!$G88&" "&MAESTRO!$H88&" "&MAESTRO!$I88)="",MAESTRO!$F88,TRIM(MAESTRO!$G88&" "&MAESTRO!$H88&" "&MAESTRO!$I88)),"") -> Álvaro Carter Fernández | I88: =IF($A88<>"",MAESTRO!$K88,"") -> Presidente de la Comisión de Defensa Nacional | J88: =IF($A88<>"",88,"") -> 88
A89: =IF(AND(UPPER(MAESTRO!$M89)="VIP",UPPER(MAESTRO!$J89)="SI",MAESTRO!$F89<>""),MAESTRO!$P89,"") | B89: =IF($A89<>"",MAESTRO!$B89,"") | C89: =IF($A89<>"",MAESTRO!$A89,"") | D89: =IF($A89<>"",MAESTRO!$C89,"") | E89: =IF($A89<>"",MAESTRO!$M89,"") | F89: =IF($A89<>"",MAESTRO!$J89,"") | G89: =IF($A89<>"",MAESTRO!$D89,"") | H89: =IF($A89<>"",IF(TRIM(MAESTRO!$G89&" "&MAESTRO!$H89&" "&MAESTRO!$I89)="",MAESTRO!$F89,TRIM(MAESTRO!$G89&" "&MAESTRO!$H89&" "&MAESTRO!$I89)),"") | I89: =IF($A89<>"",MAESTRO!$K89,"") | J89: =IF($A89<>"",89,"")
A90: =IF(AND(UPPER(MAESTRO!$M90)="VIP",UPPER(MAESTRO!$J90)="SI",MAESTRO!$F90<>""),MAESTRO!$P90,"") | B90: =IF($A90<>"",MAESTRO!$B90,"") | C90: =IF($A90<>"",MAESTRO!$A90,"") | D90: =IF($A90<>"",MAESTRO!$C90,"") | E90: =IF($A90<>"",MAESTRO!$M90,"") | F90: =IF($A90<>"",MAESTRO!$J90,"") | G90: =IF($A90<>"",MAESTRO!$D90,"") | H90: =IF($A90<>"",IF(TRIM(MAESTRO!$G90&" "&MAESTRO!$H90&" "&MAESTRO!$I90)="",MAESTRO!$F90,TRIM(MAESTRO!$G90&" "&MAESTRO!$H90&" "&MAESTRO!$I90)),"") | I90: =IF($A90<>"",MAESTRO!$K90,"") | J90: =IF($A90<>"",90,"")
A91: =IF(AND(UPPER(MAESTRO!$M91)="VIP",UPPER(MAESTRO!$J91)="SI",MAESTRO!$F91<>""),MAESTRO!$P91,"") | B91: =IF($A91<>"",MAESTRO!$B91,"") | C91: =IF($A91<>"",MAESTRO!$A91,"") | D91: =IF($A91<>"",MAESTRO!$C91,"") | E91: =IF($A91<>"",MAESTRO!$M91,"") | F91: =IF($A91<>"",MAESTRO!$J91,"") | G91: =IF($A91<>"",MAESTRO!$D91,"") | H91: =IF($A91<>"",IF(TRIM(MAESTRO!$G91&" "&MAESTRO!$H91&" "&MAESTRO!$I91)="",MAESTRO!$F91,TRIM(MAESTRO!$G91&" "&MAESTRO!$H91&" "&MAESTRO!$I91)),"") | I91: =IF($A91<>"",MAESTRO!$K91,"") | J91: =IF($A91<>"",91,"")
A92: =IF(AND(UPPER(MAESTRO!$M92)="VIP",UPPER(MAESTRO!$J92)="SI",MAESTRO!$F92<>""),MAESTRO!$P92,"") | B92: =IF($A92<>"",MAESTRO!$B92,"") | C92: =IF($A92<>"",MAESTRO!$A92,"") | D92: =IF($A92<>"",MAESTRO!$C92,"") | E92: =IF($A92<>"",MAESTRO!$M92,"") | F92: =IF($A92<>"",MAESTRO!$J92,"") | G92: =IF($A92<>"",MAESTRO!$D92,"") | H92: =IF($A92<>"",IF(TRIM(MAESTRO!$G92&" "&MAESTRO!$H92&" "&MAESTRO!$I92)="",MAESTRO!$F92,TRIM(MAESTRO!$G92&" "&MAESTRO!$H92&" "&MAESTRO!$I92)),"") | I92: =IF($A92<>"",MAESTRO!$K92,"") | J92: =IF($A92<>"",92,"")
A93: =IF(AND(UPPER(MAESTRO!$M93)="VIP",UPPER(MAESTRO!$J93)="SI",MAESTRO!$F93<>""),MAESTRO!$P93,"") | B93: =IF($A93<>"",MAESTRO!$B93,"") | C93: =IF($A93<>"",MAESTRO!$A93,"") | D93: =IF($A93<>"",MAESTRO!$C93,"") | E93: =IF($A93<>"",MAESTRO!$M93,"") | F93: =IF($A93<>"",MAESTRO!$J93,"") | G93: =IF($A93<>"",MAESTRO!$D93,"") | H93: =IF($A93<>"",IF(TRIM(MAESTRO!$G93&" "&MAESTRO!$H93&" "&MAESTRO!$I93)="",MAESTRO!$F93,TRIM(MAESTRO!$G93&" "&MAESTRO!$H93&" "&MAESTRO!$I93)),"") | I93: =IF($A93<>"",MAESTRO!$K93,"") | J93: =IF($A93<>"",93,"")
A94: =IF(AND(UPPER(MAESTRO!$M94)="VIP",UPPER(MAESTRO!$J94)="SI",MAESTRO!$F94<>""),MAESTRO!$P94,"") | B94: =IF($A94<>"",MAESTRO!$B94,"") | C94: =IF($A94<>"",MAESTRO!$A94,"") | D94: =IF($A94<>"",MAESTRO!$C94,"") | E94: =IF($A94<>"",MAESTRO!$M94,"") | F94: =IF($A94<>"",MAESTRO!$J94,"") | G94: =IF($A94<>"",MAESTRO!$D94,"") | H94: =IF($A94<>"",IF(TRIM(MAESTRO!$G94&" "&MAESTRO!$H94&" "&MAESTRO!$I94)="",MAESTRO!$F94,TRIM(MAESTRO!$G94&" "&MAESTRO!$H94&" "&MAESTRO!$I94)),"") | I94: =IF($A94<>"",MAESTRO!$K94,"") | J94: =IF($A94<>"",94,"")
A95: =IF(AND(UPPER(MAESTRO!$M95)="VIP",UPPER(MAESTRO!$J95)="SI",MAESTRO!$F95<>""),MAESTRO!$P95,"") | B95: =IF($A95<>"",MAESTRO!$B95,"") | C95: =IF($A95<>"",MAESTRO!$A95,"") | D95: =IF($A95<>"",MAESTRO!$C95,"") | E95: =IF($A95<>"",MAESTRO!$M95,"") | F95: =IF($A95<>"",MAESTRO!$J95,"") | G95: =IF($A95<>"",MAESTRO!$D95,"") | H95: =IF($A95<>"",IF(TRIM(MAESTRO!$G95&" "&MAESTRO!$H95&" "&MAESTRO!$I95)="",MAESTRO!$F95,TRIM(MAESTRO!$G95&" "&MAESTRO!$H95&" "&MAESTRO!$I95)),"") | I95: =IF($A95<>"",MAESTRO!$K95,"") | J95: =IF($A95<>"",95,"")
A96: =IF(AND(UPPER(MAESTRO!$M96)="VIP",UPPER(MAESTRO!$J96)="SI",MAESTRO!$F96<>""),MAESTRO!$P96,"") | B96: =IF($A96<>"",MAESTRO!$B96,"") | C96: =IF($A96<>"",MAESTRO!$A96,"") | D96: =IF($A96<>"",MAESTRO!$C96,"") | E96: =IF($A96<>"",MAESTRO!$M96,"") | F96: =IF($A96<>"",MAESTRO!$J96,"") | G96: =IF($A96<>"",MAESTRO!$D96,"") | H96: =IF($A96<>"",IF(TRIM(MAESTRO!$G96&" "&MAESTRO!$H96&" "&MAESTRO!$I96)="",MAESTRO!$F96,TRIM(MAESTRO!$G96&" "&MAESTRO!$H96&" "&MAESTRO!$I96)),"") | I96: =IF($A96<>"",MAESTRO!$K96,"") | J96: =IF($A96<>"",96,"")
A97: =IF(AND(UPPER(MAESTRO!$M97)="VIP",UPPER(MAESTRO!$J97)="SI",MAESTRO!$F97<>""),MAESTRO!$P97,"") | B97: =IF($A97<>"",MAESTRO!$B97,"") | C97: =IF($A97<>"",MAESTRO!$A97,"") | D97: =IF($A97<>"",MAESTRO!$C97,"") | E97: =IF($A97<>"",MAESTRO!$M97,"") | F97: =IF($A97<>"",MAESTRO!$J97,"") | G97: =IF($A97<>"",MAESTRO!$D97,"") | H97: =IF($A97<>"",IF(TRIM(MAESTRO!$G97&" "&MAESTRO!$H97&" "&MAESTRO!$I97)="",MAESTRO!$F97,TRIM(MAESTRO!$G97&" "&MAESTRO!$H97&" "&MAESTRO!$I97)),"") | I97: =IF($A97<>"",MAESTRO!$K97,"") | J97: =IF($A97<>"",97,"")
A98: =IF(AND(UPPER(MAESTRO!$M98)="VIP",UPPER(MAESTRO!$J98)="SI",MAESTRO!$F98<>""),MAESTRO!$P98,"") -> B28 | B98: =IF($A98<>"",MAESTRO!$B98,"") -> 97 | C98: =IF($A98<>"",MAESTRO!$A98,"") -> 97 | D98: =IF($A98<>"",MAESTRO!$C98,"") -> OPA | E98: =IF($A98<>"",MAESTRO!$M98,"") -> VIP | F98: =IF($A98<>"",MAESTRO!$J98,"") -> SI | G98: =IF($A98<>"",MAESTRO!$D98,"") -> Honorable Diputado | H98: =IF($A98<>"",IF(TRIM(MAESTRO!$G98&" "&MAESTRO!$H98&" "&MAESTRO!$I98)="",MAESTRO!$F98,TRIM(MAESTRO!$G98&" "&MAESTRO!$H98&" "&MAESTRO!$I98)),"") -> Luis Sánchez Ossa | I98: =IF($A98<>"",MAESTRO!$K98,"") -> Integrante de la Comisión de Defensa Nacional | J98: =IF($A98<>"",98,"") -> 98
A99: =IF(AND(UPPER(MAESTRO!$M99)="VIP",UPPER(MAESTRO!$J99)="SI",MAESTRO!$F99<>""),MAESTRO!$P99,"") -> B17 | B99: =IF($A99<>"",MAESTRO!$B99,"") -> 98 | C99: =IF($A99<>"",MAESTRO!$A99,"") -> 98 | D99: =IF($A99<>"",MAESTRO!$C99,"") -> OPA | E99: =IF($A99<>"",MAESTRO!$M99,"") -> VIP | F99: =IF($A99<>"",MAESTRO!$J99,"") -> SI | G99: =IF($A99<>"",MAESTRO!$D99,"") -> Honorable Diputado | H99: =IF($A99<>"",IF(TRIM(MAESTRO!$G99&" "&MAESTRO!$H99&" "&MAESTRO!$I99)="",MAESTRO!$F99,TRIM(MAESTRO!$G99&" "&MAESTRO!$H99&" "&MAESTRO!$I99)),"") -> Daniel Valenzuela Salazar | I99: =IF($A99<>"",MAESTRO!$K99,"") -> Integrante de la Comisión de Defensa Nacional | J99: =IF($A99<>"",99,"") -> 99
A100: =IF(AND(UPPER(MAESTRO!$M100)="VIP",UPPER(MAESTRO!$J100)="SI",MAESTRO!$F100<>""),MAESTRO!$P100,"") | B100: =IF($A100<>"",MAESTRO!$B100,"") | C100: =IF($A100<>"",MAESTRO!$A100,"") | D100: =IF($A100<>"",MAESTRO!$C100,"") | E100: =IF($A100<>"",MAESTRO!$M100,"") | F100: =IF($A100<>"",MAESTRO!$J100,"") | G100: =IF($A100<>"",MAESTRO!$D100,"") | H100: =IF($A100<>"",IF(TRIM(MAESTRO!$G100&" "&MAESTRO!$H100&" "&MAESTRO!$I100)="",MAESTRO!$F100,TRIM(MAESTRO!$G100&" "&MAESTRO!$H100&" "&MAESTRO!$I100)),"") | I100: =IF($A100<>"",MAESTRO!$K100,"") | J100: =IF($A100<>"",100,"")
...

Sheet SIN ASIGNAR
A1: VIP CONFIRMADOS SI - PENDIENTE POR ASIGNAR
A2: Se actualiza automáticamente desde LISTADO VIP.
A3: ASIENTO | B3: PRECEDENCIA | C3: N° | D3: FUENTE | E3: TRIBUNA | F3: AST. | G3: TRATAMIENTO | H3: NOMBRE COMPLETO | I3: CARGO

Sheet PRUEBA AUTOMATIZACION
A1: PRUEBA DE AUTOMATIZACIÓN
A2: Qué hace | B2: DISTRIBUCION VIP lee LISTADO VIP, y LISTADO VIP lee MAESTRO / ASIENTO
A3: Cambio esperado | B3: Si cambia MAESTRO!P2 de A23 a B23, el nombre sale de A23 y aparece en B23 al recalcular.
A4: A23 | B4: =IFERROR(INDEX('LISTADO VIP'!$H$2:$H$1400,MATCH("A23",'LISTADO VIP'!$A$2:$A$1400,0)),"Sin ocupante") -> José Antonio Kast Rist
A5: B23 | B5: =IFERROR(INDEX('LISTADO VIP'!$H$2:$H$1400,MATCH("B23",'LISTADO VIP'!$A$2:$A$1400,0)),"Sin ocupante") -> Alfonso De Urresti Longton
A6: Filtro aplicado | B6: Solo TRIBUNA BASE = VIP y AST. = SI
A7: Hoja editable | B7: MAESTRO, columna P / ASIENTO
A8: Estado | B8: AUTOMATIZADO

Sheet LISTAS
A1: LISTAS Y PARÁMETROS
A3: ASISTENCIA | C3: TRIBUNAS | E3: FUENTES | G3: FUENTES OPA | I3: CAPACIDAD VIP
A4: SI | C4: VIP | E4: ACADÉMICOS | G4: OPA | I4: 149 asientos
A5: NO | C5: LATERAL VIP | E5: ASMAR | G5: OPA/ASMAR | I5: Centro A21
A6: PENDIENTE | C6: LATERAL | E6: ASMAR DIRECCIÓN | G6: OPA/CIVILES | I6: Solo tribuna VIP
E7: ASMARMAG | G7: OPA/DGSA
E8: ASMARTALC | G8: OPA/MILITAR
E9: ASMARVALP
E10: CIVILES
E11: INVITADOS ASMAR
E12: INVITADOS DGSA
E13: MADRINA
E14: MANDOS SEZONA
E15: MILITARES
E16: OPA
E17: OPA/ASMAR
E18: OPA/CIVILES
E19: OPA/DGSA
E20: OPA/MILITAR
... E22: PROVEEDORES

Sheet PARAMETROS VIP
A1: ASIENTO | B1: TIPO | C1: NOTA
A2: A23 | B2: DISPONIBLE | C2: Asiento válido VIP
A3: A22 | B3: DISPONIBLE | C3: Asiento válido VIP
A4: A24 | B4: DISPONIBLE | C4: Asiento válido VIP
A5: A21 | B5: DISPONIBLE | C5: Asiento válido VIP
A6: A25 | B6: DISPONIBLE | C6: Asiento válido VIP
A7: A20 | B7: DISPONIBLE | C7: Asiento válido VIP
A8: A26 | B8: DISPONIBLE | C8: Asiento válido VIP
A9: A19 | B9: DISPONIBLE | C9: Asiento válido VIP
A10: A27 | B10: DISPONIBLE | C10: Asiento válido VIP
A11: A18 | B11: DISPONIBLE | C11: Asiento válido VIP
A12: A28 | B12: DISPONIBLE | C12: Asiento válido VIP
... A161: CENTRO | B161: 23 | C161: Centro protocolar filas A, B y C
